Workbook
Name \: [1]КОМандировка!#REF!
Name \0: #REF!
Name \a: #REF!
Name \B: #REF!
Name \C: #REF!
Name \E: #REF!
Name \I: #REF!
Name \m: #REF!
Name \n: #REF!
Name \o: #REF!
Name \P: #REF!
Name \R: #REF!
Name \Y: #REF!
Name \Z: #REF!
Name ______A16491: #REF!
Name ______A66000: #REF!
Name ______B16491: #REF!
Name ______CST11: #REF!
Name ______CST12: #REF!
Name ______CST13: #REF!
Name ______CST14: #REF!
Name ______CST15: #REF!
Name ______CST21: #REF!
Name ______CST22: #REF!
Name ______CST23: #REF!
Name ______CST24: #REF!
Name ______CST25: #REF!
Name ______dat110: #REF!
Name ______dat120: #REF!
Name ______dat210: #REF!
Name ______dat220: #REF!
Name ______dat310: #REF!
Name ______dat320: #REF!
Name ______dat410: #REF!
Name ______dat420: #REF!
Name ______FXA1: #REF!
Name ______FXA11: #REF!
Name ______FXA2: #REF!
Name ______FXA21: #REF!
Name ______IRR1: #REF!
Name ______KRD1: #REF!
Name ______KRD2: #REF!
Name ______LIS1: #REF!
Name ______NPV1: #REF!
Name ______PR11: #REF!
Name ______PR12: #REF!
Name ______PR13: #REF!
Name ______PR14: #REF!
Name ______PR21: #REF!
Name ______PR22: #REF!
Name ______PR23: #REF!
Name ______PR24: #REF!
Name ______qq1: #REF!
Name ______SAL1: #REF!
Name ______SAL2: #REF!
Name ______SAL3: #REF!
Name ______SAL4: #REF!
Name ______tab1: #REF!
Name ______tab10: #REF!
Name ______tab11: #REF!

Sheet Инструкция
B1: ОСНОВНЫЕ ПРАВИЛА
B2: НЕЛЬЗЯ менять структуру файла (не добавлять/удалять ни столбцы ни строки ни ячейки, не трогать формулы) | C2: Если найдете ошибку в формуле, пжл сообщите об этом письменно
B3: Можно добавить строки только в листы: * ПНР "Другие производственные расходы (расшифровать)" ниже строки 18 * ДОАР "Прочие потери и другие расходы (расшифровать)" строки 71 * РР_Другие "Другие" ниже строки 12 * Расшифровка по доходам * Сервисные контракты * Расчет по амортизации (для АО) со строки 19
B4: Никто ни за какой дивизион ничего планировать НЕ БУДЕТ. Поэтому если у вас есть факт, но вы не запланировали план, то это ваша ошибка
B5: По всем Централизованным расходам, доводимым до вас для включения в свои бюджеты - ОБЯЗАТЕЛЬНО: 1) требуете расчеты и расшифровки от владельца 2) проверяете сами расчеты
B6: Обратите внимание - по столбцу ''C'' можно фильтровать строки по "з" - это будут строки в которые необходимо вносить данные в строки с буквой "ф" НЕЛЬЗЯ ничего вносить и менять формулы
A7: Шаг | B7: Что необходимо сделать: | C7: Комментарий
A8: 1 | B8: Внести данные по факту - 2026 год помесячно, 2025 год за год. Факт вносим и по всем расшифровкам ПНР (прочие накладные расходы), ДОАР (другие общие административные расходы), Другие (в расходах по реализации), Прочие финансовые доходы и расходы и Прочие доходы и расходы от неосновной деятельности. Внесенные данные должны соответствовать финансовой отчетности.
A9: 2 | B9: Оценку оставшихся месяцев 2026 года, делаем помесячно
A10: 3 | B10: Формируем план - 2027 год помесячно, 2028-2031 по годам
A11: 4 | B11: ОБЯЗАТЕЛЬНО заполняем листы ПНР, ДОАР, РР_Другие, Неосн.д_Прочие доходы и Неосн.д_Прочие расходы. Неосновную деятельность планировать ОБЯЗАТЕЛЬНО, если у вас был по ней факт в течение 2025-2026 гг. Никаких других/прочих больше чем на 1% от суммы всей статьи, не должно быть | C11: Всю техподдержку оборудования и ПО закидываем в статью "Сервисные контракты", иначе все директивно будет удалено из ПНР и ДОАР
A12: 5 | B12: ОБЯЗАТЕЛЬНО заполняем лист "Расшифровка по доходам". * Суть - показать основные драйверы примененные к расчету плановой суммы. * Факт заполнять тоже обязательно. * Статью 1.29. Прочие услуги - обязательно разложить на драйверы * Просто так умножить на 10% - нельзя делать. Указываете в строке например "Прирост цены" ставите 10% и умножаете на эту строку * ИТОГО разложенная в разрезе статей и по драверам сумма, должна сходится с суммой доходов по статьям и месяцам в ОБ.
A13: 6 | B13: ОБЯЗАТЕЛЬНО заполняем лист "Сервисные контракты" если они у вас есть. В случае наличия расходов на статье, но без расшифровки в листе "Сервисные контракты", они потенциально подлежат директивному сокращению
A14: 7 | B14: Филиалам АО обязательно заполнять лист "Расчет по амортизации (для АО)"
A15: 8 | B15: Все расходы и доходы должны отражаться согласно своей сути, а не про принципу "там где расходы реально должны быть - нельзя показывать такой рост, поэтому закинем в ПНР или ДОАР"
A16: 9 | B16: Вы не можете планировать расходы по статье, если у вас нет факта по ним. Либо даете отдельным листом в данном файле обоснование появления данной статьи у вас, иначе она может быть сокращена
A17: 10 | B17: Обязательно смотрим линию тренда по месяцам с 2026 по 2027; и по годам с 2025 по 2031. Все скачки/перепады должны быть объяснены. | C17: Если есть скачки или падения, нелогичный рост или падение - обязательно вносите комментарии в столцы AI и AJ на листе "Форма ОБ"
A18: 11 | B18: Обязательно сверяем весь факт (как по статье, так и по расшифровкам) с финансовой отчетностью
A19: 12 | B19: МОБИЛЬНЫМ ОПЕРАТОРАМ обязательно заполняем лист "Объемные показатели Моб.опер"
A20: 13
A21: 14
A22: 15

Sheet Форма ОБ 10092026
A1: тыс. тенге | B1: Сервисная фабрика | AE1: Одобренные ЦА 10092026
A9: № п/п | B9: Наименование показателей | C9: "з" - значения "ф" - формула | D9: 2026 | E9: =$D$9 -> 2026 | F9: =$D$9 -> 2026 | G9: =$D$9 -> 2026 | H9: =$D$9 -> 2026 | I9: =$D$9 -> 2026 | J9: =$D$9 -> 2026 | K9: =$D$9 -> 2026 | L9: =$D$9 -> 2026 | ... O9: =$D$9 -> 2026 | P9: 2027 | Q9: =$P$9 -> 2027 | R9: =$P$9 -> 2027 | S9: =$P$9 -> 2027 | T9: =$P$9 -> 2027 | U9: =$P$9 -> 2027 | V9: =$P$9 -> 2027 | W9: =$P$9 -> 2027 | X9: =$P$9 -> 2027 | ... AA9: =$P$9 -> 2027 | AB9: =AC9-1 -> 2025 | AC9: =$D$9 -> 2026 | AD9: =$P$9 -> 2027 | AE9: =$P$9 -> 2027 | AF9: 2027 план к 2026 г оцнека | AG9: 2027 план к 2026 г оцнека | AH9: =AD9+1 -> 2028 | AI9: =AH9+1 -> 2029 | AJ9: =AI9+1 -> 2030 | AK9: =AJ9+1 -> 2031 | AM9: Комментарии к помесячному тренду янв2026-дек2027 | AN9: Комментарии к годовому тренду 2025-2031 | AO9: ДУУиО (08/092026) | AP9: ДУУиО (10/092026)
D10: факт | E10: факт | F10: факт | G10: факт | H10: факт | I10: факт | J10: факт | K10: оценка | L10: оценка | M10: оценка | N10: оценка | O10: оценка | P10: план | Q10: план | R10: план | S10: план | T10: план | U10: план | V10: план | W10: план | X10: план | Y10: план | Z10: план | AA10: план | AB10: факт | AC10: оценка | AD10: план | AE10: план | AH10: план | AI10: план | AJ10: план | AK10: план
D11: январь | E11: февраль | F11: март | G11: апрель | H11: май | I11: июнь | J11: июль | K11: август | L11: сентябрь | M11: октябрь | N11: ноябрь | O11: декабрь | P11: январь | Q11: февраль | R11: март | S11: апрель | T11: май | U11: июнь | V11: июль | W11: август | X11: сентябрь | Y11: октябрь | Z11: ноябрь | AA11: декабрь | AB11: год | AC11: год | AD11: год | AE11: год | AH11: год | AI11: год | AJ11: год | AK11: год
A12: I. | B12: Доход от реализации услуг: | C12: ф | D12: =SUM(D13,D20,D21,D31,D40,D44,D47,D52,D82,D83,D89,D95,D114,D126,D127,D128,D129,D130,D131,D132,D137,D144,D145,D146,D147,D148,D149,D150,D151) -> 0 | E12: =SUM(E13,E20,E21,E31,E40,E44,E47,E52,E82,E83,E89,E95,E114,E126,E127,E128,E129,E130,E131,E132,E137,E144,E145,E146,E147,E148,E149,E150,E151) -> 0 | F12: =SUM(F13,F20,F21,F31,F40,F44,F47,F52,F82,F83,F89,F95,F114,F126,F127,F128,F129,F130,F131,F132,F137,F144,F145,F146,F147,F148,F149,F150,F151) -> 290000 | G12: =SUM(G13,G20,G21,G31,G40,G44,G47,G52,G82,G83,G89,G95,G114,G126,G127,G128,G129,G130,G131,G132,G137,G144,G145,G146,G147,G148,G149,G150,G151) -> 114934 | H12: =SUM(H13,H20,H21,H31,H40,H44,H47,H52,H82,H83,H89,H95,H114,H126,H127,H128,H129,H130,H131,H132,H137,H144,H145,H146,H147,H148,H149,H150,H151) -> 260833 | I12: =SUM(I13,I20,I21,I31,I40,I44,I47,I52,I82,I83,I89,I95,I114,I126,I127,I128,I129,I130,I131,I132,I137,I144,I145,I146,I147,I148,I149,I150,I151) -> 188491 | J12: =SUM(J13,J20,J21,J31,J40,J44,J47,J52,J82,J83,J89,J95,J114,J126,J127,J128,J129,J130,J131,J132,J137,J144,J145,J146,J147,J148,J149,J150,J151) -> 145007 | K12: =SUM(K13,K20,K21,K31,K40,K44,K47,K52,K82,K83,K89,K95,K114,K126,K127,K128,K129,K130,K131,K132,K137,K144,K145,K146,K147,K148,K149,K150,K151) -> 159243 | ... AD12: =SUM(AD13,AD20,AD21,AD31,AD40,AD44,AD47,AD52,AD82,AD83,AD89,AD95,AD114,AD126,AD127,AD128,AD129,AD130,AD131,AD132,AD137,AD144,AD145,AD146,AD147,AD148,AD149,AD150,AD151) -> 1674644 | AE12: =AD12 -> 1674644 | AF12: =AD12/AC12 -> 0.97102371 | AG12: =AE12/AC12 -> 0.97102371 | AH12: =SUM(AH13,AH20,AH21,AH31,AH40,AH44,AH47,AH52,AH82,AH83,AH89,AH95,AH114,AH126,AH127,AH128,AH129,AH130,AH131,AH132,AH137,AH144,AH145,AH146,AH147,AH148,AH149,AH150,AH151) -> 1674644 | AI12: =SUM(AI13,AI20,AI21,AI31,AI40,AI44,AI47,AI52,AI82,AI83,AI89,AI95,AI114,AI126,AI127,AI128,AI129,AI130,AI131,AI132,AI137,AI144,AI145,AI146,AI147,AI148,AI149,AI150,AI151) -> 1674644 | AJ12: =SUM(AJ13,AJ20,AJ21,AJ31,AJ40,AJ44,AJ47,AJ52,AJ82,AJ83,AJ89,AJ95,AJ114,AJ126,AJ127,AJ128,AJ129,AJ130,AJ131,AJ132,AJ137,AJ144,AJ145,AJ146,AJ147,AJ148,AJ149,AJ150,AJ151) -> 1674644 | AK12: =SUM(AK13,AK20,AK21,AK31,AK40,AK44,AK47,AK52,AK82,AK83,AK89,AK95,AK114,AK126,AK127,AK128,AK129,AK130,AK131,AK132,AK137,AK144,AK145,AK146,AK147,AK148,AK149,AK150,AK151) -> 1674644 | AQ12: =AE12-AD12 -> 0
A13: 1.1 | B13: Междугородная, международная телефонная связь: | C13: ф | D13: =SUM(D14,D19) -> 0 | E13: =SUM(E14,E19) -> 0 | F13: =SUM(F14,F19) -> 0 | G13: =SUM(G14,G19) -> 0 | H13: =SUM(H14,H19) -> 0 | I13: =SUM(I14,I19) -> 0 | J13: =SUM(J14,J19) -> 0 | K13: =SUM(K14,K19) -> 0 | ... AD13: =SUM(AD14,AD19) -> 0 | AF13: =AD13/AC13 -> #DIV/0! | AG13: =AE13/AD13 -> #DIV/0! | AH13: =SUM(AH14,AH19) -> 0 | AI13: =SUM(AI14,AI19) -> 0 | AJ13: =SUM(AJ14,AJ19) -> 0 | AK13: =SUM(AK14,AK19) -> 0 | AQ13: =AE13-AD13 -> 0
A14: 1.1.1 | B14: за разговоры (исходящие): | C14: ф | D14: =SUM(D15,D16) -> 0 | E14: =SUM(E15,E16) -> 0 | F14: =SUM(F15,F16) -> 0 | G14: =SUM(G15,G16) -> 0 | H14: =SUM(H15,H16) -> 0 | I14: =SUM(I15,I16) -> 0 | J14: =SUM(J15,J16) -> 0 | K14: =SUM(K15,K16) -> 0 | ... AD14: =SUM(AD15,AD16) -> 0 | AF14: =AD14/AC14 -> #DIV/0! | AG14: =AE14/AD14 -> #DIV/0! | AH14: =SUM(AH15,AH16) -> 0 | AI14: =SUM(AI15,AI16) -> 0 | AJ14: =SUM(AJ15,AJ16) -> 0 | AK14: =SUM(AK15,AK16) -> 0 | AQ14: =AE14-AD14 -> 0
A15: 1.1.1.1 | B15: - междугородные | C15: з | AC15: =SUM(D15:O15) -> 0 | AD15: =SUM(P15:AA15) -> 0 | AF15: =AD15/AC15 -> #DIV/0! | AG15: =AE15/AD15 -> #DIV/0! | AQ15: =AE15-AD15 -> 0
A16: 1.1.1.2 | B16: - международные: | C16: ф | D16: =SUM(D17,D18) -> 0 | E16: =SUM(E17,E18) -> 0 | F16: =SUM(F17,F18) -> 0 | G16: =SUM(G17,G18) -> 0 | H16: =SUM(H17,H18) -> 0 | I16: =SUM(I17,I18) -> 0 | J16: =SUM(J17,J18) -> 0 | K16: =SUM(K17,K18) -> 0 | ... AD16: =SUM(AD17,AD18) -> 0 | AF16: =AD16/AC16 -> #DIV/0! | AG16: =AE16/AD16 -> #DIV/0! | AH16: =SUM(AH17,AH18) -> 0 | AI16: =SUM(AI17,AI18) -> 0 | AJ16: =SUM(AJ17,AJ18) -> 0 | AK16: =SUM(AK17,AK18) -> 0 | AQ16: =AE16-AD16 -> 0
A17: 1.1.1.2.1 | B17: - СНГ | C17: з | AC17: =SUM(D17:O17) -> 0 | AD17: =SUM(P17:AA17) -> 0 | AF17: =AD17/AC17 -> #DIV/0! | AG17: =AE17/AD17 -> #DIV/0! | AQ17: =AE17-AD17 -> 0
A18: 1.1.1.2.2 | B18: - ДЗ | C18: з | AC18: =SUM(D18:O18) -> 0 | AD18: =SUM(P18:AA18) -> 0 | AF18: =AD18/AC18 -> #DIV/0! | AG18: =AE18/AD18 -> #DIV/0! | AQ18: =AE18-AD18 -> 0
A19: 1.1.2 | B19: прочие | C19: з | AC19: =SUM(D19:O19) -> 0 | AD19: =SUM(P19:AA19) -> 0 | AF19: =AD19/AC19 -> #DIV/0! | AG19: =AE19/AD19 -> #DIV/0! | AQ19: =AE19-AD19 -> 0
A20: 1.2 | B20: Доходы за разговоры с абонентами сторонних операторов, включая операторов сотовой связи | C20: з | AC20: =SUM(D20:O20) -> 0 | AD20: =SUM(P20:AA20) -> 0 | AF20: =AD20/AC20 -> #DIV/0! | AG20: =AE20/AD20 -> #DIV/0! | AQ20: =AE20-AD20 -> 0
A21: 1.3 | B21: Доходы по соглашениям с международными операторами: | C21: ф | D21: =SUM(D22,D25,D29) -> 0 | E21: =SUM(E22,E25,E29) -> 0 | F21: =SUM(F22,F25,F29) -> 0 | G21: =SUM(G22,G25,G29) -> 0 | H21: =SUM(H22,H25,H29) -> 0 | I21: =SUM(I22,I25,I29) -> 0 | J21: =SUM(J22,J25,J29) -> 0 | K21: =SUM(K22,K25,K29) -> 0 | ... AD21: =SUM(AD22,AD25,AD29) -> 0 | AF21: =AD21/AC21 -> #DIV/0! | AG21: =AE21/AD21 -> #DIV/0! | AH21: =SUM(AH22,AH25,AH29) -> 0 | AI21: =SUM(AI22,AI25,AI29) -> 0 | AJ21: =SUM(AJ22,AJ25,AJ29) -> 0 | AK21: =SUM(AK22,AK25,AK29) -> 0 | AQ21: =AE21-AD21 -> 0
A22: 1.3.1 | B22: за входящий трафик: | C22: ф | D22: =SUM(D23:D24) -> 0 | E22: =SUM(E23:E24) -> 0 | F22: =SUM(F23:F24) -> 0 | G22: =SUM(G23:G24) -> 0 | H22: =SUM(H23:H24) -> 0 | I22: =SUM(I23:I24) -> 0 | J22: =SUM(J23:J24) -> 0 | K22: =SUM(K23:K24) -> 0 | ... AD22: =SUM(AD23:AD24) -> 0 | AF22: =AD22/AC22 -> #DIV/0! | AG22: =AE22/AD22 -> #DIV/0! | AH22: =SUM(AH23:AH24) -> 0 | AI22: =SUM(AI23:AI24) -> 0 | AJ22: =SUM(AJ23:AJ24) -> 0 | AK22: =SUM(AK23:AK24) -> 0 | AQ22: =AE22-AD22 -> 0
A23: 1.3.1.1 | B23: - СНГ | C23: з | AC23: =SUM(D23:O23) -> 0 | AD23: =SUM(P23:AA23) -> 0 | AF23: =AD23/AC23 -> #DIV/0! | AG23: =AE23/AD23 -> #DIV/0! | AQ23: =AE23-AD23 -> 0
A24: 1.3.1.2 | B24: - ДЗ | C24: з | AC24: =SUM(D24:O24) -> 0 | AD24: =SUM(P24:AA24) -> 0 | AF24: =AD24/AC24 -> #DIV/0! | AG24: =AE24/AD24 -> #DIV/0! | AQ24: =AE24-AD24 -> 0
A25: 1.3.2 | B25: за транзит: | C25: ф | D25: =SUM(D26:D28) -> 0 | E25: =SUM(E26:E28) -> 0 | F25: =SUM(F26:F28) -> 0 | G25: =SUM(G26:G28) -> 0 | H25: =SUM(H26:H28) -> 0 | I25: =SUM(I26:I28) -> 0 | J25: =SUM(J26:J28) -> 0 | K25: =SUM(K26:K28) -> 0 | ... AD25: =SUM(AD26:AD28) -> 0 | AF25: =AD25/AC25 -> #DIV/0! | AG25: =AE25/AD25 -> #DIV/0! | AH25: =SUM(AH26:AH28) -> 0 | AI25: =SUM(AI26:AI28) -> 0 | AJ25: =SUM(AJ26:AJ28) -> 0 | AK25: =SUM(AK26:AK28) -> 0 | AQ25: =AE25-AD25 -> 0
A26: 1.3.2.1 | B26: - за некоммутируемый транзит | C26: з | AC26: =SUM(D26:O26) -> 0 | AD26: =SUM(P26:AA26) -> 0 | AF26: =AD26/AC26 -> #DIV/0! | AG26: =AE26/AD26 -> #DIV/0! | AQ26: =AE26-AD26 -> 0
A27: 1.3.2.2 | B27: - за интернет-транзит | C27: з | AC27: =SUM(D27:O27) -> 0 | AD27: =SUM(P27:AA27) -> 0 | AF27: =AD27/AC27 -> #DIV/0! | AG27: =AE27/AD27 -> #DIV/0! | AQ27: =AE27-AD27 -> 0
A28: 1.3.2.3 | B28: - за IPLC | C28: з | AC28: =SUM(D28:O28) -> 0 | AD28: =SUM(P28:AA28) -> 0 | AF28: =AD28/AC28 -> #DIV/0! | AG28: =AE28/AD28 -> #DIV/0! | AQ28: =AE28-AD28 -> 0
A29: 1.3.3 | B29: за телеграфный/телексный трафик | C29: з | AC29: =SUM(D29:O29) -> 0 | AD29: =SUM(P29:AA29) -> 0 | AF29: =AD29/AC29 -> #DIV/0! | AG29: =AE29/AD29 -> #DIV/0! | AQ29: =AE29-AD29 -> 0
B30: Справочно (дисбаланс по пропуску международного трафика) | C30: з | AC30: =SUM(D30:O30) -> 0 | AD30: =SUM(P30:AA30) -> 0 | AF30: =AD30/AC30 -> #DIV/0! | AG30: =AE30/AD30 -> #DIV/0! | AQ30: =AE30-AD30 -> 0
A31: 1.4 | B31: Доходы по соглашениям с операторами связи, подключенными к сети АО Казахтелеком: | C31: ф | D31: =SUM(D32,D38) -> 0 | E31: =SUM(E32,E38) -> 0 | F31: =SUM(F32,F38) -> 143109 | G31: =SUM(G32,G38) -> 55659 | H31: =SUM(H32,H38) -> 191099 | I31: =SUM(I32,I38) -> 139684 | J31: =SUM(J32,J38) -> 87300 | K31: =SUM(K32,K38) -> 47208 | ... AD31: =SUM(AD32,AD38) -> 1164857 | AF31: =AD31/AC31 -> 1.4121413 | AG31: =AE31/AD31 -> 0 | AH31: =SUM(AH32,AH38) -> 1164857 | AI31: =SUM(AI32,AI38) -> 1164857 | AJ31: =SUM(AJ32,AJ38) -> 1164857 | AK31: =SUM(AK32,AK38) -> 1164857 | AQ31: =AE31-AD31 -> -1164857
A32: 1.4.1 | B32: пропуск телефонного трафика: | C32: ф | D32: =SUM(D33,D34,D37) -> 0 | E32: =SUM(E33,E34,E37) -> 0 | F32: =SUM(F33,F34,F37) -> 0 | G32: =SUM(G33,G34,G37) -> 0 | H32: =SUM(H33,H34,H37) -> 0 | I32: =SUM(I33,I34,I37) -> 0 | J32: =SUM(J33,J34,J37) -> 0 | K32: =SUM(K33,K34,K37) -> 0 | ... AD32: =SUM(AD33,AD34,AD37) -> 0 | AF32: =AD32/AC32 -> #DIV/0! | AG32: =AE32/AD32 -> #DIV/0! | AH32: =SUM(AH33,AH34,AH37) -> 0 | AI32: =SUM(AI33,AI34,AI37) -> 0 | AJ32: =SUM(AJ33,AJ34,AJ37) -> 0 | AK32: =SUM(AK33,AK34,AK37) -> 0 | AQ32: =AE32-AD32 -> 0
A33: 1.4.1.1 | B33: - местного | C33: з | AC33: =SUM(D33:O33) -> 0 | AD33: =SUM(P33:AA33) -> 0 | AF33: =AD33/AC33 -> #DIV/0! | AG33: =AE33/AD33 -> #DIV/0! | AQ33: =AE33-AD33 -> 0
A34: 1.4.1.2 | B34: - междугородного: | C34: ф | D34: =SUM(D35:D36) -> 0 | E34: =SUM(E35:E36) -> 0 | F34: =SUM(F35:F36) -> 0 | G34: =SUM(G35:G36) -> 0 | H34: =SUM(H35:H36) -> 0 | I34: =SUM(I35:I36) -> 0 | J34: =SUM(J35:J36) -> 0 | K34: =SUM(K35:K36) -> 0 | ... AD34: =SUM(AD35:AD36) -> 0 | AF34: =AD34/AC34 -> #DIV/0! | AG34: =AE34/AD34 -> #DIV/0! | AH34: =SUM(AH35:AH36) -> 0 | AI34: =SUM(AI35:AI36) -> 0 | AJ34: =SUM(AJ35:AJ36) -> 0 | AK34: =SUM(AK35:AK36) -> 0 | AQ34: =AE34-AD34 -> 0
A35: 1.4.1.2.1 | B35: входящий телефонный трафик | C35: з | AC35: =SUM(D35:O35) -> 0 | AD35: =SUM(P35:AA35) -> 0 | AF35: =AD35/AC35 -> #DIV/0! | AG35: =AE35/AD35 -> #DIV/0! | AQ35: =AE35-AD35 -> 0
A36: 1.4.1.2.2 | B36: транзит телефонного трафика | C36: з | AC36: =SUM(D36:O36) -> 0 | AD36: =SUM(P36:AA36) -> 0 | AF36: =AD36/AC36 -> #DIV/0! | AG36: =AE36/AD36 -> #DIV/0! | AQ36: =AE36-AD36 -> 0
A37: 1.4.1.3 | B37: - международного | C37: з | AC37: =SUM(D37:O37) -> 0 | AD37: =SUM(P37:AA37) -> 0 | AF37: =AD37/AC37 -> #DIV/0! | AG37: =AE37/AD37 -> #DIV/0! | AQ37: =AE37-AD37 -> 0
A38: 1.4.2 | B38: прочие | C38: з | F38: 143109 | G38: 55659 | H38: 191099 | I38: 139684 | J38: 87300 | K38: 47208 | L38: 40206 | M38: 40208 | N38: 40207 | O38: 40207 | P38: 9064 | Q38: 50952 | R38: 97071 | S38: 107534 | T38: 127587 | U38: 144101 | V38: 143191 | W38: 97071 | X38: 97072 | Y38: 97071 | Z38: 97072 | AA38: 97071 | AC38: =SUM(D38:O38) -> 824887 | AD38: =SUM(P38:AA38) -> 1164857 | AF38: =AD38/AC38 -> 1.4121413 | AG38: =AE38/AD38 -> 0 | AH38: =AD38 -> 1164857 | AI38: =AH38 -> 1164857 | AJ38: =AI38 -> 1164857 | AK38: =AJ38 -> 1164857 | AQ38: =AE38-AD38 -> -1164857
B39: Справочно (дисбаланс по пропуску междугородного трафика) | C39: з | AC39: =SUM(D39:O39) -> 0 | AD39: =SUM(P39:AA39) -> 0 | AF39: =AD39/AC39 -> #DIV/0! | AG39: =AE39/AD39 -> #DIV/0! | AQ39: =AE39-AD39 -> 0
A40: 1.5 | B40: Доходы от сдачи в аренду каналов транспортной сети: | C40: ф | D40: =SUM(D41,D42,D43) -> 0 | E40: =SUM(E41,E42,E43) -> 0 | F40: =SUM(F41,F42,F43) -> 0 | G40: =SUM(G41,G42,G43) -> 0 | H40: =SUM(H41,H42,H43) -> 0 | I40: =SUM(I41,I42,I43) -> 0 | J40: =SUM(J41,J42,J43) -> 0 | K40: =SUM(K41,K42,K43) -> 0 | ... AD40: =SUM(AD41,AD42,AD43) -> 0 | AF40: =AD40/AC40 -> #DIV/0! | AG40: =AE40/AD40 -> #DIV/0! | AH40: =SUM(AH41,AH42,AH43) -> 0 | AI40: =SUM(AI41,AI42,AI43) -> 0 | AJ40: =SUM(AJ41,AJ42,AJ43) -> 0 | AK40: =SUM(AK41,AK42,AK43) -> 0 | AQ40: =AE40-AD40 -> 0
A41: 1.5.1 | B41: операторам связи | C41: з | AC41: =SUM(D41:O41) -> 0 | AD41: =SUM(P41:AA41) -> 0 | AF41: =AD41/AC41 -> #DIV/0! | AG41: =AE41/AD41 -> #DIV/0! | AQ41: =AE41-AD41 -> 0
A42: 1.5.2 | B42: другим пользователям | C42: з | AC42: =SUM(D42:O42) -> 0 | AD42: =SUM(P42:AA42) -> 0 | AF42: =AD42/AC42 -> #DIV/0! | AG42: =AE42/AD42 -> #DIV/0! | AQ42: =AE42-AD42 -> 0
A43: 1.5.3 | B43: от услуг LTE/GSM | C43: з | AC43: =SUM(D43:O43) -> 0 | AD43: =SUM(P43:AA43) -> 0 | AF43: =AD43/AC43 -> #DIV/0! | AG43: =AE43/AD43 -> #DIV/0! | AQ43: =AE43-AD43 -> 0
A44: 1.6 | B44: Доходы при предоставлении услуг сети передачи данных операторам связи: | C44: ф | D44: =SUM(D45,D46) -> 0 | E44: =SUM(E45,E46) -> 0 | F44: =SUM(F45,F46) -> 0 | G44: =SUM(G45,G46) -> 0 | H44: =SUM(H45,H46) -> 0 | I44: =SUM(I45,I46) -> 0 | J44: =SUM(J45,J46) -> 0 | K44: =SUM(K45,K46) -> 0 | ... AD44: =SUM(AD45,AD46) -> 0 | AF44: =AD44/AC44 -> #DIV/0! | AG44: =AE44/AD44 -> #DIV/0! | AH44: =SUM(AH45,AH46) -> 0 | AI44: =SUM(AI45,AI46) -> 0 | AJ44: =SUM(AJ45,AJ46) -> 0 | AK44: =SUM(AK45,AK46) -> 0 | AQ44: =AE44-AD44 -> 0
A45: 1.6.1 | B45: интернет, выделенное подключение операторам связи | C45: з | AC45: =SUM(D45:O45) -> 0 | AD45: =SUM(P45:AA45) -> 0 | AF45: =AD45/AC45 -> #DIV/0! | AG45: =AE45/AD45 -> #DIV/0! | AQ45: =AE45-AD45 -> 0
A46: 1.6.2 | B46: IP VPN операторам связи | C46: з | AC46: =SUM(D46:O46) -> 0 | AD46: =SUM(P46:AA46) -> 0 | AF46: =AD46/AC46 -> #DIV/0! | AG46: =AE46/AD46 -> #DIV/0! | AQ46: =AE46-AD46 -> 0
A47: 1.7 | B47: Телеграфная связь: | C47: ф | D47: =SUM(D48,D49,D50,D51) -> 0 | E47: =SUM(E48,E49,E50,E51) -> 0 | F47: =SUM(F48,F49,F50,F51) -> 0 | G47: =SUM(G48,G49,G50,G51) -> 0 | H47: =SUM(H48,H49,H50,H51) -> 0 | I47: =SUM(I48,I49,I50,I51) -> 0 | J47: =SUM(J48,J49,J50,J51) -> 0 | K47: =SUM(K48,K49,K50,K51) -> 0 | ... AD47: =SUM(AD48,AD49,AD50,AD51) -> 0 | AF47: =AD47/AC47 -> #DIV/0! | AG47: =AE47/AD47 -> #DIV/0! | AH47: =SUM(AH48,AH49,AH50,AH51) -> 0 | AI47: =SUM(AI48,AI49,AI50,AI51) -> 0 | AJ47: =SUM(AJ48,AJ49,AJ50,AJ51) -> 0 | AK47: =SUM(AK48,AK49,AK50,AK51) -> 0 | AQ47: =AE47-AD47 -> 0
A48: 1.7.1 | B48: за телеграммы | C48: з | AC48: =SUM(D48:O48) -> 0 | AD48: =SUM(P48:AA48) -> 0 | AF48: =AD48/AC48 -> #DIV/0! | AG48: =AE48/AD48 -> #DIV/0! | AQ48: =AE48-AD48 -> 0
A49: 1.7.2 | B49: от сдачи в аренду телеграфных каналов | C49: з | AC49: =SUM(D49:O49) -> 0 | AD49: =SUM(P49:AA49) -> 0 | AF49: =AD49/AC49 -> #DIV/0! | AG49: =AE49/AD49 -> #DIV/0! | AQ49: =AE49-AD49 -> 0
A50: 1.7.3 | B50: за разговоры по сети абонентского телеграфа и телекс | C50: з | AC50: =SUM(D50:O50) -> 0 | AD50: =SUM(P50:AA50) -> 0 | AF50: =AD50/AC50 -> #DIV/0! | AG50: =AE50/AD50 -> #DIV/0! | AQ50: =AE50-AD50 -> 0
A51: 1.7.4 | B51: прочие | C51: з | AC51: =SUM(D51:O51) -> 0 | AD51: =SUM(P51:AA51) -> 0 | AF51: =AD51/AC51 -> #DIV/0! | AG51: =AE51/AD51 -> #DIV/0! | AQ51: =AE51-AD51 -> 0
A52: 1.8 | B52: Местная телефонная связь: | C52: ф | D52: =SUM(D53,D54,D55,D56,D57,D58,D59,D60,D62) -> 0 | E52: =SUM(E53,E54,E55,E56,E57,E58,E59,E60,E62) -> 0 | F52: =SUM(F53,F54,F55,F56,F57,F58,F59,F60,F62) -> 0 | G52: =SUM(G53,G54,G55,G56,G57,G58,G59,G60,G62) -> 0 | H52: =SUM(H53,H54,H55,H56,H57,H58,H59,H60,H62) -> 0 | I52: =SUM(I53,I54,I55,I56,I57,I58,I59,I60,I62) -> 0 | J52: =SUM(J53,J54,J55,J56,J57,J58,J59,J60,J62) -> 0 | K52: =SUM(K53,K54,K55,K56,K57,K58,K59,K60,K62) -> 0 | ... AD52: =SUM(AD53,AD54,AD55,AD56,AD57,AD58,AD59,AD60,AD62) -> 0 | AF52: =AD52/AC52 -> #DIV/0! | AG52: =AE52/AD52 -> #DIV/0! | AH52: =SUM(AH53,AH54,AH55,AH56,AH57,AH58,AH59,AH60,AH62) -> 0 | AI52: =SUM(AI53,AI54,AI55,AI56,AI57,AI58,AI59,AI60,AI62) -> 0 | AJ52: =SUM(AJ53,AJ54,AJ55,AJ56,AJ57,AJ58,AJ59,AJ60,AJ62) -> 0 | AK52: =SUM(AK53,AK54,AK55,AK56,AK57,AK58,AK59,AK60,AK62) -> 0 | AQ52: =AE52-AD52 -> 0
A53: 1.8.а | B53: абонентская плата | C53: ф | D53: =D64+D74 -> 0 | E53: =E64+E74 -> 0 | F53: =F64+F74 -> 0 | G53: =G64+G74 -> 0 | H53: =H64+H74 -> 0 | I53: =I64+I74 -> 0 | J53: =J64+J74 -> 0 | K53: =K64+K74 -> 0 | ... AD53: =AD64+AD74 -> 0 | AF53: =AD53/AC53 -> #DIV/0! | AG53: =AE53/AD53 -> #DIV/0! | AH53: =AH64+AH74 -> 0 | AI53: =AI64+AI74 -> 0 | AJ53: =AJ64+AJ74 -> 0 | AK53: =AK64+AK74 -> 0 | AQ53: =AE53-AD53 -> 0
A54: 1.8.б | B54: абонентская плата за порты Е1 | C54: ф | D54: =D65+D75 -> 0 | E54: =E65+E75 -> 0 | F54: =F65+F75 -> 0 | G54: =G65+G75 -> 0 | H54: =H65+H75 -> 0 | I54: =I65+I75 -> 0 | J54: =J65+J75 -> 0 | K54: =K65+K75 -> 0 | ... AD54: =AD65+AD75 -> 0 | AF54: =AD54/AC54 -> #DIV/0! | AG54: =AE54/AD54 -> #DIV/0! | AH54: =AH65+AH75 -> 0 | AI54: =AI65+AI75 -> 0 | AJ54: =AJ65+AJ75 -> 0 | AK54: =AK65+AK75 -> 0 | AQ54: =AE54-AD54 -> 0
A55: 1.8.в | B55: подключение терминала к местной сети | C55: ф | D55: =D66+D76 -> 0 | E55: =E66+E76 -> 0 | F55: =F66+F76 -> 0 | G55: =G66+G76 -> 0 | H55: =H66+H76 -> 0 | I55: =I66+I76 -> 0 | J55: =J66+J76 -> 0 | K55: =K66+K76 -> 0 | ... AD55: =AD66+AD76 -> 0 | AF55: =AD55/AC55 -> #DIV/0! | AG55: =AE55/AD55 -> #DIV/0! | AH55: =AH66+AH76 -> 0 | AI55: =AI66+AI76 -> 0 | AJ55: =AJ66+AJ76 -> 0 | AK55: =AK66+AK76 -> 0 | AQ55: =AE55-AD55 -> 0
A56: 1.8.г | B56: подключение портов Е1 | C56: ф | D56: =D67+D77 -> 0 | E56: =E67+E77 -> 0 | F56: =F67+F77 -> 0 | G56: =G67+G77 -> 0 | H56: =H67+H77 -> 0 | I56: =I67+I77 -> 0 | J56: =J67+J77 -> 0 | K56: =K67+K77 -> 0 | ... AD56: =AD67+AD77 -> 0 | AF56: =AD56/AC56 -> #DIV/0! | AG56: =AE56/AD56 -> #DIV/0! | AH56: =AH67+AH77 -> 0 | AI56: =AI67+AI77 -> 0 | AJ56: =AJ67+AJ77 -> 0 | AK56: =AK67+AK77 -> 0 | AQ56: =AE56-AD56 -> 0
A57: 1.8.д | B57: доходы за местный трафик при повременном учете | C57: ф | D57: =D68 -> 0 | E57: =E68 -> 0 | F57: =F68 -> 0 | G57: =G68 -> 0 | H57: =H68 -> 0 | I57: =I68 -> 0 | J57: =J68 -> 0 | K57: =K68 -> 0 | ... AD57: =AD68 -> 0 | AF57: =AD57/AC57 -> #DIV/0! | AG57: =AE57/AD57 -> #DIV/0! | AH57: =AH68 -> 0 | AI57: =AI68 -> 0 | AJ57: =AJ68 -> 0 | AK57: =AK68 -> 0 | AQ57: =AE57-AD57 -> 0
A58: 1.8.е | B58: доходы по контенту | C58: ф | D58: =D69+D78 -> 0 | E58: =E69+E78 -> 0 | F58: =F69+F78 -> 0 | G58: =G69+G78 -> 0 | H58: =H69+H78 -> 0 | I58: =I69+I78 -> 0 | J58: =J69+J78 -> 0 | K58: =K69+K78 -> 0 | ... AD58: =AD69+AD78 -> 0 | AF58: =AD58/AC58 -> #DIV/0! | AG58: =AE58/AD58 -> #DIV/0! | AH58: =AH69+AH78 -> 0 | AI58: =AI69+AI78 -> 0 | AJ58: =AJ69+AJ78 -> 0 | AK58: =AK69+AK78 -> 0 | AQ58: =AE58-AD58 -> 0
A59: 1.8.ё | B59: цифровая сеть с интеграцией услуг (ISDN): | C59: ф | D59: =D70 -> 0 | E59: =E70 -> 0 | F59: =F70 -> 0 | G59: =G70 -> 0 | H59: =H70 -> 0 | I59: =I70 -> 0 | J59: =J70 -> 0 | K59: =K70 -> 0 | ... AD59: =AD70 -> 0 | AF59: =AD59/AC59 -> #DIV/0! | AG59: =AE59/AD59 -> #DIV/0! | AH59: =AH70 -> 0 | AI59: =AI70 -> 0 | AJ59: =AJ70 -> 0 | AK59: =AK70 -> 0 | AQ59: =AE59-AD59 -> 0
A60: 1.8.ж | B60: прочие всего, в том числе: | C60: ф | D60: =D71+D79 -> 0 | E60: =E71+E79 -> 0 | F60: =F71+F79 -> 0 | G60: =G71+G79 -> 0 | H60: =H71+H79 -> 0 | I60: =I71+I79 -> 0 | J60: =J71+J79 -> 0 | K60: =K71+K79 -> 0 | ... AD60: =AD71+AD79 -> 0 | AF60: =AD60/AC60 -> #DIV/0! | AG60: =AE60/AD60 -> #DIV/0! | AH60: =AH71+AH79 -> 0 | AI60: =AI71+AI79 -> 0 | AJ60: =AJ71+AJ79 -> 0 | AK60: =AK71+AK79 -> 0 | AQ60: =AE60-AD60 -> 0
A61: 1.8.ж.1 | B61: услуги CLIP&Clir | C61: ф | D61: =D72+D80 -> 0 | E61: =E72+E80 -> 0 | F61: =F72+F80 -> 0 | G61: =G72+G80 -> 0 | H61: =H72+H80 -> 0 | I61: =I72+I80 -> 0 | J61: =J72+J80 -> 0 | K61: =K72+K80 -> 0 | ... AD61: =AD72+AD80 -> 0 | AF61: =AD61/AC61 -> #DIV/0! | AG61: =AE61/AD61 -> #DIV/0! | AH61: =AH72+AH80 -> 0 | AI61: =AI72+AI80 -> 0 | AJ61: =AJ72+AJ80 -> 0 | AK61: =AK72+AK80 -> 0 | AQ61: =AE61-AD61 -> 0
A62: 1.8.з | B62: субсидии по компенсации убытков от предоставления универсальных услуг телекоммуникаций | C62: ф | D62: =D81 -> 0 | E62: =E81 -> 0 | F62: =F81 -> 0 | G62: =G81 -> 0 | H62: =H81 -> 0 | I62: =I81 -> 0 | J62: =J81 -> 0 | K62: =K81 -> 0 | ... AD62: =AD81 -> 0 | AF62: =AD62/AC62 -> #DIV/0! | AG62: =AE62/AD62 -> #DIV/0! | AH62: =AH81 -> 0 | AI62: =AI81 -> 0 | AJ62: =AJ81 -> 0 | AK62: =AK81 -> 0 | AQ62: =AE62-AD62 -> 0
A63: 1.8.1 | B63: Городская телефонная связь: | C63: ф | D63: =SUM(D64,D65,D66,D67,D68,D69,D71) -> 0 | E63: =SUM(E64,E65,E66,E67,E68,E69,E71) -> 0 | F63: =SUM(F64,F65,F66,F67,F68,F69,F71) -> 0 | G63: =SUM(G64,G65,G66,G67,G68,G69,G71) -> 0 | H63: =SUM(H64,H65,H66,H67,H68,H69,H71) -> 0 | I63: =SUM(I64,I65,I66,I67,I68,I69,I71) -> 0 | J63: =SUM(J64,J65,J66,J67,J68,J69,J71) -> 0 | K63: =SUM(K64,K65,K66,K67,K68,K69,K71) -> 0 | ... O63: =SUM(O64,O65,O66,O67,O68,O69,O71) -> 0 | P63: =SUM(P64,P65,P66,P67,P68,P69,P70,P71) -> 0 | Q63: =SUM(Q64,Q65,Q66,Q67,Q68,Q69,Q70,Q71) -> 0 | R63: =SUM(R64,R65,R66,R67,R68,R69,R70,R71) -> 0 | S63: =SUM(S64,S65,S66,S67,S68,S69,S70,S71) -> 0 | T63: =SUM(T64,T65,T66,T67,T68,T69,T70,T71) -> 0 | U63: =SUM(U64,U65,U66,U67,U68,U69,U70,U71) -> 0 | V63: =SUM(V64,V65,V66,V67,V68,V69,V70,V71) -> 0 | W63: =SUM(W64,W65,W66,W67,W68,W69,W70,W71) -> 0 | ... AB63: =SUM(AB64,AB65,AB66,AB67,AB68,AB69,AB70,AB71) -> 0 | AC63: =SUM(AC64,AC65,AC66,AC67,AC68,AC69,AC71) -> 0 | AD63: =SUM(AD64,AD65,AD66,AD67,AD68,AD69,AD70,AD71) -> 0 | AF63: =AD63/AC63 -> #DIV/0! | AG63: =AE63/AD63 -> #DIV/0! | AH63: =SUM(AH64,AH65,AH66,AH67,AH68,AH69,AH70,AH71) -> 0 | AI63: =SUM(AI64,AI65,AI66,AI67,AI68,AI69,AI70,AI71) -> 0 | AJ63: =SUM(AJ64,AJ65,AJ66,AJ67,AJ68,AJ69,AJ70,AJ71) -> 0 | AK63: =SUM(AK64,AK65,AK66,AK67,AK68,AK69,AK70,AK71) -> 0 | AQ63: =AE63-AD63 -> 0
B64: - абонентская плата | C64: з | AC64: =SUM(D64:O64) -> 0 | AD64: =SUM(P64:AA64) -> 0 | AF64: =AD64/AC64 -> #DIV/0! | AG64: =AE64/AD64 -> #DIV/0! | AQ64: =AE64-AD64 -> 0
B65: - абонентская плата за порты Е1 | C65: з | AC65: =SUM(D65:O65) -> 0 | AD65: =SUM(P65:AA65) -> 0 | AF65: =AD65/AC65 -> #DIV/0! | AG65: =AE65/AD65 -> #DIV/0! | AQ65: =AE65-AD65 -> 0
B66: - подключение терминала к местной сети | C66: з | AC66: =SUM(D66:O66) -> 0 | AD66: =SUM(P66:AA66) -> 0 | AF66: =AD66/AC66 -> #DIV/0! | AG66: =AE66/AD66 -> #DIV/0! | AQ66: =AE66-AD66 -> 0
B67: - подключение портов Е1 | C67: з | AC67: =SUM(D67:O67) -> 0 | AD67: =SUM(P67:AA67) -> 0 | AF67: =AD67/AC67 -> #DIV/0! | AG67: =AE67/AD67 -> #DIV/0! | AQ67: =AE67-AD67 -> 0
B68: - доходы за местный трафик при повременном учете | C68: з | AC68: =SUM(D68:O68) -> 0 | AD68: =SUM(P68:AA68) -> 0 | AF68: =AD68/AC68 -> #DIV/0! | AG68: =AE68/AD68 -> #DIV/0! | AQ68: =AE68-AD68 -> 0
B69: - доходы по контенту | C69: з | AC69: =SUM(D69:O69) -> 0 | AD69: =SUM(P69:AA69) -> 0 | AF69: =AD69/AC69 -> #DIV/0! | AG69: =AE69/AD69 -> #DIV/0! | AQ69: =AE69-AD69 -> 0
B70: - цифровая сеть с интеграцией услуг (ISDN) | C70: з | AC70: =SUM(D70:O70) -> 0 | AD70: =SUM(P70:AA70) -> 0 | AF70: =AD70/AC70 -> #DIV/0! | AG70: =AE70/AD70 -> #DIV/0! | AQ70: =AE70-AD70 -> 0
B71: - прочие всего, в том числе: | C71: з | AC71: =SUM(D71:O71) -> 0 | AD71: =SUM(P71:AA71) -> 0 | AF71: =AD71/AC71 -> #DIV/0! | AG71: =AE71/AD71 -> #DIV/0! | AQ71: =AE71-AD71 -> 0
B72: - услуги CLIP&Clir | C72: з | AC72: =SUM(D72:O72) -> 0 | AD72: =SUM(P72:AA72) -> 0 | AF72: =AD72/AC72 -> #DIV/0! | AG72: =AE72/AD72 -> #DIV/0! | AQ72: =AE72-AD72 -> 0
A73: 1.8.2 | B73: Сельская телефонная связь: | C73: ф | D73: =SUM(D74,D75,D76,D77,D78,D79,D81) -> 0 | E73: =SUM(E74,E75,E76,E77,E78,E79,E81) -> 0 | F73: =SUM(F74,F75,F76,F77,F78,F79,F81) -> 0 | G73: =SUM(G74,G75,G76,G77,G78,G79,G81) -> 0 | H73: =SUM(H74,H75,H76,H77,H78,H79,H81) -> 0 | I73: =SUM(I74,I75,I76,I77,I78,I79,I81) -> 0 | J73: =SUM(J74,J75,J76,J77,J78,J79,J81) -> 0 | K73: =SUM(K74,K75,K76,K77,K78,K79,K81) -> 0 | ... AD73: =SUM(AD74,AD75,AD76,AD77,AD78,AD79,AD81) -> 0 | AF73: =AD73/AC73 -> #DIV/0! | AG73: =AE73/AD73 -> #DIV/0! | AH73: =SUM(AH74,AH75,AH76,AH77,AH78,AH79,AH81) -> 0 | AI73: =SUM(AI74,AI75,AI76,AI77,AI78,AI79,AI81) -> 0 | AJ73: =SUM(AJ74,AJ75,AJ76,AJ77,AJ78,AJ79,AJ81) -> 0 | AK73: =SUM(AK74,AK75,AK76,AK77,AK78,AK79,AK81) -> 0 | AQ73: =AE73-AD73 -> 0
B74: - абонентская плата и плата за местный трафик при повременном учете | C74: з | AC74: =SUM(D74:O74) -> 0 | AD74: =SUM(P74:AA74) -> 0 | AF74: =AD74/AC74 -> #DIV/0! | AG74: =AE74/AD74 -> #DIV/0! | AQ74: =AE74-AD74 -> 0
B75: - абонентская плата за порты Е1 | C75: з | AC75: =SUM(D75:O75) -> 0 | AD75: =SUM(P75:AA75) -> 0 | AF75: =AD75/AC75 -> #DIV/0! | AG75: =AE75/AD75 -> #DIV/0! | AQ75: =AE75-AD75 -> 0
B76: - подключение терминала к местной сети | C76: з | AC76: =SUM(D76:O76) -> 0 | AD76: =SUM(P76:AA76) -> 0 | AF76: =AD76/AC76 -> #DIV/0! | AG76: =AE76/AD76 -> #DIV/0! | AQ76: =AE76-AD76 -> 0
B77: - подключение портов Е1 | C77: з | AC77: =SUM(D77:O77) -> 0 | AD77: =SUM(P77:AA77) -> 0 | AF77: =AD77/AC77 -> #DIV/0! | AG77: =AE77/AD77 -> #DIV/0! | AQ77: =AE77-AD77 -> 0
B78: - доходы по контенту | C78: з | AC78: =SUM(D78:O78) -> 0 | AD78: =SUM(P78:AA78) -> 0 | AF78: =AD78/AC78 -> #DIV/0! | AG78: =AE78/AD78 -> #DIV/0! | AQ78: =AE78-AD78 -> 0
B79: - прочие всего, в том числе: | C79: з | AC79: =SUM(D79:O79) -> 0 | AD79: =SUM(P79:AA79) -> 0 | AF79: =AD79/AC79 -> #DIV/0! | AG79: =AE79/AD79 -> #DIV/0! | AQ79: =AE79-AD79 -> 0
B80: - услуги CLIP&Clir | C80: з | AC80: =SUM(D80:O80) -> 0 | AD80: =SUM(P80:AA80) -> 0 | AF80: =AD80/AC80 -> #DIV/0! | AG80: =AE80/AD80 -> #DIV/0! | AQ80: =AE80-AD80 -> 0
B81: - субсидии по компенсации убытков от предоставления универсальных услуг телекоммуникаций | C81: з | AC81: =SUM(D81:O81) -> 0 | AD81: =SUM(P81:AA81) -> 0 | AF81: =AD81/AC81 -> #DIV/0! | AG81: =AE81/AD81 -> #DIV/0! | AQ81: =AE81-AD81 -> 0
A82: 1.9 | B82: От аренды технических средств для подачи программ телевидения и радиовещания | C82: з | AC82: =SUM(D82:O82) -> 0 | AD82: =SUM(P82:AA82) -> 0 | AF82: =AD82/AC82 -> #DIV/0! | AG82: =AE82/AD82 -> #DIV/0! | AQ82: =AE82-AD82 -> 0
A83: 1.10 | B83: Сотовая связь | C83: ф | D83: =SUM(D84,D86,D88) -> 0 | E83: =SUM(E84,E86,E88) -> 0 | F83: =SUM(F84,F86,F88) -> 0 | G83: =SUM(G84,G86,G88) -> 0 | H83: =SUM(H84,H86,H88) -> 0 | I83: =SUM(I84,I86,I88) -> 0 | J83: =SUM(J84,J86,J88) -> 0 | K83: =SUM(K84,K86,K88) -> 0 | ... AD83: =SUM(AD84,AD86,AD88) -> 0 | AF83: =AD83/AC83 -> #DIV/0! | AG83: =AE83/AD83 -> #DIV/0! | AH83: =SUM(AH84,AH86,AH88) -> 0 | AI83: =SUM(AI84,AI86,AI88) -> 0 | AJ83: =SUM(AJ84,AJ86,AJ88) -> 0 | AK83: =SUM(AK84,AK86,AK88) -> 0 | AQ83: =AE83-AD83 -> 0
A84: 1.10.1 | B84: услуги сотовой связи GSM | C84: з | AC84: =SUM(D84:O84) -> 0 | AD84: =SUM(P84:AA84) -> 0 | AF84: =AD84/AC84 -> #DIV/0! | AG84: =AE84/AD84 -> #DIV/0! | AQ84: =AE84-AD84 -> 0
B85: в т.ч. услуги SMS | C85: з | AC85: =SUM(D85:O85) -> 0 | AD85: =SUM(P85:AA85) -> 0 | AF85: =AD85/AC85 -> #DIV/0! | AG85: =AE85/AD85 -> #DIV/0! | AQ85: =AE85-AD85 -> 0
A86: 1.10.2 | B86: услуги сотовой связи CDMA | C86: з | AC86: =SUM(D86:O86) -> 0 | AD86: =SUM(P86:AA86) -> 0 | AF86: =AD86/AC86 -> #DIV/0! | AG86: =AE86/AD86 -> #DIV/0! | AQ86: =AE86-AD86 -> 0
B87: в т.ч. услуги SMS | C87: з | AC87: =SUM(D87:O87) -> 0 | AD87: =SUM(P87:AA87) -> 0 | AF87: =AD87/AC87 -> #DIV/0! | AG87: =AE87/AD87 -> #DIV/0! | AQ87: =AE87-AD87 -> 0
A88: 1.10.3 | B88: прочие | C88: з | AC88: =SUM(D88:O88) -> 0 | AD88: =SUM(P88:AA88) -> 0 | AF88: =AD88/AC88 -> #DIV/0! | AG88: =AE88/AD88 -> #DIV/0! | AQ88: =AE88-AD88 -> 0
A89: 1.11 | B89: Доходы от предоставления конвергированных услуг (FMS/FMC) | C89: ф | D89: =SUM(D90:D94) -> 0 | E89: =SUM(E90:E94) -> 0 | F89: =SUM(F90:F94) -> 0 | G89: =SUM(G90:G94) -> 0 | H89: =SUM(H90:H94) -> 0 | I89: =SUM(I90:I94) -> 0 | J89: =SUM(J90:J94) -> 0 | K89: =SUM(K90:K94) -> 0 | ... AD89: =SUM(AD90:AD94) -> 0 | AF89: =AD89/AC89 -> #DIV/0! | AG89: =AE89/AD89 -> #DIV/0! | AH89: =SUM(AH90:AH94) -> 0 | AI89: =SUM(AI90:AI94) -> 0 | AJ89: =SUM(AJ90:AJ94) -> 0 | AK89: =SUM(AK90:AK94) -> 0 | AQ89: =AE89-AD89 -> 0
A90: 1.11.1 | B90: от конвергированного голоса | C90: з | AC90: =SUM(D90:O90) -> 0 | AD90: =SUM(P90:AA90) -> 0 | AF90: =AD90/AC90 -> #DIV/0! | AG90: =AE90/AD90 -> #DIV/0! | AQ90: =AE90-AD90 -> 0
A91: 1.11.2 | B91: от конвергированных сообщений | C91: з | AC91: =SUM(D91:O91) -> 0 | AD91: =SUM(P91:AA91) -> 0 | AF91: =AD91/AC91 -> #DIV/0! | AG91: =AE91/AD91 -> #DIV/0! | AQ91: =AE91-AD91 -> 0
A92: 1.11.3 | B92: от конвергированной передачи данных | C92: з | AC92: =SUM(D92:O92) -> 0 | AD92: =SUM(P92:AA92) -> 0 | AF92: =AD92/AC92 -> #DIV/0! | AG92: =AE92/AD92 -> #DIV/0! | AQ92: =AE92-AD92 -> 0
A93: 1.11.4 | B93: конвергированный доступ | C93: з | AC93: =SUM(D93:O93) -> 0 | AD93: =SUM(P93:AA93) -> 0 | AF93: =AD93/AC93 -> #DIV/0! | AG93: =AE93/AD93 -> #DIV/0! | AQ93: =AE93-AD93 -> 0
A94: 1.11.5 | B94: прочие | C94: з | AC94: =SUM(D94:O94) -> 0 | AD94: =SUM(P94:AA94) -> 0 | AF94: =AD94/AC94 -> #DIV/0! | AG94: =AE94/AD94 -> #DIV/0! | AQ94: =AE94-AD94 -> 0
A95: 1.12 | B95: Услуги сети передачи данных: | C95: ф | D95: =SUM(D96,D97,D98,D99,D100,D104,D105,D106,D107,D108,D113) -> 0 | E95: =SUM(E96,E97,E98,E99,E100,E104,E105,E106,E107,E108,E113) -> 0 | F95: =SUM(F96,F97,F98,F99,F100,F104,F105,F106,F107,F108,F113) -> 0 | G95: =SUM(G96,G97,G98,G99,G100,G104,G105,G106,G107,G108,G113) -> 0 | H95: =SUM(H96,H97,H98,H99,H100,H104,H105,H106,H107,H108,H113) -> 0 | I95: =SUM(I96,I97,I98,I99,I100,I104,I105,I106,I107,I108,I113) -> 0 | J95: =SUM(J96,J97,J98,J99,J100,J104,J105,J106,J107,J108,J113) -> 0 | K95: =SUM(K96,K97,K98,K99,K100,K104,K105,K106,K107,K108,K113) -> 0 | ... AD95: =SUM(AD96,AD97,AD98,AD99,AD100,AD104,AD105,AD106,AD107,AD108,AD113) -> 0 | AF95: =AD95/AC95 -> #DIV/0! | AG95: =AE95/AD95 -> #DIV/0! | AH95: =SUM(AH96,AH97,AH98,AH99,AH100,AH104,AH105,AH106,AH107,AH108,AH113) -> 0 | AI95: =SUM(AI96,AI97,AI98,AI99,AI100,AI104,AI105,AI106,AI107,AI108,AI113) -> 0 | AJ95: =SUM(AJ96,AJ97,AJ98,AJ99,AJ100,AJ104,AJ105,AJ106,AJ107,AJ108,AJ113) -> 0 | AK95: =SUM(AK96,AK97,AK98,AK99,AK100,AK104,AK105,AK106,AK107,AK108,AK113) -> 0 | AQ95: =AE95-AD95 -> 0
A96: 1.12.1 | B96: интернет выделенное подключение | C96: з | AC96: =SUM(D96:O96) -> 0 | AD96: =SUM(P96:AA96) -> 0 | AF96: =AD96/AC96 -> #DIV/0! | AG96: =AE96/AD96 -> #DIV/0! | AQ96: =AE96-AD96 -> 0
A97: 1.12.2 | B97: интернет, доступ по ADSL | C97: з | AC97: =SUM(D97:O97) -> 0 | AD97: =SUM(P97:AA97) -> 0 | AF97: =AD97/AC97 -> #DIV/0! | AG97: =AE97/AD97 -> #DIV/0! | AQ97: =AE97-AD97 -> 0
A98: 1.12.3 | B98: интернет, доступ по FTTx | C98: з | AC98: =SUM(D98:O98) -> 0 | AD98: =SUM(P98:AA98) -> 0 | AF98: =AD98/AC98 -> #DIV/0! | AG98: =AE98/AD98 -> #DIV/0! | AQ98: =AE98-AD98 -> 0
A99: 1.12.4 | B99: доходы от услуг мобильного беспроводного ШПД | C99: з | AC99: =SUM(D99:O99) -> 0 | AD99: =SUM(P99:AA99) -> 0 | AF99: =AD99/AC99 -> #DIV/0! | AG99: =AE99/AD99 -> #DIV/0! | AQ99: =AE99-AD99 -> 0
A100: 1.12.5 | B100: доходы от услуг фиксированного беспроводного ШПД, в т.ч: | C100: ф | D100: =SUM(D101,D102,D103) -> 0 | E100: =SUM(E101,E102,E103) -> 0 | F100: =SUM(F101,F102,F103) -> 0 | G100: =SUM(G101,G102,G103) -> 0 | H100: =SUM(H101,H102,H103) -> 0 | I100: =SUM(I101,I102,I103) -> 0 | J100: =SUM(J101,J102,J103) -> 0 | K100: =SUM(K101,K102,K103) -> 0 | ... AD100: =SUM(AD101,AD102,AD103) -> 0 | AF100: =AD100/AC100 -> #DIV/0! | AG100: =AE100/AD100 -> #DIV/0! | AH100: =SUM(AH101,AH102,AH103) -> 0 | AI100: =SUM(AI101,AI102,AI103) -> 0 | AJ100: =SUM(AJ101,AJ102,AJ103) -> 0 | AK100: =SUM(AK101,AK102,AK103) -> 0 | AQ100: =AE100-AD100 -> 0
A101: 1.12.5.1. | B101: - по технологии LTE (Wireless, единые пакеты) | C101: з | AC101: =SUM(D101:O101) -> 0 | AD101: =SUM(P101:AA101) -> 0 | AF101: =AD101/AC101 -> #DIV/0! | AG101: =AE101/AD101 -> #DIV/0! | AQ101: =AE101-AD101 -> 0
A102: 1.12.5.2. | B102: - по технологии EVDO | C102: з | AC102: =SUM(D102:O102) -> 0 | AD102: =SUM(P102:AA102) -> 0 | AF102: =AD102/AC102 -> #DIV/0! | AG102: =AE102/AD102 -> #DIV/0! | AQ102: =AE102-AD102 -> 0
A103: 1.12.5.3 | B103: - прочие | C103: з | AC103: =SUM(D103:O103) -> 0 | AD103: =SUM(P103:AA103) -> 0 | AF103: =AD103/AC103 -> #DIV/0! | AG103: =AE103/AD103 -> #DIV/0! | AQ103: =AE103-AD103 -> 0
A104: 1.12.6 | B104: IP VPN | C104: з | AC104: =SUM(D104:O104) -> 0 | AD104: =SUM(P104:AA104) -> 0 | AF104: =AD104/AC104 -> #DIV/0! | AG104: =AE104/AD104 -> #DIV/0! | AQ104: =AE104-AD104 -> 0
A105: 1.12.7 | B105: услуги FRAME RELAY | C105: з | AC105: =SUM(D105:O105) -> 0 | AD105: =SUM(P105:AA105) -> 0 | AF105: =AD105/AC105 -> #DIV/0! | AG105: =AE105/AD105 -> #DIV/0! | AQ105: =AE105-AD105 -> 0
A106: 1.12.8 | B106: доходы VPDN | C106: з | AC106: =SUM(D106:O106) -> 0 | AD106: =SUM(P106:AA106) -> 0 | AF106: =AD106/AC106 -> #DIV/0! | AG106: =AE106/AD106 -> #DIV/0! | AQ106: =AE106-AD106 -> 0
A107: 1.12.9 | B107: коммутируемый доступ | C107: з | AC107: =SUM(D107:O107) -> 0 | AD107: =SUM(P107:AA107) -> 0 | AF107: =AD107/AC107 -> #DIV/0! | AG107: =AE107/AD107 -> #DIV/0! | AQ107: =AE107-AD107 -> 0
...

Sheet АХО комменты
A4: № п/п | B4: Наименование показателей | C4: 2022 год утвержденный по СФ | D4: 2023 год утвержденный по СФ | E4: 2024 год утвержденный по СФ | F4: 2025 год утвержденный по СФ | G4: 2025 год уточненный по СФ | H4: 2025 год факт по СФ | I4: 2026 год утвержденный по СФ | J4: 2026 год уточненный по СФ | K4: 2026 год факт 1 пг по СФ | L4: 2027 плановые потребности по СФ | M4: Январь | N4: Февраль | O4: Март | P4: Апрель | Q4: Май | R4: Июнь | S4: Июль | T4: Август | U4: Сентябрь | V4: Октябрь | W4: Ноябрь | X4: Декабрь | Y4: Изменение ОБ 2027 (вариант 1) | Z4: Проект 2027 (с изменением вариант 1) | AA4: до 7% роста от уточненного плана 2026 | AB4: Отклонение Проекта 2027 от роста свыше 7% | AC4: Изменение ОБ 2027 (вариант 2) | AD4: Проект 2027 (с изменением вариант 2) | AE4: Отклонение Проекта 2027 вариант 2 от первоначального | AF4: Отклонение Проекта 2027 вариант 2 от уточн 2026 | AG4: Изменение ОБ 2027 (вариант 3) | AH4: Проект 2027 (с изменением вариант 2) | AI4: Отклонение Проекта 2027 вариант 2 от первоначального | AJ4: Отклонение Проекта 2027 вариант 2 от уточн 2026 | AK4: Комментарии
B5: Административно-хозяйственный отдел | C5: =C8+C11+#REF!+C34+C48+C49+C51+C52+C53+C6+C32+C7+C33+C12+C37 -> #REF! | D5: =D8+D11+#REF!+D34+D48+D49+D51+D52+D53+D6+D32+D7+D33+D12+D37 -> #REF! | E5: =E8+E11+#REF!+E34+E48+E49+E51+E52+E53+E6+E32+E7+E33+E12+E37 -> #REF! | F5: =F8+F11+#REF!+F34+F48+F49+F51+F52+F53+F6+F32+F7+F33+F12+F37 -> #REF! | G5: =G8+G11+#REF!+G34+G48+G49+G51+G52+G53+G6+G32+G7+G33+G12+G37 -> #REF! | H5: =H8+H11+#REF!+H34+H48+H49+H51+H52+H53+H6+H32+H7+H33+H12+H37 -> #REF! | I5: =I8+I11+#REF!+I34+I48+I49+I51+I52+I53+I6+I32+I7+I33+I12+I37 -> #REF! | AC5: =AC8+AC11+#REF!+AC34+AC48+AC49+AC51+AC52+AC53+AC6+AC32+AC7+AC33+AC12+AC37 -> #REF! | AD5: =AD8+AD11+#REF!+AD34+AD48+AD49+AD51+AD52+AD53+AD6+AD32+AD7+AD33+AD12+AD37 -> #REF! | AE5: =AE8+AE11+#REF!+AE34+AE48+AE49+AE51+AE52+AE53+AE6+AE32+AE7+AE33+AE12+AE37 -> #REF! | AF5: =AF8+AF11+#REF!+AF34+AF48+AF49+AF51+AF52+AF53+AF6+AF32+AF7+AF33+AF12+AF37 -> #REF! | AG5: =AG8+AG11+#REF!+AG34+AG48+AG49+AG51+AG52+AG53+AG6+AG32+AG7+AG33+AG12+AG37 -> #REF! | AH5: =AH8+AH11+#REF!+AH34+AH48+AH49+AH51+AH52+AH53+AH6+AH32+AH7+AH33+AH12+AH37 -> #REF! | AI5: =AI8+AI11+#REF!+AI34+AI48+AI49+AI51+AI52+AI53+AI6+AI32+AI7+AI33+AI12+AI37 -> #REF! | AJ5: =AJ8+AJ11+#REF!+AJ34+AJ48+AJ49+AJ51+AJ52+AJ53+AJ6+AJ32+AJ7+AJ33+AJ12+AJ37 -> #REF!
A6: 2.1.3. | B6: Запчасти для информационных технологий (МФУ) | C6: 0 | D6: 15500 | E6: 17385 | F6: 17385 | G6: 4778 | I6: 0 | L6: =SUM(M6:X6) -> 0 | Z6: =L6+Y6 -> 0 | AA6: =J6*1.07 -> 0 | AB6: =Z6-AA6 -> 0 | AD6: =Z6+AC6 -> 0 | AE6: =AD6-L6 -> 0 | AF6: =AD6-J6 -> 0 | AH6: =AD6+AG6 -> 0 | AI6: =AH6-L6 -> 0 | AJ6: =AH6-J6 -> 0
A7: 2.1.3. | B7: Запчасти для информационных технологий (ИТ) | C7: 38271 | D7: 0 | E7: 10950 | F7: 10950 | G7: 17521 | H7: 15906 | I7: 135103 | J7: 1242 | K7: 1320 | L7: =SUM(M7:X7) -> 12012 | M7: 0 | N7: 0 | O7: 0 | P7: 0 | Q7: 0 | R7: 1716 | S7: 1716 | T7: 1716 | U7: 1716 | V7: 1716 | W7: 1716 | X7: 1716 | Z7: =L7+Y7 -> 12012 | AA7: =J7*1.07 -> 1328.94 | AB7: =Z7-AA7 -> 10683.06 | AD7: =Z7+AC7 -> 12012 | AE7: =AD7-L7 -> 0 | AF7: =AD7-J7 -> 10770 | AH7: =AD7+AG7 -> 12012 | AI7: =AH7-L7 -> 0 | AJ7: =AH7-J7 -> 10770 | AK7: Плановые потребности 2026г были скорректированы на потребность аренда МФУ. Плановая потребность 2026 года 149 млн.
A8: 2.4.8 | B8: Обслуживание и ремонт технических средств | C8: =C9+C10 -> 38453 | D8: =D9+D10 -> 17392 | E8: =E9+E10 -> 27962 | F8: =F9+F10 -> 22915 | G8: =G9+G10 -> 22915 | H8: =H9+H10 -> 22399 | I8: =I9+I10 -> 123195 | J8: =J9+J10 -> 123195 | K8: =K9+K10 -> 2266 | L8: =SUM(M8:X8) -> 221994 | M8: =M9+M10 -> 427 | N8: =N9+N10 -> 428 | O8: =O9+O10 -> 535 | P8: =P9+P10 -> 16084 | Q8: =Q9+Q10 -> 24056 | R8: =R9+R10 -> 36963 | S8: =S9+S10 -> 27258 | T8: =T9+T10 -> 24214 | ... AJ8: =AJ9+AJ10 -> 98799
B9: ТО и ремонт систем вентиляции и кондиц. | C9: 20995 | I9: 75156 | J9: 75156 | K9: 0 | L9: =SUM(M9:X9) -> 86212 | M9: 427 | N9: 428 | O9: 535 | P9: 938 | Q9: 8965 | R9: 21872 | S9: 12167 | T9: 9123 | U9: 9021 | V9: 8191 | W9: 7241 | X9: 7304 | Z9: =L9+Y9 -> 86212 | AA9: =J9*1.07 -> 80416.92 | AB9: =Z9-AA9 -> 5795.08 | AD9: =Z9+AC9 -> 86212 | AE9: =AD9-L9 -> 0 | AF9: =AD9-J9 -> 11056 | AH9: =AD9+AG9 -> 86212 | AI9: =AH9-L9 -> 0 | AJ9: =AH9-J9 -> 11056 | AK9: Формирование бюджета с учетом добавления новых объектов в г.Астана и г.Шымкент, увеличение общего планирования услуг (производств+адм) на 6 %. (Шымкент- Казбек би 15, Астана- Алаш 20). Также в октябре мес 2026 запланировано заключение дополнительного соглашения по г.Алматы на сумму 4500 тыс тг.
B10: Обслуживание и ремонт оргтехники | C10: 17458 | D10: 17392 | E10: 27962 | F10: 22915 | G10: 22915 | H10: 22399 | I10: 48039 | J10: 48039 | K10: 2266 | L10: =SUM(M10:X10) -> 135782 | M10: 0 | N10: 0 | O10: 0 | P10: 15146 | Q10: 15091 | R10: 15091 | S10: 15091 | T10: 15091 | U10: 15091 | V10: 15091 | W10: 15091 | X10: 14999 | Z10: =L10+Y10 -> 135782 | AA10: =J10*1.07 -> 51401.73 | AB10: =Z10-AA10 -> 84380.27 | AD10: =Z10+AC10 -> 135782 | AE10: =AD10-L10 -> 0 | AF10: =AD10-J10 -> 87743 | AH10: =AD10+AG10 -> 135782 | AI10: =AH10-L10 -> 0 | AJ10: =AH10-J10 -> 87743 | AK10: Пранируется заключение договора на 2027 на обслуживание орг техники куда будет включена услуга по замене расходных материаллов, запчастей, проведение модернизации ПК и орг техники (картриджи, жусткие диски, процессоры и тд) Увелечение за счет статьи запасные части для ИТ (100 млн)
A11: 2.4.10 | B11: Аренда основных средств производственного назначения (МФУ) | C11: 35491 | D11: 249841 | E11: 257726 | F11: 257737 | G11: 243937 | H11: 15212 | I11: 0 | J11: 173463 | K11: 0 | L11: =SUM(M11:X11) -> 543308 | M11: 45280 | N11: 45280 | O11: 45280 | P11: 45280 | Q11: 45280 | R11: 45280 | S11: 45280 | T11: 45280 | U11: 45280 | V11: 45280 | W11: 45278 | X11: 45230 | Z11: =L11+Y11 -> 543308 | AA11: =J11*1.07 -> 185605.41 | AB11: =Z11-AA11 -> 357702.59 | AD11: =Z11+AC11 -> 543308 | AE11: =AD11-L11 -> 0 | AF11: =AD11-J11 -> 369845 | AH11: =AD11+AG11 -> 543308 | AI11: =AH11-L11 -> 0 | AJ11: =AH11-J11 -> 369845 | AK11: Проект 2027 года : Кол-во МФУ 368, по цене 75915 тг, общая сумма 339 404 тыс тг Кол-во сип телефонов- 792, цена- 1912 тг, сумма 17288 тыс тг Кол-во моноблоко- 792, цена- 37780, сумма 359 061 тыс тг Кол-во ноутбуков- 250, цена- 37 780 тг, общая сумма 1130340 тыс тг. Цены за услуги аренды предусмотрены согласно предоставленным КП от поставщика услуг за 2026 год. Кол-во сотрудников дислоцированных в городах республ и обл значения 853 чел.
A12: 2.4.11 | B12: Коммунальные услуги | C12: =SUM(C13:C31) -> 579847 | D12: =SUM(D13:D31) -> 718826 | E12: =SUM(E13:E31) -> 807576 | F12: =SUM(F13:F31) -> 854421 | G12: =SUM(G13:G31) -> 1151078 | H12: =SUM(H13:H31) -> 1004047 | I12: =SUM(I13:I31) -> 1233446 | J12: =SUM(J13:J31) -> 1265804 | ... AJ12: =SUM(AJ13:AJ31) -> 56939
B13: Газ | C13: 16262 | D13: 9215 | E13: 34788 | F13: 36527 | G13: 54026 | H13: 47433 | I13: 54884 | J13: 53071 | K13: 38761 | L13: =SUM(M13:X13) -> 90153 | M13: 12868 | N13: 12853 | O13: 12833 | P13: 12829 | Q13: 0 | R13: 0 | S13: 0 | T13: 0 | U13: 0 | V13: 12889 | W13: 12925 | X13: 12956 | Y13: -2665 | Z13: =L13+Y13 -> 87488 | AA13: =J13*1.07 -> 56785.97 | AB13: =Z13-AA13 -> 30702.03 | AD13: =Z13+AC13 -> 87488 | AE13: =AD13-L13 -> -2665 | AF13: =AD13-J13 -> 34417 | AH13: =AD13+AG13 -> 87488 | AI13: =AH13-L13 -> -2665 | AJ13: =AH13-J13 -> 34417 | AK13: Проведен анализ. Фактический рост тарифа на услуги газа в сравнение 2025-2026 годов составляет 47%. Планирование бюджета на основании потребностей и предоставленных документов от регионов (ЭСФ, уведомления). При планировании учтен аналогичный рост тарифов на 2027 год.
B14: Водоснабжение, водоотведение | C14: 110945 | D14: 119072 | E14: 147171 | F14: 154530 | G14: =59378+114784 -> 174162 | H14: 137029 | I14: 181689 | J14: =96609+115524 -> 212133 | K14: 76088 | L14: =SUM(M14:X14) -> 230002 | M14: 19134 | N14: 19136 | O14: 19159 | P14: 19087 | Q14: 19199 | R14: 19264 | S14: 19113 | T14: 19159 | U14: 19235 | V14: 19144 | W14: 19185 | X14: 19187 | Z14: =L14+Y14 -> 230002 | AA14: =J14*1.07 -> 226982.31 | AB14: =Z14-AA14 -> 3019.69 | AD14: =Z14+AC14 -> 230002 | AE14: =AD14-L14 -> 0 | AF14: =AD14-J14 -> 17869 | AH14: =AD14+AG14 -> 230002 | AI14: =AH14-L14 -> 0 | AJ14: =AH14-J14 -> 17869 | AK14: Проведен анализ. Фактический рост тарифа на услуги водоснабжения и водоотведения в сравнение 2025-2026 годов составляет 29%. Планирование бюджета на основании потребностей и предоставленных документов от регионов (ЭСФ, уведомления).
B15: Ком. расходы при аренде недвижимости | C15: 11245 | D15: 4800 | E15: 11521 | F15: 12096 | G15: 15831 | H15: 9331 | I15: 18682 | J15: 22284 | K15: 7843 | L15: =SUM(M15:X15) -> 23636 | M15: 2801 | N15: 2809 | O15: 2820 | P15: 2824 | Q15: 783 | R15: 774 | S15: 772 | T15: 775 | U15: 774 | V15: 2830 | W15: 2837 | X15: 2837 | Z15: =L15+Y15 -> 23636 | AA15: =J15*1.07-208 -> 23635.88 | AB15: =Z15-AA15 -> 0.12 | AD15: =Z15+AC15 -> 23636 | AE15: =AD15-L15 -> 0 | AF15: =AD15-J15 -> 1352 | AH15: =AD15+AG15 -> 23636 | AI15: =AH15-L15 -> 0 | AJ15: =AH15-J15 -> 1352
B16: Теплоэнергия | C16: 433039 | D16: 557820 | E16: 609292 | F16: 646223 | G16: 870251 | H16: 831863 | I16: 753107 | J16: 783371 | K16: 587559 | L16: =SUM(M16:X16) -> 975511 | M16: 151941 | N16: 146311 | O16: 139189 | P16: 125893 | Q16: 0 | R16: 0 | S16: 0 | T16: 0 | U16: 0 | V16: 126606 | W16: 137337 | X16: 148234 | Z16: =L16+Y16 -> 975511 | AA16: =J16*1.07 -> 838206.97 | AB16: =Z16-AA16 -> 137304.03 | AD16: =Z16+AC16 -> 975511 | AE16: =AD16-L16 -> 0 | AF16: =AD16-J16 -> 192140 | AH16: =AD16+AG16 -> 975511 | AI16: =AH16-L16 -> 0 | AJ16: =AH16-J16 -> 192140 | AK16: Проведен анализ. Фактический рост тарифа на услуги теплоснабжение в сравнение 2025-2026 годов составляет 25%. Планирование бюджета на основании потребностей и предоставленных документов от регионов (ЭСФ, уведомления).
B17: Услуги КСК | C17: 8174 | D17: 27548 | E17: 4804 | F17: 5045 | G17: 5282 | H17: 4655 | I17: 7242 | J17: 5707 | K17: 903 | L17: =SUM(M17:X17) -> 8399 | M17: 688 | N17: 692 | O17: 692 | P17: 687 | Q17: 687 | R17: 694 | S17: 703 | T17: 708 | U17: 707 | V17: 712 | W17: 714 | X17: 715 | Y17: -2293 | Z17: =L17+Y17 -> 6106 | AA17: =J17*1.07 -> 6106.49 | AB17: =Z17-AA17 -> -0.49 | AD17: =Z17+AC17 -> 6106 | AE17: =AD17-L17 -> -2293 | AF17: =AD17-J17 -> 399 | AH17: =AD17+AG17 -> 6106 | AI17: =AH17-L17 -> -2293 | AJ17: =AH17-J17 -> 399
B18: Перенос возмещения ком.услуг | H18: -50221 | K18: -35026 | L18: =SUM(M18:X18) -> 0 | Z18: =L18+Y18 -> 0 | AA18: =J18*1.07 -> 0 | AB18: =Z18-AA18 -> 0 | AD18: =Z18+AC18 -> 0 | AE18: =AD18-L18 -> 0 | AF18: =AD18-J18 -> 0 | AH18: =AD18+AG18 -> 0 | AI18: =AH18-L18 -> 0 | AJ18: =AH18-J18 -> 0
B19: Вывоз мусора | C19: 0 | D19: 0 | E19: 0 | F19: 0 | G19: 17495 | H19: 13493 | I19: 105125 | J19: 92560 | K19: 28865 | L19: =SUM(M19:X19) -> 0 | Z19: =L19+Y19 -> 0 | AA19: =J19*1.07-99039 -> 0.2 | AB19: =Z19-AA19 -> -0.2 | AD19: =Z19+AC19 -> 0 | AE19: =AD19-L19 -> 0 | AF19: =AD19-J19 -> -92560 | AH19: =AD19+AG19 -> 0 | AI19: =AH19-L19 -> 0 | AJ19: =AH19-J19 -> -92560
B20: Откачка септика | C20: 182 | D20: 182 | E20: 0 | F20: 0 | G20: 601 | H20: 531 | I20: 0 | L20: =SUM(M20:X20) -> 0 | Z20: =L20+Y20 -> 0 | AA20: =J20*1.07 -> 0 | AB20: =Z20-AA20 -> 0 | AD20: =Z20+AC20 -> 0 | AE20: =AD20-L20 -> 0 | AF20: =AD20-J20 -> 0 | AH20: =AD20+AG20 -> 0 | AI20: =AH20-L20 -> 0 | AJ20: =AH20-J20 -> 0
B21: Дезинсекция, дератизация | G21: 12779 | H21: 9933 | I21: 66244 | J21: 57031 | K21: 15977 | L21: =SUM(M21:X21) -> 0 | Z21: =L21+Y21 -> 0 | AA21: =J21*1.07-61023 -> 0.17 | AB21: =Z21-AA21 -> -0.17 | AD21: =Z21+AC21 -> 0 | AE21: =AD21-L21 -> 0 | AF21: =AD21-J21 -> -57031 | AH21: =AD21+AG21 -> 0 | AI21: =AH21-L21 -> 0 | AJ21: =AH21-J21 -> -57031
B22: Анализ воды | D22: 189 | I22: 0 | L22: =SUM(M22:X22) -> 0 | Z22: =L22+Y22 -> 0 | AA22: =J22*1.07 -> 0 | AB22: =Z22-AA22 -> 0 | AD22: =Z22+AC22 -> 0 | AE22: =AD22-L22 -> 0 | AF22: =AD22-J22 -> 0 | AH22: =AD22+AG22 -> 0 | AI22: =AH22-L22 -> 0 | AJ22: =AH22-J22 -> 0
B23: Поверка средств измерений и счетчиков | I23: 550 | J23: 470 | L23: =SUM(M23:X23) -> 0 | Z23: =L23+Y23 -> 0 | AA23: =J23*1.07-503 -> -0.1 | AB23: =Z23-AA23 -> 0.1 | AD23: =Z23+AC23 -> 0 | AE23: =AD23-L23 -> 0 | AF23: =AD23-J23 -> -470 | AH23: =AD23+AG23 -> 0 | AI23: =AH23-L23 -> 0 | AJ23: =AH23-J23 -> -470
B24: Ком услуги (промывка, опресовка, обследование) | I24: 0 | L24: =SUM(M24:X24) -> 0 | Z24: =L24+Y24 -> 0 | AA24: =J24*1.07 -> 0 | AB24: =Z24-AA24 -> 0 | AD24: =Z24+AC24 -> 0 | AE24: =AD24-L24 -> 0 | AF24: =AD24-J24 -> 0 | AH24: =AD24+AG24 -> 0 | AI24: =AH24-L24 -> 0 | AJ24: =AH24-J24 -> 0
B25: Сервисное обслуживание теплосчетчиков | I25: 21147 | J25: 19047 | K25: 5658 | L25: =SUM(M25:X25) -> 0 | Z25: =L25+Y25 -> 0 | AA25: =J25*1.07-20380 -> 0.29 | AB25: =Z25-AA25 -> -0.29 | AD25: =Z25+AC25 -> 0 | AE25: =AD25-L25 -> 0 | AF25: =AD25-J25 -> -19047 | AH25: =AD25+AG25 -> 0 | AI25: =AH25-L25 -> 0 | AJ25: =AH25-J25 -> -19047
B26: ТО и ремонт приборов учета тепла | I26: 18708 | J26: 17512 | K26: =4955+281 -> 5236 | L26: =SUM(M26:X26) -> 0 | Z26: =L26+Y26 -> 0 | AA26: =J26*1.07-18738 -> -0.16 | AB26: =Z26-AA26 -> 0.16 | AD26: =Z26+AC26 -> 0 | AE26: =AD26-L26 -> 0 | AF26: =AD26-J26 -> -17512 | AH26: =AD26+AG26 -> 0 | AI26: =AH26-L26 -> 0 | AJ26: =AH26-J26 -> -17512
B27: Услуги по газификации | I27: 0 | L27: =SUM(M27:X27) -> 0 | Z27: =L27+Y27 -> 0 | AA27: =J27*1.07 -> 0 | AB27: =Z27-AA27 -> 0 | AD27: =Z27+AC27 -> 0 | AE27: =AD27-L27 -> 0 | AF27: =AD27-J27 -> 0 | AH27: =AD27+AG27 -> 0 | AI27: =AH27-L27 -> 0 | AJ27: =AH27-J27 -> 0
B28: Услуги по захоронению отходов | G28: 651 | I28: 0 | L28: =SUM(M28:X28) -> 0 | Z28: =L28+Y28 -> 0 | AA28: =J28*1.07 -> 0 | AB28: =Z28-AA28 -> 0 | AD28: =Z28+AC28 -> 0 | AE28: =AD28-L28 -> 0 | AF28: =AD28-J28 -> 0 | AH28: =AD28+AG28 -> 0 | AI28: =AH28-L28 -> 0 | AJ28: =AH28-J28 -> 0
B29: Услуги по калибровке емкостей | I29: 0 | L29: =SUM(M29:X29) -> 0 | Z29: =L29+Y29 -> 0 | AA29: =J29*1.07 -> 0 | AB29: =Z29-AA29 -> 0 | AD29: =Z29+AC29 -> 0 | AE29: =AD29-L29 -> 0 | AF29: =AD29-J29 -> 0 | AH29: =AD29+AG29 -> 0 | AI29: =AH29-L29 -> 0 | AJ29: =AH29-J29 -> 0
B30: Услуги по опломбированию приборов учета | I30: 6068 | J30: 2618 | K30: =6+177 -> 183 | L30: =SUM(M30:X30) -> 0 | Z30: =L30+Y30 -> 0 | AA30: =J30*1.07-2801 -> 0.26 | AB30: =Z30-AA30 -> -0.26 | AD30: =Z30+AC30 -> 0 | AE30: =AD30-L30 -> 0 | AF30: =AD30-J30 -> -2618 | AH30: =AD30+AG30 -> 0 | AI30: =AH30-L30 -> 0 | AJ30: =AH30-J30 -> -2618
B31: Услуги экспертного обследования тепловых установок | I31: 0 | L31: =SUM(M31:X31) -> 0 | Z31: =L31+Y31 -> 0 | AA31: =J31*1.07 -> 0 | AB31: =Z31-AA31 -> 0 | AD31: =Z31+AC31 -> 0 | AE31: =AD31-L31 -> 0 | AF31: =AD31-J31 -> 0 | AH31: =AD31+AG31 -> 0 | AI31: =AH31-L31 -> 0 | AJ31: =AH31-J31 -> 0
A32: 4.1.1. | B32: Запчасти для информационных технологий (МФУ) | C32: 0 | D32: 4500 | E32: 5130 | F32: 5130 | G32: 1671 | H32: 47 | I32: 0 | L32: =SUM(M32:X32) -> 0 | Z32: =L32+Y32 -> 0 | AA32: =J32*1.07 -> 0 | AB32: =Z32-AA32 -> 0 | AD32: =Z32+AC32 -> 0 | AE32: =AD32-L32 -> 0 | AF32: =AD32-J32 -> 0 | AH32: =AD32+AG32 -> 0 | AI32: =AH32-L32 -> 0 | AJ32: =AH32-J32 -> 0
A33: 4.1.1. | B33: Запчасти для информационных технологий (ИТ) | C33: 27614 | D33: 0 | E33: 10285 | F33: 10285 | G33: 10273 | H33: 10597 | I33: 14571 | J33: 291 | K33: 0 | L33: =SUM(M33:X33) -> 8482 | M33: 0 | N33: 0 | O33: 0 | P33: 0 | Q33: 0 | R33: 1212 | S33: 1212 | T33: 1212 | U33: 1212 | V33: 1212 | W33: 1212 | X33: 1210 | Z33: =L33+Y33 -> 8482 | AA33: =J33*1.07 -> 311.37 | AB33: =Z33-AA33 -> 8170.63 | AD33: =Z33+AC33 -> 8482 | AE33: =AD33-L33 -> 0 | AF33: =AD33-J33 -> 8191 | AH33: =AD33+AG33 -> 8482 | AI33: =AH33-L33 -> 0 | AJ33: =AH33-J33 -> 8191 | AK33: Плановые потребности 2026г были скорректированы на аренду МФУ, план 2026 был 149 мил
A34: 4.1.8 | B34: Обслуживание и ремонт технических средств | C34: =C35+C36 -> 19680 | D34: =D35+D36 -> 15476 | E34: =E35+E36 -> 13755 | F34: =F35+F36 -> 16739 | G34: =G35+G36 -> 16739 | H34: =H35+H36 -> 7595 | I34: =I35+I36 -> 18961 | J34: =J35+J36 -> 18641 | K34: =K35+K36 -> 1810 | L34: =SUM(M34:X34) -> 25738 | M34: =M35+M36 -> 0 | N34: =N35+N36 -> 0 | O34: =O35+O36 -> 0 | P34: =P35+P36 -> 2585 | Q34: =Q35+Q36 -> 2721 | R34: =R35+R36 -> 3415 | S34: =S35+S36 -> 3415 | T34: =T35+T36 -> 2721 | ... AJ34: =AJ35+AJ36 -> 7097
B35: ТО и ремонт систем вентиляции и кондиц. | C35: 2230 | D35: 0 | E35: 0 | F35: 0 | I35: 8401 | J35: 8401 | K35: 0 | L35: =SUM(M35:X35) -> 2537 | M35: 0 | N35: 0 | O35: 0 | P35: 0 | Q35: 144 | R35: 838 | S35: 838 | T35: 144 | U35: 144 | V35: 143 | W35: 143 | X35: 143 | Z35: =L35+Y35 -> 2537 | AA35: =J35*1.07-6452 -> 2537.07 | AB35: =Z35-AA35 -> -0.07 | AD35: =Z35+AC35 -> 2537 | AE35: =AD35-L35 -> 0 | AF35: =AD35-J35 -> -5864 | AH35: =AD35+AG35 -> 2537 | AI35: =AH35-L35 -> 0 | AJ35: =AH35-J35 -> -5864
B36: Обслуживание и ремонт оргтехники | C36: 17450 | D36: 15476 | E36: 13755 | F36: 16739 | G36: 16739 | H36: 7595 | I36: 10560 | J36: 10240 | K36: 1810 | L36: =SUM(M36:X36) -> 23201 | M36: 0 | N36: 0 | O36: 0 | P36: 2585 | Q36: 2577 | R36: 2577 | S36: 2577 | T36: 2577 | U36: 2577 | V36: 2577 | W36: 2577 | X36: 2577 | Z36: =L36+Y36 -> 23201 | AA36: =J36*1.07 -> 10956.8 | AB36: =Z36-AA36 -> 12244.2 | AD36: =Z36+AC36 -> 23201 | AE36: =AD36-L36 -> 0 | AF36: =AD36-J36 -> 12961 | AH36: =AD36+AG36 -> 23201 | AI36: =AH36-L36 -> 0 | AJ36: =AH36-J36 -> 12961 | AK36: Пранируется заключение договора на 2027 на обслуживание орг техники куда будет включена услуга по замене расходных материаллов, запчастей, проведение модернизации ПК и орг техники (картриджи, жусткие диски, процессоры и тд) Увелечение за счет статьи запасные части для ИТ (100 млн)
A37: 4.1.11 | B37: Коммунальные услуги | C37: =SUM(C38:C47) -> 30902 | D37: =SUM(D38:D47) -> 35571 | E37: =SUM(E38:E47) -> 37954 | F37: =SUM(F38:F47) -> 33384 | G37: =SUM(G38:G47) -> 76907 | H37: =SUM(H38:H47) -> 51015 | I37: =SUM(I38:I47) -> 31578 | J37: =SUM(J38:J47) -> 31576 | ... AJ37: =SUM(AJ38:AJ47) -> 4411
B38: Водоснабжение, водоотведение | C38: =1549+4952 -> 6501 | D38: =1650+9102 -> 10752 | E38: =2142+6279 -> 8421 | F38: =2804+6335 -> 9139 | G38: =2586+7074 -> 9660 | H38: 3562 | I38: =1852+2978 -> 4830 | J38: =1691+2831 -> 4522 | K38: 2536 | L38: =SUM(M38:X38) -> 5815 | M38: 479 | N38: 481 | O38: 482 | P38: 484 | Q38: 482 | R38: 485 | S38: 483 | T38: 487 | U38: 487 | V38: 489 | W38: 487 | X38: 489 | Z38: =L38+Y38 -> 5815 | AA38: =J38*1.07 -> 4838.54 | AB38: =Z38-AA38 -> 976.46 | AD38: =Z38+AC38 -> 5815 | AE38: =AD38-L38 -> 0 | AF38: =AD38-J38 -> 1293 | AH38: =AD38+AG38 -> 5815 | AI38: =AH38-L38 -> 0 | AJ38: =AH38-J38 -> 1293 | AK38: Проведен анализ. Фактический рост тарифа на услуги водоснабжения и водоотведения в сравнение 2025-2026 годов составляет 29%. Планирование бюджета на основании потребностей и предоставленных документов от регионов (ЭСФ, уведомления).
B39: Теплоэнергия | C39: 24169 | D39: 24206 | E39: 29459 | F39: 24171 | G39: 63944 | H39: 45799 | I39: 21737 | J39: 22044 | K39: 15117 | L39: =SUM(M39:X39) -> 30172 | M39: 3368 | N39: 3368 | O39: 3318 | P39: 3295 | Q39: 1350 | R39: 1335 | S39: 1316 | T39: 1266 | U39: 1552 | V39: 3297 | W39: 3319 | X39: 3388 | Z39: =L39+Y39 -> 30172 | AA39: =J39*1.07 -> 23587.08 | AB39: =Z39-AA39 -> 6584.92 | AD39: =Z39+AC39 -> 30172 | AE39: =AD39-L39 -> 0 | AF39: =AD39-J39 -> 8128 | AH39: =AD39+AG39 -> 30172 | AI39: =AH39-L39 -> 0 | AJ39: =AH39-J39 -> 8128 | AK39: Проведен анализ. Фактический рост тарифа на услуги теплоснабжение в сравнение 2025-2026 годов составляет 25%. Планирование бюджета на основании потребностей и предоставленных документов от регионов (ЭСФ, уведомления).
B40: Услуги КСК | C40: 181 | D40: 613 | E40: 74 | F40: 74 | G40: 72 | H40: 48 | I40: 0 | L40: =SUM(M40:X40) -> 0 | Z40: =L40+Y40 -> 0 | AA40: =J40*1.07 -> 0 | AB40: =Z40-AA40 -> 0 | AD40: =Z40+AC40 -> 0 | AE40: =AD40-L40 -> 0 | AF40: =AD40-J40 -> 0 | AH40: =AD40+AG40 -> 0 | AI40: =AH40-L40 -> 0 | AJ40: =AH40-J40 -> 0
B41: Вывоз мусора | G41: 2425 | H41: 1357 | I41: 2269 | J41: 2269 | K41: 1021 | L41: =SUM(M41:X41) -> 0 | Z41: =L41+Y41 -> 0 | AA41: =J41*1.07-2428 -> -0.17 | AB41: =Z41-AA41 -> 0.17 | AD41: =Z41+AC41 -> 0 | AE41: =AD41-L41 -> 0 | AF41: =AD41-J41 -> -2269 | AH41: =AD41+AG41 -> 0 | AI41: =AH41-L41 -> 0 | AJ41: =AH41-J41 -> -2269
B42: Дератизация | G42: 682 | H42: 249 | I42: 1170 | J42: 1170 | K42: 580 | L42: =SUM(M42:X42) -> 0 | Z42: =L42+Y42 -> 0 | AA42: =J42*1.07-1252 -> -0.1 | AB42: =Z42-AA42 -> 0.1 | AD42: =Z42+AC42 -> 0 | AE42: =AD42-L42 -> 0 | AF42: =AD42-J42 -> -1170 | AH42: =AD42+AG42 -> 0 | AI42: =AH42-L42 -> 0 | AJ42: =AH42-J42 -> -1170
B43: Ком. расходы при аренде недвижимости | I43: 1200 | J43: 1200 | L43: =SUM(M43:X43) -> 0 | Z43: =L43+Y43 -> 0 | AA43: =J43*1.07-1284 -> 0 | AB43: =Z43-AA43 -> 0 | AD43: =Z43+AC43 -> 0 | AE43: =AD43-L43 -> 0 | AF43: =AD43-J43 -> -1200 | AH43: =AD43+AG43 -> 0 | AI43: =AH43-L43 -> 0 | AJ43: =AH43-J43 -> -1200
B44: Газ | C44: 51 | G44: 124 | I44: 0 | L44: =SUM(M44:X44) -> 0 | Z44: =L44+Y44 -> 0 | AA44: =J44*1.07 -> 0 | AB44: =Z44-AA44 -> 0 | AD44: =Z44+AC44 -> 0 | AE44: =AD44-L44 -> 0 | AF44: =AD44-J44 -> 0 | AH44: =AD44+AG44 -> 0 | AI44: =AH44-L44 -> 0 | AJ44: =AH44-J44 -> 0
B45: Сервисное обслуживание теплосчетчиков | I45: 192 | J45: 191 | K45: 74 | L45: =SUM(M45:X45) -> 0 | Z45: =L45+Y45 -> 0 | AA45: =J45*1.07-204 -> 0.37 | AB45: =Z45-AA45 -> -0.37 | AD45: =Z45+AC45 -> 0 | AE45: =AD45-L45 -> 0 | AF45: =AD45-J45 -> -191 | AH45: =AD45+AG45 -> 0 | AI45: =AH45-L45 -> 0 | AJ45: =AH45-J45 -> -191
B46: ТО и ремонт приборов учета тепла | I46: 180 | J46: 180 | K46: 62 | L46: =SUM(M46:X46) -> 0 | Z46: =L46+Y46 -> 0 | AA46: =J46*1.07-193 -> -0.4 | AB46: =Z46-AA46 -> 0.4 | AD46: =Z46+AC46 -> 0 | AE46: =AD46-L46 -> 0 | AF46: =AD46-J46 -> -180 | AH46: =AD46+AG46 -> 0 | AI46: =AH46-L46 -> 0 | AJ46: =AH46-J46 -> -180
B47: Услуги по откачке септика | I47: 0 | L47: =SUM(M47:X47) -> 0 | Z47: =L47+Y47 -> 0 | AA47: =J47*1.07 -> 0 | AB47: =Z47-AA47 -> 0 | AD47: =Z47+AC47 -> 0 | AE47: =AD47-L47 -> 0 | AF47: =AD47-J47 -> 0 | AH47: =AD47+AG47 -> 0 | AI47: =AH47-L47 -> 0 | AJ47: =AH47-J47 -> 0
A48: 4.1.11 | B48: Аренда основных средств общеадминистративного назначения (МФУ) | C48: 70599 | D48: 76050 | E48: 76050 | F48: 76054 | G48: 76054 | H48: 21336 | I48: 0 | J48: 35593 | K48: 0 | L48: =SUM(M48:X48) -> 285785 | M48: 23816 | N48: 23816 | O48: 23816 | P48: 23816 | Q48: 23816 | R48: 23816 | S48: 23816 | T48: 23816 | U48: 23816 | V48: 23816 | W48: 23816 | X48: 23809 | Z48: =L48+Y48 -> 285785 | AA48: =J48*1.07 -> 38084.51 | AB48: =Z48-AA48 -> 247700.49 | AD48: =Z48+AC48 -> 285785 | AE48: =AD48-L48 -> 0 | AF48: =AD48-J48 -> 250192 | AH48: =AD48+AG48 -> 285785 | AI48: =AH48-L48 -> 0 | AJ48: =AH48-J48 -> 250192 | AK48: Проект 2027 года : Кол-во МФУ 368, по цене 75915 тг, общая сумма 339 404 тыс тг Кол-во сип телефонов- 792, цена- 1912 тг, сумма 17288 тыс тг Кол-во моноблоко- 792, цена- 37780, сумма 359 061 тыс тг Кол-во ноутбуков- 250, цена- 37 780 тг, общая сумма 113340 тыс тг. Цены за услуги аренды предусмотрены согласно предоставленным КП от поставщика услуг за 2026 год. Кол-во сотрудников дислоцированных в городах республ и обл значения 853 чел.
A49: 4.1.14 | B49: Услуги связи, всего | C49: 72933 | D49: 80108 | E49: 91693 | F49: 99600 | G49: 100700 | H49: 80256 | I49: 100350 | J49: 100146 | K49: 29547 | L49: =SUM(M49:X49) -> 100337 | M49: =7928+M50 -> 7928 | N49: =7940+N50 -> 7940 | O49: =7964+O50 -> 7964 | P49: =8008+P50 -> 8280 | Q49: =8018+Q50 -> 8291 | R49: =8030+R50 -> 8303 | S49: =8028+S50 -> 8301 | T49: =8020+T50 -> 8293 | U49: =8029+U50 -> 8302 | V49: =8048+V50 -> 8321 | W49: =8054+W50 -> 8327 | X49: =8051+X50 -> 10087 | Z49: =L49+Y49 -> 100337 | AA49: =J49*1.07-6819 -> 100337.22 | AB49: =Z49-AA49 -> -0.22 | AD49: =Z49+AC49 -> 100337 | AE49: =AD49-L49 -> 0 | AF49: =AD49-J49 -> 191 | AH49: =AD49+AG49 -> 100337 | AI49: =AH49-L49 -> 0 | AJ49: =AH49-J49 -> 191
B50: - из них: услуги сотовой связи | C50: 5625 | D50: 5625 | E50: 5625 | F50: 3482 | G50: 3482 | H50: 95 | I50: 4232 | J50: 4232 | K50: 96 | L50: =SUM(M50:X50) -> 4219 | M50: 0 | N50: 0 | O50: 0 | P50: 272 | Q50: 273 | R50: 273 | S50: 273 | T50: 273 | U50: 273 | V50: 273 | W50: 273 | X50: 2036 | Z50: =L50+Y50 -> 4219 | AA50: =J50*1.07-309 -> 4219.24 | AB50: =Z50-AA50 -> -0.24
A51: 4.1.15 | B51: Канцелярские, хозяйственные расходы | C51: 52881 | D51: 92633 | E51: 93613 | F51: 66881 | G51: 63598 | H51: 77559 | I51: 66880 | J51: 60147 | K51: 2274 | L51: =SUM(M51:X51) -> 70222 | M51: 42 | N51: 42 | O51: 42 | P51: 2567 | Q51: 2374.5 | R51: 1805.25 | S51: 1740.25 | T51: 3175.25 | U51: 36702 | V51: 7489.25 | W51: 2662.75 | X51: 11579.75 | Z51: =L51+Y51 -> 70222 | AA51: =J51*1.07 -> 64357.29 | AB51: =Z51-AA51 -> 5864.71 | AD51: =Z51+AC51 -> 70222 | AE51: =AD51-L51 -> 0 | AF51: =AD51-J51 -> 10075 | AH51: =AD51+AG51 -> 70222 | AI51: =AH51-L51 -> 0 | AJ51: =AH51-J51 -> 10075 | AK51: В 2026 году на аренду МФУ со статей канц-хоз товары В5-373 (ПНР) было скрорректированно 26 824 тг которые были предназначены на закуп потребностей регионов, а так же на 2027 год от ОДС было служебное письмо на потребность для комнат отдыха на сумму 16 688 тг.Указанные расходы не были предусмотрены Планом развития на 2027 год, в связи с чем включены в ОБ на 2027 год дополнительно для обеспечения необходимого оснащения комнаты отдыха монтеров и создания надлежащих условий для пребывания откомандированных .
A52: 4.1.16 | B52: Представительские расходы | C52: 107000 | D52: 107000 | E52: 107000 | F52: 50000 | G52: 119659 | H52: 85411 | I52: 57000 | J52: 197880 | K52: 152242 | L52: =SUM(M52:X52) -> 107000 | M52: 5681 | N52: 23872 | O52: 6873 | P52: 5691 | Q52: 5681 | R52: 6746 | S52: 23732 | T52: 5691 | U52: 5682 | V52: 5830 | W52: 5682 | X52: 5839 | Z52: =L52+Y52 -> 107000 | AA52: =J52*1.07-104732 -> 106999.6 | AB52: =Z52-AA52 -> 0.4 | AD52: =Z52+AC52 -> 107000 | AE52: =AD52-L52 -> 0 | AF52: =AD52-J52 -> -90880 | AH52: =AD52+AG52 -> 107000 | AI52: =AH52-L52 -> 0 | AJ52: =AH52-J52 -> -90880
A53: 4.1.23 | B53: Другие общие и административные расходы | C53: =C54+#REF! -> #REF! | D53: =D54+#REF! -> #REF! | E53: =E54+#REF! -> #REF! | F53: =F54+#REF! -> #REF! | G53: =G54+#REF! -> #REF! | H53: =H54+#REF! -> #REF! | I53: =I54+#REF! -> #REF! | AC53: =AC54+#REF! -> #REF! | AD53: =AD54+#REF! -> #REF! | AE53: =AE54+#REF! -> #REF! | AF53: =AF54+#REF! -> #REF! | AG53: =AG54+#REF! -> #REF! | AH53: =AH54+#REF! -> #REF! | AI53: =AI54+#REF! -> #REF! | AJ53: =AJ54+#REF! -> #REF!
B54: Расходы по проведению оздоровительных, спортивных, праздничных | C54: =SUM(C55:C58) -> 73060 | D54: =SUM(D55:D58) -> 152704 | E54: =SUM(E55:E58) -> 216279 | F54: =SUM(F55:F58) -> 150000 | G54: =SUM(G55:G58) -> 337392 | H54: =SUM(H55:H58) -> 336501 | I54: =SUM(I55:I58) -> 207810 | J54: =SUM(J55:J58) -> 183040 | ... AJ54: =SUM(AJ55:AJ58) -> 299138
B55: Новогодние подарки | C55: 53060 | D55: 150000 | E55: 150000 | F55: 150000 | G55: 264136 | H55: 264136 | I55: 150000 | J55: 150000 | K55: 121 | L55: =SUM(M55:X55) -> 382622 | X55: 382622 | Z55: =L55+Y55 -> 382622 | AA55: =J55*1.07 -> 160500 | AB55: =Z55-AA55 -> 222122 | AD55: =Z55+AC55 -> 382622 | AE55: =AD55-L55 -> 0 | AF55: =AD55-J55 -> 232622 | AH55: =AD55+AG55 -> 382622 | AI55: =AH55-L55 -> 0 | AJ55: =AH55-J55 -> 232622 | AK55: Бюджет сформирован на основании КП ТОО «Прима Дистрибьюшн» (шоколадный набор 181 427 тыс тенге) и КП ИП «Аru group» (рюкзак+пазл 166 410 тыс тенге) + ИПН 10% (34 784 ТЫС ТЕНГЕ). Общее кол-во детей 18 490, цена 1 подарка- 18 812 тг.
B56: Расходы по пров.празднич.мероприят | C56: 0 | D56: 0 | E56: 42420 | F56: 0 | G56: 73256 | H56: 72365 | I56: 57810 | J56: 33040 | K56: 21405 | L56: =SUM(M56:X56) -> 99556 | M56: 0 | N56: 0 | O56: 3000 | P56: 0 | Q56: 29772 | R56: 31172 | S56: 0 | T56: 0 | U56: 600 | V56: 0 | W56: 0 | X56: 35012 | Z56: =L56+Y56 -> 99556 | AA56: =J56*1.07 -> 35352.8 | AB56: =Z56-AA56 -> 64203.2 | AD56: =Z56+AC56 -> 99556 | AE56: =AD56-L56 -> 0 | AF56: =AD56-J56 -> 66516 | AH56: =AD56+AG56 -> 99556 | AI56: =AH56-L56 -> 0 | AJ56: =AH56-J56 -> 66516 | AK56: Бюджет сформирован на основании ежегодного празднования Нового года, Наурыза и Дня связи. Новый год- стоимость на 1 работник- 15450 тг (повышение на 3%), кол-во работников 1927. Аналогично остальные праздники КУ: Организация «Школы линейных руководителей» - проведение мероприятий в период с марта по декабрь. Бюджет: 8 240 000 тг Проведение месячников языков и конкурса среди работников АО по гос. Языку: Июнь- 1 400 000 Сентябрь- 600 000 (приобретение призов, сертификатов и других поощрительных материалов)
B57: Услуги по вакцинации против гриппа | D57: 2704 | Z57: =L57+Y57 -> 0 | AA57: =J57*1.07 -> 0 | AB57: =Z57-AA57 -> 0 | AD57: =Z57+AC57 -> 0 | AE57: =AD57-L57 -> 0 | AF57: =AD57-J57 -> 0 | AH57: =AD57+AG57 -> 0 | AI57: =AH57-L57 -> 0 | AJ57: =AH57-J57 -> 0
B58: ФОЦ | C58: 20000 | D58: 0 | E58: 23859 | F58: 0 | L58: =SUM(M58:X58) -> 0 | Z58: =L58+Y58 -> 0 | AA58: =J58*1.07 -> 0 | AB58: =Z58-AA58 -> 0 | AD58: =Z58+AC58 -> 0 | AE58: =AD58-L58 -> 0 | AF58: =AD58-J58 -> 0 | AH58: =AD58+AG58 -> 0 | AI58: =AH58-L58 -> 0 | AJ58: =AH58-J58 -> 0

Sheet топл для отопл
B1: Расчет потребности затрат по топливу для отопления на 2027 год
A4: №№ пп | B4: Регион | C4: Город/Область | D4: Наименование объекта/структ.подразделения | E4: Адрес объекта | F4: Отапливаемая площадь, кв.м | G4: Занимаемый филиал | H4: ВСЕГО | I4: Топливо дизельное летнее бензовоз | L4: Дрова | O4: Газ сжиженный | R4: Уголь
I5: Кол-во литров | J5: Цена за литр, тенге без НДС | K5: Сумма, тенге | L5: Кол-во тонн | M5: Цена за тонну, тенге без НДС | N5: Сумма, тенге | O5: Кол-во литров | P5: Цена за литр, тенге без НДС | Q5: Сумма, тенге | R5: Кол-во тонн | S5: Цена за тонну, тенге без НДС | T5: Сумма, тенге
A6: 1 | B6: Алматинский | C6: Жетысуская | D6: Здание дизельной ПРС-75 | E6: Аксуский р-н, с. Капал ПРС-75 | F6: 48 | G6: ОДС | H6: =K6+N6+Q6+T6 -> 7551165 | I6: 17359 | J6: 435 | K6: =I6*J6 -> 7551165 | N6: 0 | Q6: 0 | T6: 0
A7: 2 | B7: Алматинский | C7: Жетысуская | D7: Здание АТС | E7: Ескельдинский р-н, п.Алдабергенова | F7: 197 | G7: ОДС | H7: =K7+N7+Q7+T7 -> 11024205 | I7: 25343 | J7: 435 | K7: =I7*J7 -> 11024205
A8: 3 | B8: Алматинский | C8: Жетысуская | D8: АДМИНИСТРАТИВНЫЕ ЗДАНИЯ | E8: Панфиловский район, г.Жаркент ул Головацкого 125 | F8: 10 | G8: ДКБ | H8: =K8+N8+Q8+T8 -> 210000 | I8: 0 | K8: =I8*J8 -> 0 | R8: 7 | S8: 30000 | T8: =R8*S8 -> 210000
A9: 4 | B9: Алматинский | C9: Алматинская | D9: ЗданиеАТС | E9: Райымбекский р-н,с.Каратоган,ул.Абай | F9: 61 | G9: ОДС | H9: =K9+N9+Q9+T9 -> 1021928.8 | I9: 2349.2616 | J9: 435 | K9: =I9*J9 -> 1021928.8
A10: 5 | B10: Алматинский | C10: Жетысуская | D10: АДМИНИСТРАТИВНЫЕ ЗДАНИЯ | E10: Аксуский р-н, с.Жансугуров. ул Желтоксан 3 | F10: 15 | G10: ДКБ | H10: =K10+N10+Q10+T10 -> 440220 | I10: 1012 | J10: 435 | K10: =I10*J10 -> 440220
A11: 6 | B11: Алматинский | C11: Жетысуская | D11: АДМИНИСТРАТИВНЫЕ ЗДАНИЯ | E11: Аксуский р-н, с.Жансугуров. ул Желтоксан 3 | F11: 60 | G11: ДРБ | H11: =K11+N11+Q11+T11 -> 2301750 | I11: 4050 | J11: 435 | K11: =I11*J11 -> 1761750 | R11: 18 | S11: 30000 | T11: =S11*R11 -> 540000
A12: 7 | B12: Алматинский | C12: Жетысуская | D12: Здание дизельной | E12: Алакольский район, ПРС-70 Ушарал | F12: 48 | G12: ОДС | H12: =K12+N12+Q12+T12 -> 11952060 | I12: 27476 | J12: 435 | K12: =J12*I12 -> 11952060
A13: 8 | B13: Алматинский | C13: Жетысуская | D13: АДМИНИСТРАТИВНЫЕ ЗДАНИЯ | E13: Алакольский р-н, с. Ушарал, ул. Конаева 74 | F13: 15 | G13: ДКБ | H13: =K13+N13+Q13+T13 -> 460665 | I13: 1059 | J13: 435 | K13: =I13*J13 -> 460665
A14: 9 | B14: Алматинский | C14: Жетысуская | D14: АДМИНИСТРАТИВНЫЕ ЗДАНИЯ | E14: Алакольский р-н, с. Ушарал, ул. Конаева 74 | F14: 60 | G14: ДРБ | H14: =K14+N14+Q14+T14 -> 1841790 | I14: 4234 | J14: 435 | K14: =I14*J14 -> 1841790
A15: 10 | B15: Алматинский | C15: Алматинская | D15: СКЛАДЫ | E15: Балхашский р-н, с. Акколь | F15: 28 | G15: ОДС | H15: =K15+N15+Q15+T15 -> 852073.49 | I15: 1958.7896 | J15: 435 | K15: =I15*J15 -> 852073.49
A16: 11 | B16: Алматинский | C16: Алматинская | D16: АДМИНИСТРАТИВНЫЕ ЗДАНИЯ | E16: Балхашский р-н, с. Баканас | F16: 101 | G16: ОДС | H16: =K16+N16+Q16+T16 -> 3073550.8 | I16: 7065.634 | J16: 435 | K16: =I16*J16 -> 3073550.8
A17: 12 | B17: Алматинский | C17: Алматинская | D17: ЗДАНИЕ ДИЗЕЛЬНОЙ | E17: Балхашский р-н, с. Баканас | F17: 29 | G17: ОДС | H17: =K17+N17+Q17+T17 -> 882504.68 | I17: 2028.7464 | J17: 435 | K17: =I17*J17 -> 882504.68
A18: 13 | B18: Алматинский | C18: Алматинская | D18: СКЛАДЫ | E18: Балхашский р-н, с. Баканас | F18: 37 | G18: ОДС | H18: =K18+N18+Q18+T18 -> 1125954.3 | I18: 2588.4006 | J18: 435 | K18: =I18*J18 -> 1125954.3
A19: 14 | B19: Алматинский | C19: Алматинская | D19: ЗДАНИЕ АТС | E19: Балхашский р-н, с. Балатопар | F19: 102 | G19: ОДС | H19: =K19+N19+Q19+T19 -> 3103982 | I19: 7135.5908 | J19: 435 | K19: =I19*J19 -> 3103982
A20: 15 | B20: Алматинский | C20: Алматинская | D20: ЗДАНИЕ АТС | E20: Балхашский р-н, с. Береке | F20: 50 | G20: ОДС | H20: =K20+N20+Q20+T20 -> 1521559.8 | I20: 3497.8386 | J20: 435 | K20: =I20*J20 -> 1521559.8
A21: 16 | B21: Алматинский | C21: Алматинская | D21: Тех.здание ОРС-101 Жанашар | E21: Енбекшиказахский район, Жанашар | F21: 60 | G21: ОДС | H21: =K21+N21+Q21+T21 -> 894024.4 | I21: 2055.2285 | J21: 435 | K21: =I21*J21 -> 894024.4
A22: 17 | B22: Алматинский | C22: Алматинская | D22: Тех.здание Базаркельды УРС-78 | E22: Енбекшиказахский район, Базаркельды | F22: 92 | G22: ОДС | H22: =K22+N22+Q22+T22 -> 1370837.4 | I22: 3151.3504 | J22: 435 | K22: =I22*J22 -> 1370837.4
A23: 18 | B23: Алматинский | C23: Алматинская | D23: Тех.здание Богуты ПРС-94 | E23: Енбекшиказахский район, Богуты | F23: 191 | G23: ОДС | H23: =K23+N23+Q23+T23 -> 2845977.7 | I23: 6542.4774 | J23: 435 | K23: =I23*J23 -> 2845977.7
A24: 19 | B24: Алматинский | C24: Алматинская | D24: АДМИНИСТРАТИВНЫЕ ЗДАНИЯ | E24: Енбекшиказахский район, Есик ул. Абая 109 | F24: 764 | G24: ОДС | H24: =K24+N24+Q24+T24 -> 8773910.7 | I24: 20169.91 | J24: 435 | K24: =I24*J24 -> 8773910.7
... A57: 52 | B57: Алматинский | C57: Жетысуская | D57: АДМИНИСТРАТИВНЫЕ ЗДАНИЯ | E57: Талдыкорган | F57: 868 | G57: СФ | H57: =K57+N57+Q57+T57 -> 29018415 | I57: 66709 | J57: 435 | K57: =I57*J57 -> 29018415
A58: 53 | B58: Актюбинская | C58: Актюбинская | D58: Здание АТС | E58: Кобдинский район, с.Кобда, ул.Астана, 46 | F58: 309 | G58: ОДС | H58: =K58+N58+Q58+T58 -> 1305000 | I58: 3000 | J58: 435 | K58: =I58*J58 -> 1305000 | T58: =R58*S58 -> 0
A59: 54 | B59: Атырауский | C59: Атырау | D59: ГЦУСТ | E59: мкр Жулдыз 51 село Кайыршахтинский округ Орбита | F59: 207.1 | G59: ОДС | H59: =K59+N59+Q59+T59 -> 1305000 | I59: 3000 | J59: 435 | K59: =I59*J59 -> 1305000 | T59: =R59*S59 -> 0
A60: 599 | B60: Северный | C60: СКО | D60: Здание (ЛТУ) Лит А | E60: Айыртауский район, с. Арык-Балык, ул. Бәйкен Әшімов 62 | F60: 141.2 | G60: ДС | H60: =K60+N60+Q60+T60 -> 16736625 | I60: 38475 | J60: 435 | K60: =I60*J60 -> 16736625 | T60: 0
A61: 616 | B61: Северный | C61: СКО | D61: Здание (РУТ) Лит А | E61: Акжарский район, с. Талщик, ул. Целинная 22. | F61: 204.1 | G61: ДС | H61: =K61+N61+Q61+T61 -> 8386800 | I61: 19280 | J61: 435 | K61: =I61*J61 -> 8386800 | T61: 0
A62: 633 | B62: Северный | C62: СКО | D62: Админ. Здание (РУТ) Лит А | E62: Аккайынский район, с. Смирново, ул. Народная 46В. | F62: 293.55 | G62: ДС | H62: =K62+N62+Q62+T62 -> 8386800 | I62: 19280 | J62: 435 | K62: =I62*J62 -> 8386800 | T62: 0
A63: 756 | B63: Северный | C63: СКО | D63: Здание АО"Казахтелеком" (РУТ) Лит А | E63: Есильский район, с. Явленка, ул. Тәуелсіздік -9 | F63: 487.9 | G63: ДС | H63: =K63+N63+Q63+T63 -> 350000 | J63: 435 | K63: =I63*J63 -> 0 | R63: 10 | S63: 35000 | T63: =S63*R63 -> 350000
A64: 771 | B64: Северный | C64: СКО | D64: Здание РУТ Лит А | E64: Жамбылский район, с. Пресновка, ул. Шайкина 40. | F64: 425.5 | G64: ДС | H64: =K64+N64+Q64+T64 -> 8386800 | I64: 19280 | J64: 435 | K64: =I64*J64 -> 8386800 | T64: 0
A65: 809 | B65: Северный | C65: СКО | D65: Адм. Здание (РУТ) Лит А | E65: Кызылжарский район, а. Бесколь, ул. Гагарина -4. | F65: 205.9 | G65: ДС | H65: =K65+N65+Q65+T65 -> 8386800 | I65: 19280 | J65: 435 | K65: =I65*J65 -> 8386800 | T65: 0
A66: 820 | B66: Северный | C66: СКО | D66: Помещение РУТ (часть здания) Лит А | E66: Мамлютский район, г. Мамлютка, ул. Абылай Хан 51 | F66: 384.1 | G66: ДС | H66: =K66+N66+Q66+T66 -> 350000 | J66: 435 | K66: =I66*J66 -> 0 | R66: 10 | S66: 35000 | T66: =R66*S66 -> 350000
A67: 849 | B67: Северный | C67: СКО | D67: Часть здания РУТ Лит А | E67: Район Г. Мусрепова, с.Новоишимское, ул.Абылай Хан 22 | F67: 344.6 | G67: ДС | H67: =K67+N67+Q67+T67 -> 8386800 | I67: 19280 | J67: 435 | K67: =I67*J67 -> 8386800 | T67: 0
A68: 864 | B68: Северный | C68: СКО | D68: Здание РУТ с пристройкой Лит А | E68: район М.Жумабаева, г. Булаево, ул. А. Молдагуловой -7. | F68: 441.8 | G68: ДС | H68: =K68+N68+Q68+T68 -> 16736625 | I68: 38475 | J68: 435 | K68: =I68*J68 -> 16736625 | T68: 0
A69: 874 | B69: Северный | C69: СКО | D69: Эстакада для хран матер | E69: р-н Шал акына, ул.Желтоксан, 14 (здание под лтц арендуется) | F69: 0 | G69: ДС | H69: =K69+N69+Q69+T69 -> 8386800 | I69: 19280 | J69: 435 | K69: =I69*J69 -> 8386800 | T69: 0
A70: 889 | B70: Северный | C70: СКО | D70: Здание техн (РУТ) Лит А | E70: Тайыншинский район, г. Тайынша, ул. Кенесары-125 | F70: 261.1 | G70: ДС | H70: =K70+N70+Q70+T70 -> 16736625 | I70: 38475 | J70: 435 | K70: =I70*J70 -> 16736625 | T70: 0
A71: 916 | B71: Северный | C71: СКО | D71: Здание РУТ(часть зд-я) Лит А | E71: Уалихановский район, с.Кишкенеколь,ул. Уалиханова -81. | F71: 240.7 | G71: ДС | H71: =K71+N71+Q71+T71 -> 8386800 | I71: 19280 | J71: 435 | K71: =I71*J71 -> 8386800 | T71: 0
A72: 1 | B72: Северный | C72: Костанайская | D72: ЛТЦ Узункольского района ЦТО МС | E72: Узункольский район, п.Узунколь, ул. Абылайхана, 69 | F72: 1055.1 | G72: ДС | H72: =K72+N72+Q72+T72 -> 2403375 | I72: 5525 | J72: 435 | K72: =I72*J72 -> 2403375
A73: 2 | B73: Северный | C73: Костанайская | D73: ЛТЦ Мендыкаринского района ЦТО МС | E73: Мендыкаринский район, с.Боровское, ул.Жеңіс, 8 | F73: 996.8 | G73: ДС | H73: =K73+N73+Q73+T73 -> 2860125 | I73: 6575 | J73: 435 | K73: =I73*J73 -> 2860125
A74: 3 | B74: Северный | C74: Костанайская | D74: ЛТЦ Карасуского района ЦТО МС | E74: Карасуский район, п.Карасу, ул.А.Исакова, 78 | F74: 670.4 | G74: ДС | H74: =K74+N74+Q74+T74 -> 1924875 | I74: 4425 | J74: 435 | K74: =I74*J74 -> 1924875
A75: 4 | B75: Северный | C75: Костанайская | D75: Октябрьский УТ ЛТЦ Карасуского района ЦТО МС | E75: Карасуский район, с. Октябрьское, ул. Ленина, 12 | F75: 1430.1 | G75: ДС | H75: =K75+N75+Q75+T75 -> 2468625 | I75: 5675 | J75: 435 | K75: =I75*J75 -> 2468625
A76: 5 | B76: Северный | C76: Костанайская | D76: ЛТЦ Сарыкольского района ЦТО МС | E76: Сарыкольский район, п.Сарыколь, ул. Ленина, 80 | F76: 800.4 | G76: ДС | H76: =K76+N76+Q76+T76 -> 1837875 | I76: 4225 | J76: 435 | K76: =I76*J76 -> 1837875
A77: 6 | B77: Северный | C77: Костанайская | D77: ЛТЦ Аулиекольского ЦТО МС | E77: Аулиекольский район, п.Аулиеколь, ул.Байтурсынова, 68 | F77: 1260.4 | G77: ДС | H77: =K77+N77+Q77+T77 -> 2773125 | I77: 6375 | J77: 435 | K77: =I77*J77 -> 2773125
A78: 7 | B78: Северный | C78: Костанайская | D78: ЛТЦ Наурзумского района ЦТО МС | E78: Наурзумский район, с.Караменды,ул.Шакшак Жанибека, 10 | F78: 886 | G78: ДС | H78: =K78+N78+Q78+T78 -> 1696500 | I78: 3900 | J78: 435 | K78: =I78*J78 -> 1696500
A79: 8 | B79: Северный | C79: Костанайская | D79: ЛТЦ Узункольского района ЦТО МС | E79: Узункольский район, п.Узунколь, ул. Абылайхана, 69 | F79: 1055.1 | G79: ДС | H79: =K79+N79+Q79+T79 -> 7210125 | I79: 16575 | J79: 435 | K79: =I79*J79 -> 7210125
A80: 9 | B80: Северный | C80: Костанайская | D80: ЛТЦ Мендыкаринского района ЦТО МС | E80: Мендыкаринский район, с.Боровское, ул.Жеңіс, 8 | F80: 996.8 | G80: ДС | H80: =K80+N80+Q80+T80 -> 8580375 | I80: 19725 | J80: 435 | K80: =I80*J80 -> 8580375
A81: 10 | B81: Северный | C81: Костанайская | D81: ЛТЦ Карасуского района ЦТО МС | E81: Карасуский район, п.Карасу, ул.А.Исакова, 78 | F81: 670.4 | G81: ДС | H81: =K81+N81+Q81+T81 -> 5774625 | I81: 13275 | J81: 435 | K81: =I81*J81 -> 5774625
A82: 11 | B82: Северный | C82: Костанайская | D82: Октябрьский УТ ЛТЦ Карасуского района ЦТО МС | E82: Карасуский район, с. Октябрьское, ул. Ленина, 12 | F82: 1430.1 | G82: ДС | H82: =K82+N82+Q82+T82 -> 7405875 | I82: 17025 | J82: 435 | K82: =I82*J82 -> 7405875
A83: 12 | B83: Северный | C83: Костанайская | D83: ЛТЦ Сарыкольского района ЦТО МС | E83: Сарыкольский район, п.Сарыколь, ул. Ленина, 80 | F83: 800.4 | G83: ДС | H83: =K83+N83+Q83+T83 -> 5513625 | I83: 12675 | J83: 435 | K83: =I83*J83 -> 5513625
... A87: 1 | B87: Восточный | C87: Павлодарская | D87: ЗданиеАТС | E87: Банаульский район, пос. Баянаул, ул. Ауэзова, 21 | F87: 301 | G87: ДС | H87: =K87+N87+Q87+T87 -> 13050000 | I87: 30000 | J87: 435 | K87: =I87*J87 -> 13050000
A88: 2 | B88: Восточный | C88: Павлодарская | D88: ЗданиеАТС | E88: район Тереңкөл, с.Тереңкөл, ул.Байтурсынова, 99 | F88: 1584.5 | G88: ДС | H88: =K88+N88+Q88+T88 -> 19575000 | I88: =80000-35000 -> 45000 | J88: 435 | K88: =I88*J88 -> 19575000
A89: 3 | B89: Восточный | C89: обл.Абай | D89: ЗданиеАТС | E89: ВКО г.Семей, ул.1 линия д.1А ТУСМ -6 | F89: 2440 | G89: ОДС | H89: =K89+N89+Q89+T89 -> 23925000 | I89: 55000 | J89: 435 | K89: =I89*J89 -> 23925000
A90: 4 | B90: Восточный | C90: обл.Абай | D90: ЗданиеАТС | E90: ВКО г. Семей, ул.1 линия д.1 транспортный цех | F90: 5643 | G90: СФ | H90: =K90+N90+Q90+T90 -> 13050000 | I90: 30000 | J90: 435 | K90: =I90*J90 -> 13050000
A91: 5 | B91: Восточный | C91: обл.Абай | D91: ЗданиеАТС | E91: ВКО Кокпектинский район с. Кокпекты | F91: 10036 | G91: ОДС | H91: =K91+N91+Q91+T91 -> 6525000 | I91: 15000 | J91: 435 | K91: =I91*J91 -> 6525000
A92: 6 | B92: Восточный | C92: обл.Абай | D92: ЗданиеАТС | E92: ВКО Урджарский район с. Урджар ул. Абылайхана,139 | F92: 6090 | G92: ОДС | H92: =K92+N92+Q92+T92 -> 15225000 | I92: 35000 | J92: 435 | K92: =I92*J92 -> 15225000
A93: 7 | B93: Восточный | C93: Абайская область | D93: ЗданиеАТС | E93: Бескарагайский район | F93: 920 | G93: ОДС | H93: =K93+N93+Q93+T93 -> 3120000 | K93: =I93*J93 -> 0 | R93: 104 | S93: 30000 | T93: =R93*S93 -> 3120000
A94: 8 | B94: Восточный | C94: Абайская область | D94: ЗданиеАТС | E94: Бескарагайский район | F94: 150 | G94: ДРБ | H94: =K94+N94+Q94+T94 -> 780000 | K94: =I94*J94 -> 0 | R94: 26 | S94: 30000 | T94: =R94*S94 -> 780000
A95: 9 | B95: Восточный | C95: Абайская область | D95: ЗданиеАТС | E95: Бородулихинский район | F95: 930 | G95: ОДС | H95: =K95+N95+Q95+T95 -> 2400000 | K95: =I95*J95 -> 0 | R95: 80 | S95: 30000 | T95: =R95*S95 -> 2400000
A96: 10 | B96: Восточный | C96: Абайская область | D96: ЗданиеАТС | E96: Бородулихинский район | F96: 120 | G96: ДРБ | H96: =K96+N96+Q96+T96 -> 600000 | K96: =I96*J96 -> 0 | R96: 20 | S96: 30000 | T96: =R96*S96 -> 600000
A97: 11 | B97: Восточный | C97: Абайская область | D97: ЗданиеАТС | E97: Бородулихинский район (Ново-Шульба) | F97: 150 | G97: ОДС | H97: =K97+N97+Q97+T97 -> 510000 | K97: =I97*J97 -> 0 | R97: 17 | S97: 30000 | T97: =R97*S97 -> 510000
A98: 12 | B98: Восточный | C98: Абайская область | D98: ЗданиеАТС | E98: Семей (Озерка) | F98: 125 | G98: ОДС | H98: =K98+N98+Q98+T98 -> 270000 | K98: =I98*J98 -> 0 | R98: 9 | S98: 30000 | T98: =R98*S98 -> 270000
A99: 13 | B99: Восточный | C99: Абайская область | D99: ЗданиеАТС | E99: Семей (петропавловка) | F99: 120 | G99: ОДС | H99: =K99+N99+Q99+T99 -> 270000 | K99: =I99*J99 -> 0 | R99: 9 | S99: 30000 | T99: =R99*S99 -> 270000
A100: 14 | B100: Восточный | C100: Абайская область | D100: ЗданиеАТС | E100: Жарминский район | F100: 115 | G100: ОДС | H100: =K100+N100+Q100+T100 -> 270000 | K100: =I100*J100 -> 0 | R100: 9 | S100: 30000 | T100: =R100*S100 -> 270000
A101: 15 | B101: Восточный | C101: Абайская область | D101: ЗданиеАТС | E101: Абайский район | F101: 980 | G101: ОДС | H101: =K101+N101+Q101+T101 -> 2400000 | K101: =I101*J101 -> 0 | R101: 80 | S101: 30000 | T101: =R101*S101 -> 2400000
A102: 16 | B102: Восточный | C102: Абайская область | D102: ЗданиеАТС | E102: Абайский район | F102: 95 | G102: ДРБ | H102: =K102+N102+Q102+T102 -> 600000 | K102: =I102*J102 -> 0 | R102: 20 | S102: 30000 | T102: =R102*S102 -> 600000
A103: 17 | B103: Восточный | C103: Абайская область | D103: ЗданиеАТС | E103: Семей (Озерка) | F103: 120 | G103: ОДС | H103: =K103+N103+Q103+T103 -> 55200 | K103: =I103*J103 -> 0 | L103: 2 | M103: 27600 | N103: =L103*M103 -> 55200
A104: 18 | B104: Восточный | C104: Абайская область | D104: ЗданиеАТС | E104: Семей (петропавловка) | F104: 115 | G104: ОДС | H104: =K104+N104+Q104+T104 -> 55200 | K104: =I104*J104 -> 0 | L104: 2 | M104: 27600 | N104: =L104*M104 -> 55200
A105: 19 | B105: Восточный | C105: Абайская область | D105: ЗданиеАТС | E105: Бородулихинский район (Ново-Шульба) | F105: 150 | G105: ОДС | H105: =K105+N105+Q105+T105 -> 55200 | K105: =I105*J105 -> 0 | L105: 2 | M105: 27600 | N105: =L105*M105 -> 55200
A106: 20 | B106: Восточный | C106: Абайская область | D106: ЗданиеАТС | E106: Жарминский район | F106: 115 | G106: ОДС | H106: =K106+N106+Q106+T106 -> 55200 | K106: =I106*J106 -> 0 | L106: 2 | M106: 27600 | N106: =L106*M106 -> 55200
A107: 21 | B107: Восточный | C107: Восточно-Казахстанская область | D107: ЗданиеАТС | E107: Зайсанский район | G107: ОДС | H107: =K107+N107+Q107+T107 -> 6400000 | K107: =I107*J107 -> 0 | R107: 160 | S107: 40000 | T107: =R107*S107 -> 6400000
A108: 22 | B108: Восточный | C108: Восточно-Казахстанская область | D108: ЗданиеАТС | E108: Зайсанский район | G108: ОДС | H108: =K108+N108+Q108+T108 -> 1600000 | K108: =I108*J108 -> 0 | R108: 40 | S108: 40000 | T108: =R108*S108 -> 1600000
A109: 23 | B109: Восточный | C109: Восточно-Казахстанская область | D109: ЗданиеАТС | E109: Самарский район | G109: ОДС | H109: =K109+N109+Q109+T109 -> 335200 | K109: =I109*J109 -> 0 | L109: 2 | M109: 27600 | N109: =L109*M109 -> 55200 | R109: 7 | S109: 40000 | T109: 280000
A110: 1 | B110: Южный | C110: Туркестанская | D110: здания АТС | E110: Арысский район, село Акдала ул.Амангелди, зд.2А | G110: ОДС | H110: =K110+N110+Q110+T110 -> 0 | K110: =I110*J110 -> 0 | Q110: =O110*P110 -> 0 | T110: =R110*S110 -> 0
B111: Южный | C111: Кентау | D111: Здания | E111: г. Кентау, ул.Яссави дом 100. | F111: 246 | G111: ОДС | H111: =K111+N111+Q111+T111 -> 4547925 | I111: 10455 | J111: 435 | K111: =I111*J111 -> 4547925
B112: Южный | C112: Кентау | D112: Здания | E112: г. Кентау, ул.Яссави дом 100. | F112: 65 | G112: ДРБ | H112: =K112+N112+Q112+T112 -> 1431150 | I112: 3290 | J112: 435 | K112: =I112*J112 -> 1431150
B113: Южный | C113: Кентау | D113: Гараж | E113: г. Кентау, ул.Яссави дом 100. | F113: 36 | G113: ОДС | H113: =K113+N113+Q113+T113 -> 1850055 | I113: 4253 | J113: 435 | K113: =I113*J113 -> 1850055
B114: Южный | C114: Кентау | D114: Гараж | E114: г. Кентау, ул.Яссави дом 100. | G114: ОДС | H114: =K114+N114+Q114+T114 -> 0 | K114: =I114*J114 -> 0
B115: Южный | C115: Кентау | D115: Гараж | E115: г. Кентау, ул.Яссави дом 100. | G115: ОДС | H115: =K115+N115+Q115+T115 -> 0 | K115: =I115*J115 -> 0
B116: Южный | C116: Кентау | D116: Гараж | E116: г. Кентау, ул.Яссави дом 100. | G116: ДРБ | H116: =K116+N116+Q116+T116 -> 0 | K116: =I116*J116 -> 0
B117: Южный | C117: Кентау | D117: Гараж | E117: г. Кентау, ул.Яссави дом 100. | G117: ДРБ | H117: =K117+N117+Q117+T117 -> 0 | K117: =I117*J117 -> 0
B118: Южный | C118: Кентау | D118: Гараж | E118: г. Кентау, ул.Яссави дом 100. | G118: ДРБ | H118: =K118+N118+Q118+T118 -> 0 | K118: =I118*J118 -> 0
B119: Южный | C119: Шардара | D119: дизельная | E119: г.Шардара, ул. Телестанция б/н /Пирогова/(Аширова б/н) | G119: ОДС | H119: =K119+N119+Q119+T119 -> 0 | K119: =I119*J119 -> 0
B120: Южный | C120: Шардара | D120: монтер. Дом | E120: г.Шардара, ул. Телестанция б/н /Пирогова/(Аширова б/н) | G120: ОДС | H120: =K120+N120+Q120+T120 -> 0 | K120: =I120*J120 -> 0
B121: Южный | C121: Шардара | D121: монтер. Дом | E121: г.Шардара, ул. Телестанция б/н /Пирогова/(Аширова б/н) | G121: ОДС | H121: =K121+N121+Q121+T121 -> 0 | K121: =I121*J121 -> 0
B122: Южный | C122: Шардара | D122: тех здания РРС | E122: г.Шардара, ул. Телестанция б/н /Пирогова/(Аширова б/н) | F122: 167 | G122: ОДС | H122: =K122+N122+Q122+T122 -> 6789480 | I122: 15608 | J122: 435 | K122: =I122*J122 -> 6789480
B123: Южный | C123: Шымкент | D123: Дизельная | E123: г.Шымкент ул.Казыбек-би.дом 16"а" | G123: СФ | H123: =K123+N123+Q123+T123 -> 0 | K123: =I123*J123 -> 0
B124: Южный | C124: Шымкент | D124: Дизельная | E124: г.Шымкент ул.Казыбек-би.дом 16"а" | G124: ОДС | H124: =K124+N124+Q124+T124 -> 0 | K124: =I124*J124 -> 0
B125: Южный | C125: Шымкент | D125: Дизельная | E125: г.Шымкент ул.Казыбек-би.дом 16"а" | G125: ДКБ | H125: =K125+N125+Q125+T125 -> 0 | K125: =I125*J125 -> 0
B126: Южный | C126: Шымкент | D126: Дизельная | E126: г.Шымкент ул.Казыбек-би.дом 16"а" | G126: ДРБ | H126: =K126+N126+Q126+T126 -> 0 | K126: =I126*J126 -> 0
B127: Южный | C127: Шымкент | D127: Здания АМТС | E127: г.Шымкент ул.Казыбек-би.дом 16"а" | G127: СФ | H127: =K127+N127+Q127+T127 -> 0 | K127: =I127*J127 -> 0
B128: Южный | C128: Шымкент | D128: Здания АМТС | E128: г.Шымкент ул.Казыбек-би.дом 16"а" | G128: ОДС | H128: =K128+N128+Q128+T128 -> 0 | K128: =I128*J128 -> 0
B129: Южный | C129: Шымкент | D129: Здания АМТС | E129: г.Шымкент ул.Казыбек-би.дом 16"а" | G129: ДКБ | H129: =K129+N129+Q129+T129 -> 0 | K129: =I129*J129 -> 0
B130: Южный | C130: Шымкент | D130: Здания АМТС | E130: г.Шымкент ул.Казыбек-би.дом 16"а" | G130: ДРБ | H130: =K130+N130+Q130+T130 -> 0 | K130: =I130*J130 -> 0
B131: Южный | C131: Шымкент | D131: Проходная | E131: г.Шымкент ул.Казыбек-би.дом 16"а" | G131: СФ | H131: =K131+N131+Q131+T131 -> 0 | K131: =I131*J131 -> 0
B132: Южный | C132: Шымкент | D132: Проходная | E132: г.Шымкент ул.Казыбек-би.дом 16"а" | G132: ОДС | H132: =K132+N132+Q132+T132 -> 0 | K132: =I132*J132 -> 0
B133: Южный | C133: Шымкент | D133: Проходная | E133: г.Шымкент ул.Казыбек-би.дом 16"а" | G133: ДКБ | H133: =K133+N133+Q133+T133 -> 0 | K133: =I133*J133 -> 0
B134: Южный | C134: Шымкент | D134: Проходная | E134: г.Шымкент ул.Казыбек-би.дом 16"а" | G134: ДРБ | H134: =K134+N134+Q134+T134 -> 0 | K134: =I134*J134 -> 0
... B159: Южный | C159: Кызылординская | D159: ЦЛКС-1410 | E159: Аральский район, п. Саксаулск, ул. Каныш Сатбаев, 31 | G159: ОДС | H159: =K159+N159+Q159+T159 -> 0 | K159: =I159*J159 -> 0
B160: Южный | C160: Туркестанская | D160: здания РУТ.АТС | E160: Байдибекский район, село Шаян, ул, Жумабаева б/н (Карашаулы 51) | F160: 325 | G160: ОДС | H160: =K160+N160+Q160+T160 -> 3210300 | I160: 7380 | J160: 435 | K160: =I160*J160 -> 3210300
B161: Южный | C161: Туркестанская | D161: здания РУТ.АТС | E161: Байдибекский район, село Шаян, ул, Жумабаева б/н (Карашаулы 51) | F161: 40 | G161: ДРБ | H161: =K161+N161+Q161+T161 -> 505905 | I161: 1163 | J161: 435 | K161: =I161*J161 -> 505905
...

Sheet электроэнергия

Sheet охр объектов ПС
B3: 2.4.3 | C3: Охрана объектов производственного назначения | D3: 3117678
C4: Обработка деревян.констр-й огнезащ.сост. | D4: 77605
C5: Обслуживание ОПС | D5: 435819
C6: Обслуживание системы АУГП | D6: 118816
C7: Перезарядка и ремонт огнетушителей | D7: 0
C8: Демонтажные работы | D8: 0
C9: Противопожарные мероприятия | D9: 100366
C10: Техническое освидетельствование , ремонт и заполнение ОТВ системы АГПТ (новая потребность) 1 раз в 10 лет | D10: 2385072 | E10: =D3-D10 -> 732606

Sheet Охр труда
A2: Наименование материала | B2: Кол-во | C2: Цена закупки, тг без НДС | D2: Общая стоимость, тг
A3: АПТЕЧКА АВТОМОБИЛЬНАЯ | B3: 972 | D3: 3402000
A4: Актау | B4: 77 | C4: 3500 | D4: =B4*C4 -> 269500
A5: Актюбинск | B5: 94 | C5: 3500 | D5: =B5*C5 -> 329000
A6: Алматы | B6: 100 | C6: 3500 | D6: =B6*C6 -> 350000
A7: Кокшетау | B7: 20 | C7: 3500 | D7: =B7*C7 -> 70000
A8: Костанай | B8: 120 | C8: 3500 | D8: =B8*C8 -> 420000
A9: Семей | B9: 84 | C9: 3500 | D9: =B9*C9 -> 294000
A10: Талдыкорган | B10: 100 | C10: 3500 | D10: =B10*C10 -> 350000
A11: Тараз | B11: 276 | C11: 3500 | D11: =B11*C11 -> 966000
A12: Усть-Каменогорск | B12: 101 | C12: 3500 | D12: =B12*C12 -> 353500
A13: БОТИНКИ | B13: 410 | D13: 10373000
A14: Актюбинск | B14: 63 | C14: 25300 | D14: =B14*C14 -> 1593900
A15: Астана | B15: 104 | C15: 25300 | D15: =B15*C15 -> 2631200
A16: Костанай | B16: 9 | C16: 25300 | D16: =B16*C16 -> 227700
A17: Кызылорда | B17: 26 | C17: 25300 | D17: =B17*C17 -> 657800
A18: Петропавловск | B18: 42 | C18: 25300 | D18: =B18*C18 -> 1062600
A19: Уральск | B19: 33 | C19: 25300 | D19: =B19*C19 -> 834900
A20: Усть-Каменогорск | B20: 59 | C20: 25300 | D20: =B20*C20 -> 1492700
A21: Шымкент | B21: 74 | C21: 25300 | D21: =B21*C21 -> 1872200
A22: БОТИНКИ КОЖАНЫЕ | B22: 327 | D22: 8273100
A23: Алматы | B23: 150 | C23: 25300 | D23: =B23*C23 -> 3795000
A24: Атырау | B24: 48 | C24: 25300 | D24: =B24*C24 -> 1214400
A25: Семей | B25: 59 | C25: 25300 | D25: =B25*C25 -> 1492700
A26: Талдыкорган | B26: 70 | C26: 25300 | D26: =B26*C26 -> 1771000
A27: БОТИНКИ КОЖАНЫЕ УТЕПЛЕННЫЕ С ПОДНОСКОМ | B27: 441 | D27: 10275300
A28: Актюбинск | B28: 63 | C28: 23300 | D28: =B28*C28 -> 1467900
A29: Астана | B29: 104 | C29: 23300 | D29: =B29*C29 -> 2423200
A30: Атырау | B30: 48 | C30: 23300 | D30: =B30*C30 -> 1118400
A31: Костанай | B31: 17 | C31: 23300 | D31: =B31*C31 -> 396100
A32: Петропавловск | B32: 42 | C32: 23300 | D32: =B32*C32 -> 978600
A33: Семей | B33: 59 | C33: 23300 | D33: =B33*C33 -> 1374700
A34: Тараз | B34: 49 | C34: 23300 | D34: =B34*C34 -> 1141700
A35: Усть-Каменогорск | B35: 59 | C35: 23300 | D35: =B35*C35 -> 1374700
A36: БРЕЗЕНТ | B36: 10 | D36: 600000
A37: Усть-Каменогорск | B37: 10 | C37: 60000 | D37: =B37*C37 -> 600000
A38: Дополнительные фары рабочего света: | B38: 51 | D38: 765000
A39: Алматы | B39: 5 | C39: 15000 | D39: =B39*C39 -> 75000
A40: Астана | B40: 18 | C40: 15000 | D40: =B40*C40 -> 270000
A41: Караганда | B41: 10 | C41: 15000 | D41: =B41*C41 -> 150000
A42: Кокшетау | B42: 18 | C42: 15000 | D42: =B42*C42 -> 270000
A43: ЖИЛЕТ СИГНАЛЬНЫЙ | B43: 1528 | D43: 10696000
A44: Актау | B44: 80 | C44: 7000 | D44: =B44*C44 -> 560000
A45: Актюбинск | B45: 121 | C45: 7000 | D45: =B45*C45 -> 847000
A46: Алматы | B46: 24 | C46: 7000 | D46: =B46*C46 -> 168000
A47: Астана | B47: 193 | C47: 7000 | D47: =B47*C47 -> 1351000
A48: Атырау | B48: 44 | C48: 7000 | D48: =B48*C48 -> 308000
A49: Караганда | B49: 143 | C49: 7000 | D49: =B49*C49 -> 1001000
A50: Кокшетау | B50: 108 | C50: 7000 | D50: =B50*C50 -> 756000
A51: Костанай | B51: 169 | C51: 7000 | D51: =B51*C51 -> 1183000
A52: Кызылорда | B52: 5 | C52: 7000 | D52: =B52*C52 -> 35000
A53: Павлодар | B53: 80 | C53: 7000 | D53: =B53*C53 -> 560000
A54: Петропавловск | B54: 96 | C54: 7000 | D54: =B54*C54 -> 672000
A55: Семей | B55: 119 | C55: 7000 | D55: =B55*C55 -> 833000
... A60: Шымкент | B60: 109 | C60: 7000 | D60: =B60*C60 -> 763000
A61: Защитные чехлы и накладки для текстильных стропов | B61: 92 | D61: 460000
A62: Актау | B62: 10 | C62: 5000 | D62: =B62*C62 -> 50000
A63: Актюбинск | B63: 8 | C63: 5000 | D63: =B63*C63 -> 40000
A64: Астана | B64: 6 | C64: 5000 | D64: =B64*C64 -> 30000
A65: Атырау | B65: 8 | C65: 5000 | D65: =B65*C65 -> 40000
A66: Караганда | B66: 6 | C66: 5000 | D66: =B66*C66 -> 30000
A67: Кокшетау | B67: 6 | C67: 5000 | D67: =B67*C67 -> 30000
A68: Костанай | B68: 8 | C68: 5000 | D68: =B68*C68 -> 40000
A69: Кызылорда | B69: 4 | C69: 5000 | D69: =B69*C69 -> 20000
A70: Павлодар | B70: 8 | C70: 5000 | D70: =B70*C70 -> 40000
A71: Семей | B71: 8 | C71: 5000 | D71: =B71*C71 -> 40000
A72: Уральск | B72: 8 | C72: 5000 | D72: =B72*C72 -> 40000
A73: Усть-Каменогорск | B73: 12 | C73: 5000 | D73: =B73*C73 -> 60000
A74: Звуковые сигналы заднего хода | B74: 246 | D74: 1230000
A75: Актау | B75: 10 | C75: 5000 | D75: =B75*C75 -> 50000
A76: Актюбинск | B76: 5 | C76: 5000 | D76: =B76*C76 -> 25000
A77: Алматы | B77: 14 | C77: 5000 | D77: =B77*C77 -> 70000
A78: Астана | B78: 42 | C78: 5000 | D78: =B78*C78 -> 210000
A79: Атырау | B79: 5 | C79: 5000 | D79: =B79*C79 -> 25000
A80: Караганда | B80: 20 | C80: 5000 | D80: =B80*C80 -> 100000
A81: Кокшетау | B81: 42 | C81: 5000 | D81: =B81*C81 -> 210000
A82: Костанай | B82: 20 | C82: 5000 | D82: =B82*C82 -> 100000
A83: Кызылорда | B83: 3 | C83: 5000 | D83: =B83*C83 -> 15000
A84: Павлодар | B84: 10 | C84: 5000 | D84: =B84*C84 -> 50000
A85: Петропавловск | B85: 30 | C85: 5000 | D85: =B85*C85 -> 150000
A86: Семей | B86: 5 | C86: 5000 | D86: =B86*C86 -> 25000
... A91: Шымкент | B91: 10 | C91: 5000 | D91: =B91*C91 -> 50000
A92: ЗНАК АВАРИЙНЫЙ | B92: 728 | D92: 2184000
A93: Актау | B93: 77 | C93: 3000 | D93: =B93*C93 -> 231000
A94: Актюбинск | B94: 94 | C94: 3000 | D94: =B94*C94 -> 282000
A95: Кокшетау | B95: 20 | C95: 3000 | D95: =B95*C95 -> 60000
A96: Костанай | B96: 120 | C96: 3000 | D96: =B96*C96 -> 360000
A97: Семей | B97: 40 | C97: 3000 | D97: =B97*C97 -> 120000
A98: Тараз | B98: 115 | C98: 3000 | D98: =B98*C98 -> 345000
A99: Усть-Каменогорск | B99: 101 | C99: 3000 | D99: =B99*C99 -> 303000
A100: Шымкент | B100: 161 | C100: 3000 | D100: =B100*C100 -> 483000
A101: КАСКА ЗАЩИТНАЯ | B101: 545 | D101: 2418500
A102: Актау | B102: 10 | C102: 3500 | D102: =B102*C102 -> 35000
A103: Актюбинск | B103: 13 | C103: 5384.6154 | D103: =B103*C103 -> 70000
A104: Алматы | B104: 24 | C104: 3500 | D104: =B104*C104 -> 84000
A105: Астана | B105: 208 | C105: 5250 | D105: =B105*C105 -> 1092000
A106: Атырау | B106: 6 | C106: 3500 | D106: =B106*C106 -> 21000
A107: Караганда | B107: 10 | C107: 3500 | D107: =B107*C107 -> 35000
A108: Кокшетау | B108: 100 | C108: 3500 | D108: =B108*C108 -> 350000
A109: Костанай | B109: 24 | C109: 3500 | D109: =B109*C109 -> 84000
...

Sheet Наемный транспорт
B3: Период | C3: Наемный транспорт производственного назначения
C4: Всего | E4: в том числе | V4: Согласно Приказу №51 от 22.02.2021 г. «Об утверждении Правил предоставления и эксплуатации служебного, дежурного автотранспорта ЦА Общества» и Решению Правления №41/200 от 28.09.2020 г., норматив положенности для Председателя Правления составляет 2 (две) единицы служебного автотранспорта. Таким образом, в бюджете учтено обеспечение двумя транспортными средствами с базированием в городах Астана и Алматы. В предыдущих периодах закуп аренды второго автомобиля для базирования в г. Алматы не осуществлялся.
E5: Легковой | I5: Грузовой | M5: Спец. Транспорт | Q5: Средства механизации
C6: Кол-во единиц (шт) | D6: Сумма (тыс.тг) | E6: Кол-во единиц (шт) | F6: Средн тариф (тенге*час) | G6: Кол-во часов работы | H6: Сумма (тыс.тг) | I6: Кол-во единиц (шт) | J6: Средн тариф (тенге*час) | K6: Кол-во часов работы | L6: Сумма (тыс.тг) | M6: Кол-во единиц (шт) | N6: Средн тариф (тенге*час) | O6: Кол-во часов работы | P6: Сумма (тыс.тг) | Q6: Кол-во единиц (шт) | R6: Средн тариф (тенге*час) | S6: Кол-во часов работы | T6: Сумма (тыс.тг)
B8: 1 квартал | C8: =E8+I8+M8+Q8 -> 12 | D8: =H8+L8+P8+T8 -> 48600 | E8: 12 | F8: 4050 | H8: =E8*F8 -> 48600 | L8: =K8*J8/1000 -> 0 | P8: =O8*N8/1000 -> 0 | T8: =S8*R8/1000 -> 0 | V8: Также запланированы потребности по аренде 12 ед ТСС для обеспечения оперативной мобильности руководящего состава, в целях повышения эффективности бизнес-процессов, соблюдения графиков протоколов деловых мероприятий и поддержания высокого уровня деловой репутации.
B9: 2 квартал | C9: =E9+I9+M9+Q9 -> 12 | D9: =H9+L9+P9+T9 -> 48600 | E9: 12 | F9: 4050 | H9: =E9*F9 -> 48600 | L9: =K9*J9/1000 -> 0 | P9: =O9*N9/1000 -> 0 | T9: =S9*R9/1000 -> 0
B10: 3 квартал | C10: =E10+I10+M10+Q10 -> 12 | D10: =H10+L10+P10+T10 -> 48600 | E10: 12 | F10: 4050 | H10: =E10*F10 -> 48600 | L10: =K10*J10/1000 -> 0 | P10: =O10*N10/1000 -> 0 | T10: =S10*R10/1000 -> 0
B11: 4 квартал | C11: =E11+I11+M11+Q11 -> 12 | D11: =H11+L11+P11+T11 -> 48600 | E11: 12 | F11: 4050 | H11: =E11*F11 -> 48600 | L11: =K11*J11/1000 -> 0 | P11: =O11*N11/1000 -> 0 | T11: =S11*R11/1000 -> 0
B12: Всего на год | D12: =D8+D9+D10+D11 -> 194400 | G12: =G8+G9+G10+G11 -> 0 | H12: =H8+H9+H10+H11 -> 194400 | K12: =K8+K9+K10+K11 -> 0 | L12: =L8+L9+L10+L11 -> 0 | O12: =O8+O9+O10+O11 -> 0 | P12: =P8+P9+P10+P11 -> 0 | S12: =S8+S9+S10+S11 -> 0 | T12: =T8+T9+T10+T11 -> 0
B15: Период | C15: Наемный транспорт административного назначения
C16: Всего | E16: в том числе
E17: Легковой | I17: Грузовой | M17: Спец. Транспорт | Q17: Средства механизации
C18: Кол-во единиц (шт) | D18: Сумма (тыс.тг) | E18: Кол-во единиц (шт) | F18: Средн тариф (тенге*час) | G18: Кол-во часов работы | H18: Сумма (тыс.тг) | I18: Кол-во единиц (шт) | J18: Средн тариф (тенге*час) | K18: Кол-во часов работы | L18: Сумма (тыс.тг) | M18: Кол-во единиц (шт) | N18: Средн тариф (тенге*час) | O18: Кол-во часов работы | P18: Сумма (тыс.тг) | Q18: Кол-во единиц (шт) | R18: Средн тариф (тенге*час) | S18: Кол-во часов работы | T18: Сумма (тыс.тг)
B20: 1 квартал | C20: =E20+I20+M20+Q20 -> 2 | D20: =H20+L20+P20+T20 -> 12600 | E20: 2 | F20: 6300 | H20: =E20*F20 -> 12600 | L20: =K20*J20/1000 -> 0 | P20: =O20*N20/1000 -> 0 | T20: =S20*R20/1000 -> 0
B21: 2 квартал | C21: =E21+I21+M21+Q21 -> 2 | D21: =H21+L21+P21+T21 -> 12600 | E21: 2 | F21: 6300 | H21: =E21*F21 -> 12600 | L21: =K21*J21/1000 -> 0 | P21: =O21*N21/1000 -> 0 | T21: =S21*R21/1000 -> 0
B22: 3 квартал | C22: =E22+I22+M22+Q22 -> 2 | D22: =H22+L22+P22+T22 -> 12600 | E22: 2 | F22: 6300 | H22: =E22*F22 -> 12600 | L22: =K22*J22/1000 -> 0 | P22: =O22*N22/1000 -> 0 | T22: =S22*R22/1000 -> 0
B23: 4 квартал | C23: =E23+I23+M23+Q23 -> 2 | D23: =H23+L23+P23+T23 -> 12600 | E23: 2 | F23: 6300 | H23: =E23*F23 -> 12600 | L23: =K23*J23/1000 -> 0 | P23: =O23*N23/1000 -> 0 | T23: =S23*R23/1000 -> 0
B24: Всего на год | D24: =D20+D21+D22+D23 -> 50400 | G24: =G20+G21+G22+G23 -> 0 | H24: =H20+H21+H22+H23 -> 50400 | K24: =K20+K21+K22+K23 -> 0 | L24: =L20+L21+L22+L23 -> 0 | O24: =O20+O21+O22+O23 -> 0 | P24: =P20+P21+P22+P23 -> 0 | S24: =S20+S21+S22+S23 -> 0 | T24: =T20+T21+T22+T23 -> 0
D26: =D24+D12 -> 244800

Sheet обсл и рем автотр ср
A2: ОБ 2027 по обслуживанию и ремонту ТС
A3: РЕГИОН | B3: Кол-во ТС | C3: Сумма ТО и ремонта, тг
A4: Алматы | B4: 263 | C4: 90000000
A5: Алматинская область | B5: 134 | C5: 41000000
A6: Жетысуская область | B6: 121 | C6: 42000000
A7: Алматинский регион | B7: =SUM(B4:B6) -> 518 | C7: =SUM(C4:C6) -> 173000000
A8: Астана | B8: 114 | C8: 70000000
A9: Акмолинская область | B9: 165 | C9: 48000000
A10: Карагандинская область | B10: 116 | C10: 46000000
A11: Улытауская область | B11: 23 | C11: 9000000
A12: Центральный регион | B12: =SUM(B8:B11) -> 418 | C12: =SUM(C8:C11) -> 173000000
A13: Абайская область | B13: 75 | C13: 28000000
A14: Восточно-Казахстанская область | B14: 92 | C14: 46000000
A15: Павлодарская область | B15: 123 | C15: 45000000
A16: Восточный регион | B16: =SUM(B13:B15) -> 290 | C16: =SUM(C13:C15) -> 119000000
A17: Актюбинская область | B17: 100 | C17: 38000000
A18: Атырауская область | B18: 88 | C18: 29000000
A19: Западно-Казахстанская область | B19: 113 | C19: 38000000
A20: Мангистауская область | B20: 73 | C20: 28000000
A21: Западный регион | B21: =SUM(B17:B20) -> 374 | C21: =SUM(C17:C20) -> 133000000
A22: Костанайская область | B22: 148 | C22: 60000000
A23: Северо-Казахстанская область | B23: 142 | C23: 60000000
A24: Северный регион | B24: =SUM(B22:B23) -> 290 | C24: =SUM(C22:C23) -> 120000000
A25: Туркестанская область | B25: 78 | C25: 23600000
A26: Шымкент | B26: 81 | C26: 33400000
A27: Жамбылская область | B27: 103 | C27: 36000000
A28: Кызылординская область | B28: 88 | C28: 29000000
A29: Южный регион | B29: =SUM(B25:B28) -> 350 | C29: =SUM(C25:C28) -> 122000000
A30: ИТОГО | B30: =B7+B12+B16+B21+B24+B29 -> 2240 | C30: =C7+C12+C16+C21+C24+C29 -> 840000000

Sheet Расшифр авто ПС
B2: Расшифровка денежных средств, планируемых на ТО и ремонт автотранспортных средств
A4: №п/п | B4: Тип ТС | C4: Модель | D4: Гос. № | E4: Филиал, за которым закреплено ТС | F4: Год выпуска | G4: Остаточная стоимость | H4: Вид ремонта | I4: Затраты | J4: Регион | K4: Город
A5: 1 | B5: технологический | C5: Chevrolet Cobalt | D5: 364 GJ 02 | E5: ДРБ | F5: 2023 | G5: 4920979.1 | H5: ТО-3, ТО-4 | I5: 500000 | J5: Центральный | K5: Астана
A6: 2 | B6: технологический | C6: Chevrolet Cobalt | D6: 358 GJ 02 | E6: ДРБ | F6: 2023 | G6: 4920979.1 | H6: ТО-3, ТО-4 | I6: 500000 | J6: Центральный | K6: Астана
A7: 3 | B7: технологический | C7: Chevrolet Cobalt | D7: 359 GJ 02 | E7: ДКБ | F7: 2023 | G7: 4920979.1 | H7: ТО-3, ТО-4 | I7: 500000 | J7: Центральный | K7: Астана
A8: 4 | B8: технологический | C8: Chevrolet Cobalt | D8: 372 GJ 02 | E8: ДКБ | F8: 2023 | G8: 4920979.1 | H8: ТО-3, ТО-4 | I8: 500000 | J8: Центральный | K8: Астана
A9: 5 | B9: технологический | C9: Chevrolet Cobalt | D9: 375 GJ 02 | E9: ДРБ | F9: 2023 | G9: 4920979.1 | H9: ТО-3, ТО-4 | I9: 500000 | J9: Центральный | K9: Астана
A10: 6 | B10: технологический | C10: Chevrolet Cobalt | D10: 374 GJ 02 | E10: ДРБ | F10: 2023 | G10: 4920979.1 | H10: ТО-3, ТО-4 | I10: 500000 | J10: Центральный | K10: Астана
A11: 7 | B11: технологический | C11: Chevrolet Cobalt | D11: 378 GJ 02 | E11: ДРБ | F11: 2023 | G11: 4920979.1 | H11: ТО-3, ТО-4 | I11: 500000 | J11: Центральный | K11: Астана
A12: 8 | B12: технологический | C12: Chevrolet Cobalt | D12: 316 YZ 02 | E12: ДРБ | F12: 2023 | G12: 4920979.1 | H12: ТО-3, ТО-4 | I12: 500000 | J12: Центральный | K12: Астана
A13: 9 | B13: технологический | C13: Chevrolet Cobalt | D13: 361 GJ 02 | E13: ДРБ | F13: 2023 | G13: 4920979.1 | H13: ТО-3, ТО-4 | I13: 500000 | J13: Центральный | K13: Астана
A14: 10 | B14: технологический | C14: Chevrolet Cobalt | D14: 504 EW 02 | E14: ЦА | F14: 2023 | G14: 5020356.1 | H14: ТО-3, ТО-4 | I14: 500000 | J14: Центральный | K14: Астана
A15: 11 | B15: технологический | C15: Chevrolet Cobalt | D15: 480 FR 02 | E15: ОДС | F15: 2024 | G15: 6881737.5 | H15: ТО-3, ТО-4 | I15: 500000 | J15: Центральный | K15: Астана
A16: 12 | B16: технологический | C16: Chevrolet Cobalt | D16: 456 FR 02 | E16: ДКБ | F16: 2024 | G16: 6881737.5 | H16: ТО-3, ТО-4 | I16: 500000 | J16: Центральный | K16: Астана
... A348: 344 | B348: технологический | C348: ZAZ Chance Pick-Up | D348: 186YM02 | E348: ОДС | F348: 2013 | G348: 40457.51 | H348: ТО-3, ТО-4 | I348: 450000 | J348: Центральный | K348: Караганда
A349: 345 | B349: технологический | C349: Погрузчик БВ | E349: ОДС | F349: 2002 | G349: 20000 | H349: ТО-3, ТО-4 | I349: 450000 | J349: Центральный | K349: Караганда
A350: 346 | B350: технологический | C350: Lada 212140 | D350: 193YM02 | E350: ОДС | F350: 2017 | G350: 76193.92 | H350: ТО-3, ТО-4 | I350: 280000 | J350: Центральный | K350: Караганда
A351: 347 | B351: технологический | C351: Lada 212140 | D351: 065JD02 | E351: ОДС | F351: 2020 | G351: 1641450 | H351: ТО-3, ТО-4 | I351: 280000 | J351: Центральный | K351: Караганда
A352: 348 | B352: технологический | C352: Lada 212140 | D352: 062JD02 | E352: ОДС | F352: 2020 | G352: 1641450 | H352: ТО-3, ТО-4 | I352: 280000 | J352: Центральный | K352: Караганда
A353: 349 | B353: технологический | C353: Lada 212140 | D353: 061JD02 | E353: ОДС | F353: 2020 | G353: 1641450 | H353: ТО-3, ТО-4 | I353: 280000 | J353: Центральный | K353: Караганда
A354: 350 | B354: технологический | C354: Lada 212140 | D354: 064JD02 | E354: ОДС | F354: 2020 | G354: 1641450 | H354: ТО-3, ТО-4 | I354: 280000 | J354: Центральный | K354: Караганда
A355: 351 | B355: технологический | C355: Lada 212140 | D355: 023JD02 | E355: ОДС | F355: 2020 | G355: 1641450 | H355: ТО-3, ТО-4 | I355: 300000 | J355: Центральный | K355: Улытауская область
A356: 352 | B356: технологический | C356: Lada 212140 | D356: 989JD02 | E356: ОДС | F356: 2020 | G356: 1641450 | H356: ТО-3, ТО-4 | I356: 300000 | J356: Центральный | K356: Улытауская область
A357: 353 | B357: технологический | C357: Lada 212140 | D357: 063JD02 | E357: ОДС | F357: 2020 | G357: 1641450 | H357: ТО-3, ТО-4 | I357: 280000 | J357: Центральный | K357: Караганда
A358: 354 | B358: спецтехника | C358: МТЗ БАР | D358: ABE968A | E358: ОДС | F358: 2024 | G358: 16869125 | H358: ТО-3, ТО-4 | I358: 450000 | J358: Центральный | K358: Караганда
A359: 355 | B359: спецтехника | C359: МТЗ БАР | D359: ABE969A | E359: ОДС | F359: 2024 | G359: 16869125 | H359: ТО-3, ТО-4 | I359: 450000 | J359: Центральный | K359: Караганда
A360: 356 | B360: спецтехника | C360: МТЗ БАР | D360: ABE970A | E360: ОДС | F360: 2024 | G360: 16869125 | H360: ТО-3, ТО-4 | I360: 600000 | J360: Центральный | K360: Улытауская область
A361: 357 | B361: спецтехника | C361: МТЗ ЭТЦ Эксковатор | D361: A438ACE | E361: ОДС | F361: 2024 | G361: 20838345 | H361: ТО-3, ТО-4 | I361: 450000 | J361: Центральный | K361: Караганда
... A627: 623 | B627: спецтехника | C627: КАМАЗ-45143 012 15 (дизель) | D627: 308YP02 | E627: ОДС | F627: 2014 | G627: 217749.09 | H627: ТО-3, ТО-4 | I627: 70000 | J627: Север | K627: Костанай
A628: 624 | B628: спецтехника | C628: КАМАЗ 43118-3027-50 автокран 25т | D628: 593DH02 | E628: ОДС | F628: 2022 | H628: ТО-3, ТО-4 | I628: 300000 | J628: Север | K628: Костанай
A629: 625 | B629: спецтехника | C629: МТЗ-82, эксковатор 3 в 1 | D629: АСЕ435А | E629: ОДС | F629: 2024 | G629: 20838345 | H629: ТО-3, ТО-4 | I629: 350000 | J629: Север | K629: Костанай
A630: 626 | B630: спецтехника | C630: МТЗ-82/1 БКМ, бур | D630: A903AOD | E630: ОДС | F630: 2009 | G630: 334821.43 | H630: ТО-3, ТО-4 | I630: 70000 | J630: Север | K630: Костанай
A631: 627 | B631: спецтехника | C631: МТЗ-82/1 АГП, вышка | D631: A904AOD | E631: ОДС | F631: 2009 | G631: 86089.29 | H631: ТО-3, ТО-4 | I631: 70000 | J631: Север | K631: Костанай
A632: 628 | B632: спецтехника | C632: МТЗ-82/1, ЭО-2621Е553 | D632: A907AOD | E632: ОДС | F632: 2008 | G632: 169469.06 | H632: ТО-3, ТО-4 | I632: 70000 | J632: Север | K632: Костанай
A633: 629 | B633: спецтехника | C633: МТЗ-82/1 ЭТЦ, баровая | D633: A908AOD | E633: ОДС | F633: 2013 | G633: 142932.87 | H633: ТО-3, ТО-4 | I633: 1200000 | J633: Север | K633: Костанай
A634: 630 | B634: спецтехника | C634: МТЗ-82 ЭЦУ-150, баровая | D634: A914AOD | E634: ОДС | F634: 2003 | G634: 187883.34 | H634: ТО-3, ТО-4 | I634: 1000000 | J634: Север | K634: Костанай
A635: 631 | B635: спецтехника | C635: АВТОПОГРУЗЧИК ВИЛОЧНЫЙ XCMG XCB-30DT | D635: AZD560A | E635: ОДС | F635: 2023 | G635: 7084638 | H635: ТО-3, ТО-4 | I635: 200000 | J635: Север | K635: Костанай
A636: 632 | B636: технологический | C636: JAC T-6 Comfort с куном | D636: 351EZ02 | E636: ОДС | F636: 2024 | G636: 11114683 | H636: ТО-3, ТО-4 | I636: 600000 | J636: Север | K636: Костанай
A637: 633 | B637: технологический | C637: УАЗ-390995 | D637: 335YP02 | E637: ОДС | F637: 2017 | G637: 116743.91 | H637: ТО-3, ТО-4 | I637: 430000 | J637: Север | K637: Костанай
A638: 634 | B638: технологический | C638: ГАЗ-3308 | D638: 365YP02 | E638: ОДС | F638: 2007 | G638: 232278.76 | H638: ТО-3, ТО-4 | I638: 980000 | J638: Север | K638: Костанай
A639: 635 | B639: технологический | C639: JAC T-6 Comfort с куном | D639: 224ED02 | E639: ОДС | F639: 2023 | G639: 12586223 | H639: ТО-3, ТО-4 | I639: 400000 | J639: Север | K639: Костанай
A640: 636 | B640: технологический | C640: Lada 212140 | D640: 457YP02 | E640: ОДС | F640: 2020 | G640: 1762350 | H640: ТО-3, ТО-4 | I640: 350000 | J640: Север | K640: Костанай
... A813: 809 | B813: технологический | C813: ГАЗ-3307 247YL02 (037YL04) | D813: 247YL02 | E813: ОДС | F813: 2003 | G813: 33150.43 | H813: ТО-3, ТО-4 | I813: 700000 | J813: Западный | K813: Уральск
A814: 810 | B814: технологический | C814: Грузовой Газ-330712 | D814: 279YL02 | E814: ОДС | F814: 28.09.2007 | G814: 46323.53 | H814: ТО-3, ТО-4 | I814: 700000 | J814: Западный | K814: Уральск
A815: 811 | B815: технологический | C815: Грузовой ГАЗ 33081 | D815: 233YL02 | E815: ОДС | F815: 30.12.2012 | G815: 272543.49 | H815: ТО-3, ТО-4 | I815: 700000 | J815: Западный | K815: Уральск
A816: 812 | B816: технологический | C816: ГАЗ-3309-1397 Ассенизат | D816: 244YL02 | E816: ОДС | F816: 30.12.2014 | G816: 117940.75 | H816: ТО-3, ТО-4 | I816: 700000 | J816: Западный | K816: Уральск
A817: 813 | B817: технологический | C817: МТЗ-82 ПК-10Е Погрузчик | D817: A997AOD | E817: ОДС | F817: 17.02.2010 | G817: 207372.12 | H817: ТО-3, ТО-4 | I817: 700000 | J817: Западный | K817: Уральск
A818: 814 | B818: технологический | C818: МТЗ-82 ЭЦ-1800-эксковатор | D818: A993AOD | E818: ОДС | F818: 28.07.2017 | G818: 1541572.3 | H818: ТО-3, ТО-4 | I818: 700000 | J818: Западный | K818: Уральск
A819: 815 | B819: технологический | C819: МТЗ-82 ЭО-2621 Экскаватор | D819: A996AOD | E819: ОДС | F819: 25.07.2008 | G819: 169520.13 | H819: ТО-3, ТО-4 | I819: 700000 | J819: Западный | K819: Уральск
A820: 816 | B820: технологический | C820: УАЗ-390995 | D820: 212YL02 | E820: ОДС | F820: 2019 | G820: 170589.3 | H820: ТО-3, ТО-4 | I820: 220000 | J820: Западный | K820: Уральск
A821: 817 | B821: технологический | C821: УАЗ-390995 | D821: 290YL02 | E821: ОДС | F821: 2019 | G821: 170589.3 | H821: ТО-3, ТО-4 | I821: 220000 | J821: Западный | K821: Уральск
A822: 818 | B822: технологический | C822: УАЗ-390995 | D822: 240YL02 | E822: ОДС | F822: 2019 | G822: 170589.3 | H822: ТО-3, ТО-4 | I822: 220000 | J822: Западный | K822: Уральск
A823: 819 | B823: технологический | C823: Погрузчик GOODSENSE FD30 | D823: А999AOD | E823: ОДС | F823: 28.07.2017 | G823: 1017147.8 | H823: ТО-3, ТО-4 | I823: 700000 | J823: Западный | K823: Уральск
A824: 820 | B824: технологический | C824: УАЗ-390995 | D824: 177YL02 | E824: ОДС | F824: 2019 | G824: 665405.75 | H824: ТО-3, ТО-4 | I824: 220000 | J824: Западный | K824: Уральск
A825: 821 | B825: технологический | C825: Прицеп Крепыш Газ | D825: 34LAZ02 | E825: ОДС | F825: 24.02.2012 | G825: 12036.95 | H825: ТО-3, ТО-4 | I825: 180000 | J825: Западный | K825: Уральск
A826: 822 | B826: технологический | C826: Прицеп Крепыш Газ 821305 | D826: 35LAZ02 | E826: ОДС | F826: 27.02.2012 | G826: 12036.95 | H826: ТО-3, ТО-4 | I826: 180000 | J826: Западный | K826: Уральск
A827: 823 | B827: технологический | C827: Прицеп Искер Газ 8301 | D827: 36LAZ02 | E827: ОДС | F827: 28.09.2007 | G827: 14865.44 | H827: ТО-3, ТО-4 | I827: 180000 | J827: Западный | K827: Уральск
A828: 824 | B828: технологический | C828: Lada 212140 | D828: 114ZD02 | E828: ОДС | F828: 2021 | G828: 1701900 | H828: ТО-3, ТО-4 | I828: 300000 | J828: Западный | K828: Уральск
A829: 825 | B829: технологический | C829: Lada 212140 | D829: 117ZD02 | E829: ОДС | F829: 2021 | G829: 1701900 | H829: ТО-3, ТО-4 | I829: 300000 | J829: Западный | K829: Уральск
A830: 826 | B830: технологический | C830: Lada 212140 | D830: 125ZD02 | E830: ОДС | F830: 2021 | G830: 1701900 | H830: ТО-3, ТО-4 | I830: 300000 | J830: Западный | K830: Уральск
A831: 827 | B831: технологический | C831: Lada 212140 | D831: 135ZD02 | E831: ОДС | F831: 2021 | G831: 1701900 | H831: ТО-3, ТО-4 | I831: 300000 | J831: Западный | K831: Уральск
A832: 828 | B832: технологический | C832: Прицеп | D832: 88LBZ02 | E832: ОДС | F832: 29.04.2014 | G832: 17225.82 | H832: ТО-3, ТО-4 | I832: 180000 | J832: Западный | K832: Уральск
A833: 829 | B833: технологический | C833: Toyota Camry | D833: 272YL02 | E833: ОДС | F833: 30.12.2004 | G833: 102579 | H833: ТО-3, ТО-4 | I833: 360000 | J833: Западный | K833: Уральск
A834: 830 | B834: технологический | C834: Toyota Carolla | D834: 228YL02 | E834: ОДС | F834: 30.03.2007 | G834: 66841.6 | H834: ТО-3, ТО-4 | I834: 360000 | J834: Западный | K834: Уральск
A835: 831 | B835: технологический | C835: Toyota Camry | D835: 232YL02 | E835: ОДС | F835: 2003 | G835: 106867.6 | H835: ТО-3, ТО-4 | I835: 360000 | J835: Западный | K835: Уральск
A836: 832 | B836: технологический | C836: Lada 212140 | D836: 312YL02 | E836: ОДС | F836: 2010 | G836: 41344.56 | H836: ТО-3, ТО-4 | I836: 300000 | J836: Западный | K836: Уральск
A837: 833 | B837: технологический | C837: Lada 212140 | D837: 317YL02 | E837: ОДС | F837: 30.12.2013 | G837: 43707.29 | H837: ТО-3, ТО-4 | I837: 300000 | J837: Западный | K837: Уральск
A838: 834 | B838: технологический | C838: Tayota Land Kruser | D838: 299YL02 | E838: ОДС | F838: 30.09.2002 | G838: 133873.92 | H838: ТО-3, ТО-4 | I838: 360000 | J838: Западный | K838: Уральск
A839: 835 | B839: технологический | C839: УАЗ-390995 | D839: 296YL02 | E839: ОДС | F839: 27.12.2011 | G839: 62566.04 | H839: ТО-3, ТО-4 | I839: 220000 | J839: Западный | K839: Уральск
A840: 836 | B840: технологический | C840: УАЗ-390995 | D840: 268YL02 | E840: ОДС | F840: 27.12.2011 | G840: 59841.82 | H840: ТО-3, ТО-4 | I840: 220000 | J840: Западный | K840: Уральск
A841: 837 | B841: технологический | C841: Lada 212140 | D841: 316YL02 | E841: ОДС | F841: 30.12.2012 | G841: 39720.14 | H841: ТО-3, ТО-4 | I841: 300000 | J841: Западный | K841: Уральск
A842: 838 | B842: технологический | C842: Lada 212140 | D842: 234YL02 | E842: ОДС | F842: 30.12.2012 | G842: 39720.14 | H842: ТО-3, ТО-4 | I842: 300000 | J842: Западный | K842: Уральск
A843: 839 | B843: технологический | C843: УАЗ-390995 | D843: 220YL02 | E843: ОДС | F843: 30.12.2013 | G843: 62707.29 | H843: ТО-3, ТО-4 | I843: 220000 | J843: Западный | K843: Уральск
A844: 840 | B844: технологический | C844: Lada 212140 | D844: 273YL02 | E844: ОДС | F844: 30.12.2014 | G844: 47199.09 | H844: ТО-3, ТО-4 | I844: 300000 | J844: Западный | K844: Уральск
A845: 841 | B845: технологический | C845: Lada 212140 | D845: 201YL02 | E845: ОДС | F845: 29.09.2015 | G845: 39963.07 | H845: ТО-3, ТО-4 | I845: 300000 | J845: Западный | K845: Уральск
A846: 842 | B846: технологический | C846: Lada 212140 | D846: 271YL02 | E846: ОДС | F846: 29.09.2015 | G846: 39963.07 | H846: ТО-3, ТО-4 | I846: 250000 | J846: Западный | K846: Уральск
A847: 843 | B847: технологический | C847: Lada 212140 | D847: 301YL02 | E847: ОДС | F847: 29.09.2015 | G847: 39963.07 | H847: ТО-3, ТО-4 | I847: 250000 | J847: Западный | K847: Уральск
A848: 844 | B848: технологический | C848: Lada 212140 | D848: 291YL02 | E848: ОДС | F848: 29.09.2015 | G848: 39963.07 | H848: ТО-3, ТО-4 | I848: 250000 | J848: Западный | K848: Уральск
... A854: 850 | B854: технологический | C854: УАЗ-390995 | D854: 307YL02 | E854: ОДС | F854: 28.07.2017 | G854: 115399.79 | H854: ТО-3, ТО-4 | I854: 220000 | J854: Западный | K854: Уральск
A855: 851 | B855: технологический | C855: Lada 212140 | D855: 226YL02 | E855: ОДС | F855: 2017 | G855: 76193.92 | H855: ТО-3, ТО-4 | I855: 250000 | J855: Западный | K855: Уральск
A856: 852 | B856: технологический | C856: Lada 212140 | D856: 213YL02 | E856: ОДС | F856: 2017 | G856: 76193.92 | H856: ТО-3, ТО-4 | I856: 250000 | J856: Западный | K856: Уральск
A857: 853 | B857: технологический | C857: Lada 212140 | D857: 224YL02 | E857: ОДС | F857: 2017 | G857: 76193.92 | H857: ТО-3, ТО-4 | I857: 250000 | J857: Западный | K857: Уральск
A858: 854 | B858: технологический | C858: Lada 212140 | D858: 237YL02 | E858: ОДС | F858: 2017 | G858: 76193.92 | H858: ТО-3, ТО-4 | I858: 250000 | J858: Западный | K858: Уральск
A859: 855 | B859: технологический | C859: Lada 212140 | D859: 207YL02 | E859: ОДС | F859: 2017 | G859: 76193.92 | H859: ТО-3, ТО-4 | I859: 250000 | J859: Западный | K859: Уральск
A860: 856 | B860: технологический | C860: Lada 212140 | D860: 225YL02 | E860: ОДС | F860: 2017 | G860: 76193.92 | H860: ТО-3, ТО-4 | I860: 250000 | J860: Западный | K860: Уральск
A861: 857 | B861: технологический | C861: Lada 212140 | D861: 238YL02 | E861: ОДС | F861: 2017 | G861: 76193.92 | H861: ТО-3, ТО-4 | I861: 250000 | J861: Западный | K861: Уральск
A862: 858 | B862: технологический | C862: Lada 212140 | D862: 223YL02 | E862: ОДС | F862: 2017 | G862: 76193.92 | H862: ТО-3, ТО-4 | I862: 250000 | J862: Западный | K862: Уральск
A863: 859 | B863: технологический | C863: Lada 212140 | D863: 302YL02 | E863: ОДС | F863: 2017 | G863: 76193.92 | H863: ТО-3, ТО-4 | I863: 250000 | J863: Западный | K863: Уральск
A864: 860 | B864: технологический | C864: Lada 212140 | D864: 205YL02 | E864: ОДС | F864: 2017 | G864: 76193.92 | H864: ТО-3, ТО-4 | I864: 250000 | J864: Западный | K864: Уральск
A865: 861 | B865: технологический | C865: Toyota Hiace | D865: 282YL02 | E865: ОДС | F865: 31.12.2005 | G865: 103582.66 | H865: ТО-3, ТО-4 | I865: 220000 | J865: Западный | K865: Уральск
A866: 862 | B866: технологический | C866: УАЗ-220695-330-04 | D866: 250YL02 | E866: ОДС | F866: 27.12.2011 | G866: 55003.85 | H866: ТО-3, ТО-4 | I866: 220000 | J866: Западный | K866: Уральск
A867: 863 | B867: технологический | C867: ГАЗ-3308 276YL02 БКМ | D867: 276YL02 | E867: ОДС | F867: 30.12.2004 | G867: 147143.48 | H867: ТО-3, ТО-4 | I867: 700000 | J867: Западный | K867: Уральск
A868: 864 | B868: технологический | C868: ГАЗ 3309 295YL02 | D868: 295YL02 | E868: ОДС | F868: 30.12.2011 | G868: 368726.15 | H868: ТО-3, ТО-4 | I868: 500000 | J868: Западный | K868: Уральск
A869: 865 | B869: технологический | C869: ГАЗ-32705-244 235YL2 | D869: 235YL2 | E869: ОДС | F869: 30.12.2014 | G869: 127766.1 | H869: ТО-3, ТО-4 | I869: 220000 | J869: Западный | K869: Уральск
A870: 866 | B870: технологический | C870: Камаз 65117-029 227YL02 (027YL04) манипул | D870: 227YL02 | E870: ОДС | F870: 30.12.2014 | G870: 372199.09 | H870: ТО-3, ТО-4 | I870: 700000 | J870: Западный | K870: Уральск
A871: 867 | B871: технологический | C871: JAC T-6 Comfort с куном | D871: 948AV02 | E871: ДКБ | F871: 2023 | G871: 9975600 | H871: ТО-3, ТО-4 | I871: 400000 | J871: Западный | K871: Уральск
A872: 868 | B872: технологический | C872: JAC T-6 Comfort с куном | D872: 947AV02 | E872: ДРБ | F872: 2023 | G872: 9975600 | H872: ТО-3, ТО-4 | I872: 400000 | J872: Западный | K872: Уральск
A873: 869 | B873: технологический | C873: JAC T-6 Comfort с куном | D873: 795AV02 | E873: ОДС | F873: 2023 | G873: 9975600 | H873: ТО-3, ТО-4 | I873: 400000 | J873: Западный | K873: Уральск
A874: 870 | B874: технологический | C874: JAC T-6 Comfort с куном | D874: 782AV02 | E874: ОДС | F874: 2023 | G874: 9975600 | H874: ТО-3, ТО-4 | I874: 400000 | J874: Западный | K874: Уральск
A875: 871 | B875: технологический | C875: JAC T-6 Comfort с куном | D875: 785AV02 | E875: ОДС | F875: 2023 | G875: 9975600 | H875: ТО-3, ТО-4 | I875: 400000 | J875: Западный | K875: Уральск
...

Sheet Расшифр авто РП
B2: Расшифровка денежных средств, планируемых на ТО и ремонт автотранспортных средств
A4: №п/п | B4: Тип ТС | C4: Модель | D4: Гос. № | E4: Филиал, за которым закреплено ТС | F4: Год выпуска | G4: Остаточная стоимость | H4: Вид ремонта | I4: Затраты | J4: Регион | K4: Город
A5: 1 | B5: технологический | C5: Chevrolet Cobalt Elegant AT | D5: 306EZ02 | E5: ОДС | F5: 2024 | G5: 7840000 | H5: ТО-3, ТО-4 | I5: 250000 | J5: Северный | K5: Костанай

Sheet комм услуги
B2: Коммунальные услуги
B3: Категория расходов | C3: 2025 год | F3: 2026 год | L3: 2027 год проект | M3: Откл проект 2027/ утв 2026 | O3: Откл проект 2027/ оценка 2026
C4: Уточн план | D4: Факт | E4: Откл, абс | F4: Утвержденный план | G4: Уточненный план | H4: Факт 1 полугодие | I4: Оценка 2026 | J4: Отк факт/уточн план, абс | K4: Отк факт/уточн план, % | M4: абс | N4: % | O4: абс | P4: % | Q4: 2027 г к 2025
B5: Газ | C5: =54026+124 -> 54150 | D5: 47433 | E5: =D5-C5 -> -6717 | F5: 54884 | G5: 53071 | H5: 38761 | I5: =53071+17673 -> 70744 | J5: =H5-G5 -> -14310 | K5: =IF(G5=0,"----",H5/G5*100) -> 73.036121 | L5: 90153 | M5: =L5-F5 -> 35269 | N5: =IF(F5=0,"----",L5/F5*100) -> 164.26099 | O5: =L5-I5 -> 19409 | P5: =IF(I5=0,"----",L5/G5*100) -> 169.87244 | Q5: =L5/D5 -> 1.9006388
B6: Водоснабжение, водоотведение | C6: =174162+9660 -> 183822 | D6: =137029+3562 -> 140591 | E6: =D6-C6 -> -43231 | F6: =181689+4830 -> 186519 | G6: =212133+4522 -> 216655 | H6: =76088+2536 -> 78624 | I6: =216655+24321 -> 240976 | J6: =H6-G6 -> -138031 | K6: =IF(G6=0,"----",H6/G6*100) -> 36.289954 | L6: =85280+150537 -> 235817 | M6: =L6-F6 -> 49298 | N6: =IF(F6=0,"----",L6/F6*100) -> 126.43055 | O6: =L6-I6 -> -5159 | P6: =IF(I6=0,"----",L6/G6*100) -> 108.84448 | Q6: =L6/D6 -> 1.6773264
B7: Ком. расходы при аренде недвижимости | C7: 15831 | D7: 9331 | E7: =D7-C7 -> -6500 | F7: =18682+1200 -> 19882 | G7: =22284+1200 -> 23484 | H7: 7843 | I7: 23484 | J7: =H7-G7 -> -15641 | K7: =IF(G7=0,"----",H7/G7*100) -> 33.397207 | L7: 23637 | M7: =L7-F7 -> 3755 | N7: =IF(F7=0,"----",L7/F7*100)-100 -> 18.88643 | O7: =L7-I7 -> 153 | P7: =IF(I7=0,"----",L7/G7*100) -> 100.65151 | Q7: =L7/D7 -> 2.533169
B8: Теплоэнергия | C8: =870251+63944 -> 934195 | D8: =831863+45799 -> 877662 | E8: =D8-C8 -> -56533 | F8: =753107+21737 -> 774844 | G8: =783371+22044 -> 805415 | H8: =587559+15117 -> 602676 | I8: =805415+347714 -> 1153129 | J8: =H8-G8 -> -202739 | K8: =IF(G8=0,"----",H8/G8*100) -> 74.828008 | L8: 1005682 | M8: =L8-F8 -> 230838 | N8: =IF(F8=0,"----",L8/F8*100) -> 129.79155 | O8: =L8-I8 -> -147447 | P8: =IF(I8=0,"----",L8/G8*100) -> 124.86507 | Q8: =L8/D8 -> 1.1458648
B9: Услуги КСК | C9: =5282+72 -> 5354 | D9: =4655+48 -> 4703 | E9: =D9-C9 -> -651 | F9: 7242 | G9: 5707 | H9: 903 | I9: 5707 | J9: =H9-G9 -> -4804 | K9: =IF(G9=0,"----",H9/G9*100) -> 15.822674 | L9: 8399 | M9: =L9-F9 -> 1157 | N9: =IF(F9=0,"----",L9/F9*100)-100 -> 15.97625 | O9: =L9-I9 -> 2692 | P9: =IF(I9=0,"----",L9/G9*100) -> 147.17014 | Q9: =L9/D9 -> 1.7858814
B10: Вывоз мусора | C10: =17495+651+2425 -> 20571 | D10: =13493+1357 -> 14850 | E10: =D10-C10 -> -5721 | F10: =105125+2269 -> 107394 | G10: =92560+2269 -> 94829 | H10: =28865+1021 -> 29886 | I10: 94829 | J10: =H10-G10 -> -64943 | K10: =IF(G10=0,"----",H10/G10*100) -> 31.515676 | M10: =L10-F10 -> -107394 | N10: =IF(F10=0,"----",L10/F10*100)-100 -> -100 | O10: =L10-I10 -> -94829 | P10: =IF(I10=0,"----",L10/G10*100) -> 0 | Q10: =L10/D10 -> 0
B11: Откачка септика | C11: 601 | D11: 531 | E11: =D11-C11 -> -70 | F11: 0 | J11: =H11-G11 -> 0 | K11: =IF(G11=0,"----",H11/G11*100) -> ---- | M11: =L11-F11 -> 0 | N11: =IF(F11=0,"----",L11/F11*100) -> ---- | O11: =L11-I11 -> 0 | P11: =IF(I11=0,"----",L11/G11*100) -> ---- | Q11: =L11/D11 -> 0
B12: Дезинсекция, дератизация | C12: =12779+682 -> 13461 | D12: =9933+249 -> 10182 | E12: =D12-C12 -> -3279 | F12: =66244+1170 -> 67414 | G12: =57031+1170 -> 58201 | H12: =15977+580 -> 16557 | I12: 58201 | J12: =H12-G12 -> -41644 | K12: =IF(G12=0,"----",H12/G12*100) -> 28.447965 | M12: =L12-F12 -> -67414 | N12: =IF(F12=0,"----",L12/F12*100) -> 0 | O12: =L12-I12 -> -58201 | P12: =IF(I12=0,"----",L12/G12*100) -> 0 | Q12: =L12/D12 -> 0
B13: Поверка средств измерений и счетчиков | E13: =D13-C13 -> 0 | F13: 550 | G13: 470 | I13: 470 | J13: =H13-G13 -> -470 | K13: =IF(G13=0,"----",H13/G13*100) -> 0 | M13: =L13-F13 -> -550 | N13: =IF(F13=0,"----",L13/F13*100)-100 -> -100 | O13: =L13-I13 -> -470 | P13: =IF(I13=0,"----",L13/G13*100) -> 0
B14: Ком услуги (промывка, опресовка, обследование) | J14: =H14-G14 -> 0 | K14: =IF(G14=0,"----",H14/G14*100) -> ---- | M14: =L14-F14 -> 0 | N14: =IF(F14=0,"----",L14/F14*100) -> ---- | O14: =L14-I14 -> 0 | P14: =IF(I14=0,"----",L14/G14*100) -> ----
B15: Сервисное обслуживание теплосчетчиков | E15: =D15-C15 -> 0 | F15: =21147+192 -> 21339 | G15: =19047+191 -> 19238 | H15: =5658+74 -> 5732 | I15: 19238 | J15: =H15-G15 -> -13506 | K15: =IF(G15=0,"----",H15/G15*100) -> 29.795197 | M15: =L15-F15 -> -21339 | N15: =IF(F15=0,"----",L15/F15*100) -> 0 | O15: =L15-I15 -> -19238 | P15: =IF(I15=0,"----",L15/G15*100) -> 0
B16: ТО и ремонт приборов учета тепла | E16: =D16-C16 -> 0 | F16: =18708+180 -> 18888 | G16: =17512+180 -> 17692 | H16: =5236+62 -> 5298 | I16: 17692 | J16: =H16-G16 -> -12394 | K16: =IF(G16=0,"----",H16/G16*100) -> 29.945738 | M16: =L16-F16 -> -18888 | N16: =IF(F16=0,"----",L16/F16*100) -> 0 | O16: =L16-I16 -> -17692 | P16: =IF(I16=0,"----",L16/G16*100) -> 0
B17: Услуги по опломбированию приборов учета | E17: =D17-C17 -> 0 | F17: 6068 | G17: 2618 | H17: 183 | I17: 2618 | J17: =H17-G17 -> -2435 | K17: =IF(G17=0,"----",H17/G17*100) -> 6.9900688 | M17: =L17-F17 -> -6068 | N17: =IF(F17=0,"----",L17/F17*100)-100 -> -100 | O17: =L17-I17 -> -2618 | P17: =IF(I17=0,"----",L17/G17*100) -> 0
B18: Услуги по содержанию зданий | C18: =665399+33109 -> 698508 | D18: =536839+55757 -> 592596 | E18: =D18-C18 -> -105912 | F18: =837308+35976 -> 873284 | G18: =905236+35976 -> 941212 | H18: =429629+24425 -> 454054 | I18: =941212+67887 -> 1009099 | J18: =H18-G18 -> -487158 | K18: =IF(G18=0,"----",H18/G18*100) -> 48.241416 | L18: 3181149 | M18: =L18-F18 -> 2307865 | N18: =IF(F18=0,"----",L18/F18*100)-100 -> 264.27428 | O18: =L18-I18 -> 2172050 | P18: =IF(I18=0,"----",L18/G18*100) -> 337.98432 | Q18: =L18/D18 -> 5.3681581
B19: Услуги по уборке помещений | C19: =950363+45117 -> 995480 | D19: =894115+95023 -> 989138 | E19: =D19-C19 -> -6342 | F19: =1284343+51189 -> 1335532 | G19: =1279806+51189 -> 1330995 | H19: =592446+37617 -> 630063 | I19: 1330995 | J19: =H19-G19 -> -700932 | K19: =IF(G19=0,"----",H19/G19*100) -> 47.337744 | L19: 2468617 | M19: =L19-F19 -> 1133085 | N19: =IF(F19=0,"----",L19/F19*100)-100 -> 84.841471 | O19: =L19-I19 -> 1137622 | P19: =IF(I19=0,"----",L19/G19*100) -> 185.47155 | Q19: =L19/D19 -> 2.4957256
B20: Обслуживание лифтов | E20: =D20-C20 -> 0 | F20: =31884+3500 -> 35384 | G20: 32488 | H20: =14412+1760 -> 16172 | I20: 32488 | J20: =H20-G20 -> -16316 | K20: =IF(G20=0,"----",H20/G20*100) -> 49.77838 | L20: 41392 | M20: =L20-F20 -> 6008 | N20: =IF(F20=0,"----",L20/F20*100) -> 116.97943 | O20: =L20-I20 -> 8904 | P20: =IF(I20=0,"----",L20/G20*100) -> 127.40704 | Q20: =L20/D20 -> #DIV/0!
B21: ИТОГО | C21: =SUM(C5:C20) -> 2921973 | D21: =SUM(D5:D20) -> 2687017 | E21: =D21-C21 -> -234956 | F21: =SUM(F5:F20) -> 3509224 | G21: =SUM(G5:G20) -> 3602075 | H21: =SUM(H5:H20) -> 1886752 | I21: =SUM(I5:I20) -> 4059670 | J21: =H21-G21 -> -1715323 | K21: =IF(G21=0,"----",H21/G21*100) -> 52.379587 | L21: =SUM(L5:L20) -> 7054846 | M21: =L21-F21 -> 3545622 | N21: =IF(F21=0,"----",L21/F21*100)-100 -> 101.03721 | O21: =L21-I21 -> 2995176 | P21: =IF(G21=0,"----",L21/G21*100)-100 -> 95.855056
B22: Перенос расходов, связанных с возмещением затрат арендаторами в Неосновную деятельность | D22: -50221 | E22: =D22-C22 -> -50221 | H22: -35026 | I22: =H22*2 -> -70052 | J22: =H22-G22 -> -35026 | K22: =IF(G22=0,"----",H22/G22*100) -> ---- | M22: =L22-F22 -> 0 | N22: =IF(F22=0,"----",L22/F22*100) -> ---- | O22: =L22-G22 -> 0 | P22: =IF(G22=0,"----",L22/G22*100) -> ----
B23: ИТОГО фактические затраты по финансовой отчетности | C23: =C21+C22 -> 2921973 | D23: =D21+D22 -> 2636796 | E23: =D23-C23 -> -285177 | F23: =F21+F22 -> 3509224 | G23: =G21+G22 -> 3602075 | H23: =H21+H22 -> 1851726 | I23: =I21+I22 -> 3989618 | J23: =H23-G23 -> -1750349 | K23: =IF(G23=0,"----",H23/G23*100) -> 51.407203 | L23: =L21+L22 -> 7054846 | M23: =L23-F23 -> 3545622 | N23: =IF(F23=0,"----",L23/F23*100)-100 -> 101.03721 | O23: =L23-I23 -> 3065228 | P23: =IF(G23=0,"----",L23/G23*100)-100 -> 95.855056

Sheet Сводная_ком расх 2025
A1: Командировочные расходы служебные, в тг, свод
C2: 1 кв 2025 | D2: в том числе помесяцам: | P2: 2 кв 2025 | Q2: в том числе помесяцам: | AC2: 3 кв 2025 | AD2: в том числе помесяцам: | AP2: 4 кв 2025 | AQ2: в том числе помесяцам: | BC2: Итого 2025 год
A3: № п/п | B3: Подразделения | D3: январь план | E3: Факт январь | F3: откл., к плану, абс | G3: к плану, в % | H3: План февраль | I3: Факт февраль | J3: откл., к плану, абс | K3: к плану, в % | L3: План март | M3: Факт март | N3: откл., к плану, абс | O3: к плану, в % | Q3: План апрель | R3: Факт апрель | S3: откл., к плану, абс | T3: к плану, в % | U3: План май | V3: Факт май | W3: откл., к плану, абс | X3: к плану, в % | Y3: План июнь | Z3: Факт июнь | AA3: откл., к плану, абс | AB3: к плану, в % | AD3: План июль | AE3: Факт июль | AF3: откл., к плану, абс | AG3: к плану, в % | AH3: План август | AI3: Факт август | AJ3: откл., к плану, абс | AK3: к плану, в % | AL3: План сентябрь | AM3: Факт сентябрь | AN3: откл., к плану, абс | AO3: к плану, в % | AQ3: План октябрь | AR3: Факт октябрь | AS3: откл., к плану, абс | AT3: к плану, в % | AU3: ноябрь | AV3: Факт ноябрь | AW3: откл., к плану, абс | AX3: к плану, в % | AY3: декабрь | AZ3: Факт декабрь | BA3: откл., к плану, абс | BB3: к плану, в % | BE3: План январь-декабрь | BF3: Факт январь-декабрь | BG3: откл., к плану, абс | BH3: к плану, в %
A4: 1 | B4: РУКОВОДСТВО | C4: =D4+H4+L4 -> 4641000 | D4: =[22]Руководство!E4 -> 1547000 | E4: =[22]Руководство!F4 -> 1136464 | F4: =E4-D4 -> -410536 | G4: =IF(D4=0,"----",E4/D4*100) -> 73.462443 | H4: =[22]Руководство!I4 -> 1547000 | I4: =[22]Руководство!J4 -> 1263313 | J4: =I4-H4 -> -283687 | K4: =IF(H4=0,"----",I4/H4*100) -> 81.66212 | L4: =[22]Руководство!M4 -> 1547000 | M4: =[22]Руководство!N4 -> 71144 | N4: =M4-L4 -> -1475856 | O4: =IF(L4=0,"----",M4/L4*100) -> 4.5988365 | P4: =Q4+U4+Y4 -> 4620000 | Q4: =[22]Руководство!R4 -> 1547000 | R4: =[22]Руководство!S4 -> 1818545 | S4: =R4-Q4 -> 271545 | T4: =IF(Q4=0,"----",R4/Q4*100) -> 117.55301 | U4: =[22]Руководство!V4 -> 1540000 | V4: =[22]Руководство!W4 -> 1869923 | W4: =V4-U4 -> 329923 | X4: =IF(U4=0,"----",V4/U4*100) -> 121.42357 | Y4: =[22]Руководство!Z4 -> 1533000 | Z4: =[22]Руководство!AA4 -> 1808371 | AA4: =Z4-Y4 -> 275371 | AB4: =IF(Y4=0,"----",Z4/Y4*100) -> 117.96288 | AC4: =AD4+AH4+AL4 -> 9359000 | AD4: =[22]Руководство!AE4 -> 1547000 | AE4: =[22]Руководство!AF4 -> 1874805 | AF4: =AE4-AD4 -> 327805 | AG4: =IF(AD4=0,"----",AE4/AD4*100) -> 121.18972 | AH4: =[22]Руководство!AI4 -> 1547000 | AI4: =[22]Руководство!AJ4 -> 483330 | AJ4: =AI4-AH4 -> -1063670 | AK4: =IF(AH4=0,"----",AI4/AH4*100) -> 31.243051 | AL4: =[22]Руководство!AM4 -> 6265000 | AM4: =[22]Руководство!AN4 -> 4778129 | AN4: =AM4-AL4 -> -1486871 | AO4: =IF(AL4=0,"----",AM4/AL4*100) -> 76.267023 | AP4: =AQ4+AU4+AY4 -> 5593000 | AQ4: =[22]Руководство!AR4 -> 2529000 | AR4: =[22]Руководство!AS4 -> 182490 | AS4: =AR4-AQ4 -> -2346510 | AT4: =IF(AQ4=0,"----",AR4/AQ4*100) -> 7.2158956 | AU4: =[22]Руководство!AV4 -> 1518000 | AV4: =[22]Руководство!AW4 -> 321843 | AW4: =AV4-AU4 -> -1196157 | AX4: =IF(AU4=0,"----",AV4/AU4*100) -> 21.201779 | AY4: =[22]Руководство!AZ4 -> 1546000 | AZ4: =[22]Руководство!BA4 -> 1171655 | BA4: =AZ4-AY4 -> -374345 | BB4: =IF(AY4=0,"----",AZ4/AY4*100) -> 75.786223 | BC4: =C4+P4+AC4+AP4 -> 24213000 | BE4: =D4+H4+L4+Q4+U4+Y4+AD4+AH4+AL4+AQ4+AU4+AY4 -> 24213000 | BF4: =E4+I4+M4+R4+V4+Z4+AE4+AI4+AM4+AR4+AV4+AZ4 -> 16780012 | BG4: =BF4-BE4 -> -7432988 | BH4: =IF(BE4=0,"----",BF4/BE4*100) -> 69.301664
A5: 2 | B5: БЛОК ПРОЧИХ ФУНКЦИЙ | C5: =D5+H5+L5 -> 771999 | D5: ='[22]Блок прочих функции'!E4 -> 257333 | E5: ='[22]Блок прочих функции'!F4 -> 0 | F5: =E5-D5 -> -257333 | G5: =IF(D5=0,"----",E5/D5*100) -> 0 | H5: ='[22]Блок прочих функции'!I4 -> 257333 | I5: ='[22]Блок прочих функции'!J4 -> 179528 | J5: =I5-H5 -> -77805 | K5: =IF(H5=0,"----",I5/H5*100) -> 69.764857 | L5: ='[22]Блок прочих функции'!M4 -> 257333 | M5: ='[22]Блок прочих функции'!N4 -> 0 | N5: =M5-L5 -> -257333 | O5: =IF(L5=0,"----",M5/L5*100) -> 0 | P5: =Q5+U5+Y5 -> 773999 | Q5: ='[22]Блок прочих функции'!R4 -> 258333 | R5: ='[22]Блок прочих функции'!S4 -> 417232 | S5: =R5-Q5 -> 158899 | T5: =IF(Q5=0,"----",R5/Q5*100) -> 161.50937 | U5: ='[22]Блок прочих функции'!V4 -> 258333 | V5: ='[22]Блок прочих функции'!W4 -> 0 | W5: =V5-U5 -> -258333 | X5: =IF(U5=0,"----",V5/U5*100) -> 0 | Y5: ='[22]Блок прочих функции'!Z4 -> 257333 | Z5: ='[22]Блок прочих функции'!AA4 -> 220705 | AA5: =Z5-Y5 -> -36628 | AB5: =IF(Y5=0,"----",Z5/Y5*100) -> 85.766303 | AC5: =AD5+AH5+AL5 -> 783000 | AD5: ='[22]Блок прочих функции'!AE4 -> 257333 | AE5: ='[22]Блок прочих функции'!AF4 -> 0 | AF5: =AE5-AD5 -> -257333 | AG5: =IF(AD5=0,"----",AE5/AD5*100) -> 0 | AH5: ='[22]Блок прочих функции'!AI4 -> 259333 | AI5: ='[22]Блок прочих функции'!AJ4 -> 103027 | AJ5: =AI5-AH5 -> -156306 | AK5: =IF(AH5=0,"----",AI5/AH5*100) -> 39.727686 | AL5: ='[22]Блок прочих функции'!AM4 -> 266334 | AM5: ='[22]Блок прочих функции'!AN4 -> 103027 | AN5: =AM5-AL5 -> -163307 | AO5: =IF(AL5=0,"----",AM5/AL5*100) -> 38.683383 | AP5: =AQ5+AU5+AY5 -> 771002 | AQ5: ='[22]Блок прочих функции'!AR4 -> 257334 | AR5: ='[22]Блок прочих функции'!AS4 -> 0 | AS5: =AR5-AQ5 -> -257334 | AT5: =IF(AQ5=0,"----",AR5/AQ5*100) -> 0 | AU5: ='[22]Блок прочих функции'!AV4 -> 257334 | AV5: ='[22]Блок прочих функции'!AW4 -> 0 | AW5: =AV5-AU5 -> -257334 | AX5: =IF(AU5=0,"----",AV5/AU5*100) -> 0 | AY5: ='[22]Блок прочих функции'!AZ4 -> 256334 | AZ5: ='[22]Блок прочих функции'!BA4 -> 243369 | BA5: =AZ5-AY5 -> -12965 | BB5: =IF(AY5=0,"----",AZ5/AY5*100) -> 94.942146 | BC5: =C5+P5+AC5+AP5 -> 3100000 | BE5: =D5+H5+L5+Q5+U5+Y5+AD5+AH5+AL5+AQ5+AU5+AY5 -> 3100000 | BF5: =E5+I5+M5+R5+V5+Z5+AE5+AI5+AM5+AR5+AV5+AZ5 -> 1266888 | BG5: =BF5-BE5 -> -1833112 | BH5: =IF(BE5=0,"----",BF5/BE5*100) -> 40.867355
A6: 3 | B6: БЛОК ГД | C6: =D6+H6+L6 -> 2148993 | D6: =[22]БГД!E4 -> 716331 | E6: =[22]БГД!F4 -> 284391 | F6: =E6-D6 -> -431940 | G6: =IF(D6=0,"----",E6/D6*100) -> 39.70106 | H6: =[22]БГД!I4 -> 716331 | I6: =[22]БГД!J4 -> 1844884 | J6: =I6-H6 -> 1128553 | K6: =IF(H6=0,"----",I6/H6*100) -> 257.5463 | L6: =[22]БГД!M4 -> 716331 | M6: =[22]БГД!N4 -> 1336850 | N6: =M6-L6 -> 620519 | O6: =IF(L6=0,"----",M6/L6*100) -> 186.62462 | P6: =Q6+U6+Y6 -> 2988991 | Q6: =[22]БГД!R4 -> 716331 | R6: =[22]БГД!S4 -> 1700152 | S6: =R6-Q6 -> 983821 | T6: =IF(Q6=0,"----",R6/Q6*100) -> 237.34168 | U6: =[22]БГД!V4 -> 716330 | V6: =[22]БГД!W4 -> 1236821 | W6: =V6-U6 -> 520491 | X6: =IF(U6=0,"----",V6/U6*100) -> 172.66078 | Y6: =[22]БГД!Z4 -> 1556330 | Z6: =[22]БГД!AA4 -> 1532359 | AA6: =Z6-Y6 -> -23971 | AB6: =IF(Y6=0,"----",Z6/Y6*100) -> 98.459774 | AC6: =AD6+AH6+AL6 -> 4343008 | AD6: =[22]БГД!AE4 -> 1324331 | AE6: =[22]БГД!AF4 -> 3016650 | AF6: =AE6-AD6 -> 1692319 | AG6: =IF(AD6=0,"----",AE6/AD6*100) -> 227.78671 | AH6: =[22]БГД!AI4 -> 1324347 | AI6: =[22]БГД!AJ4 -> 2705931 | AJ6: =AI6-AH6 -> 1381584 | AK6: =IF(AH6=0,"----",AI6/AH6*100) -> 204.3219 | AL6: =[22]БГД!AM4 -> 1694330 | AM6: =[22]БГД!AN4 -> 2616776 | AN6: =AM6-AL6 -> 922446 | AO6: =IF(AL6=0,"----",AM6/AL6*100) -> 154.44311 | AP6: =AQ6+AU6+AY6 -> 7981008 | AQ6: =[22]БГД!AR4 -> 1326330 | AR6: =[22]БГД!AS4 -> 524264 | AS6: =AR6-AQ6 -> -802066 | AT6: =IF(AQ6=0,"----",AR6/AQ6*100) -> 39.527418 | AU6: =[22]БГД!AV4 -> 5326330 | AV6: =[22]БГД!AW4 -> 1524732 | AW6: =AV6-AU6 -> -3801598 | AX6: =IF(AU6=0,"----",AV6/AU6*100) -> 28.626315 | AY6: =[22]БГД!AZ4 -> 1328348 | AZ6: =[22]БГД!BA4 -> 2048251 | BA6: =AZ6-AY6 -> 719903 | BB6: =IF(AY6=0,"----",AZ6/AY6*100) -> 154.19536 | BC6: =C6+P6+AC6+AP6 -> 17462000 | BE6: =D6+H6+L6+Q6+U6+Y6+AD6+AH6+AL6+AQ6+AU6+AY6 -> 17462000 | BF6: =E6+I6+M6+R6+V6+Z6+AE6+AI6+AM6+AR6+AV6+AZ6 -> 20372061 | BG6: =BF6-BE6 -> 2910061 | BH6: =IF(BE6=0,"----",BF6/BE6*100) -> 116.66511
A7: 4 | B7: БЛОК HR | C7: =D7+H7+L7 -> 1027000 | D7: ='[22]Блок HR'!E4 -> 339000 | E7: ='[22]Блок HR'!F4 -> 0 | F7: =E7-D7 -> -339000 | G7: =IF(D7=0,"----",E7/D7*100) -> 0 | H7: ='[22]Блок HR'!I4 -> 339000 | I7: ='[22]Блок HR'!J4 -> 7384 | J7: =I7-H7 -> -331616 | K7: =IF(H7=0,"----",I7/H7*100) -> 2.1781711 | L7: ='[22]Блок HR'!M4 -> 349000 | M7: ='[22]Блок HR'!N4 -> 0 | N7: =M7-L7 -> -349000 | O7: =IF(L7=0,"----",M7/L7*100) -> 0 | P7: =Q7+U7+Y7 -> 996000 | Q7: ='[22]Блок HR'!R4 -> 338000 | R7: ='[22]Блок HR'!S4 -> 0 | S7: =R7-Q7 -> -338000 | T7: =IF(Q7=0,"----",R7/Q7*100) -> 0 | U7: ='[22]Блок HR'!V4 -> 338000 | V7: ='[22]Блок HR'!W4 -> 0 | W7: =V7-U7 -> -338000 | X7: =IF(U7=0,"----",V7/U7*100) -> 0 | Y7: ='[22]Блок HR'!Z4 -> 320000 | Z7: ='[22]Блок HR'!AA4 -> 0 | AA7: =Z7-Y7 -> -320000 | AB7: =IF(Y7=0,"----",Z7/Y7*100) -> 0 | AC7: =AD7+AH7+AL7 -> 993000 | AD7: ='[22]Блок HR'!AE4 -> 345000 | AE7: ='[22]Блок HR'!AF4 -> 61910 | AF7: =AE7-AD7 -> -283090 | AG7: =IF(AD7=0,"----",AE7/AD7*100) -> 17.944928 | AH7: ='[22]Блок HR'!AI4 -> 333000 | AI7: ='[22]Блок HR'!AJ4 -> 0 | AJ7: =AI7-AH7 -> -333000 | AK7: =IF(AH7=0,"----",AI7/AH7*100) -> 0 | AL7: ='[22]Блок HR'!AM4 -> 315000 | AM7: ='[22]Блок HR'!AN4 -> 0 | AN7: =AM7-AL7 -> -315000 | AO7: =IF(AL7=0,"----",AM7/AL7*100) -> 0 | AP7: =AQ7+AU7+AY7 -> 934000 | AQ7: ='[22]Блок HR'!AR4 -> 296000 | AR7: ='[22]Блок HR'!AS4 -> 0 | AS7: =AR7-AQ7 -> -296000 | AT7: =IF(AQ7=0,"----",AR7/AQ7*100) -> 0 | AU7: ='[22]Блок HR'!AV4 -> 328000 | AV7: ='[22]Блок HR'!AW4 -> 0 | AW7: =AV7-AU7 -> -328000 | AX7: =IF(AU7=0,"----",AV7/AU7*100) -> 0 | AY7: ='[22]Блок HR'!AZ4 -> 310000 | AZ7: ='[22]Блок HR'!BA4 -> 393662 | BA7: =AZ7-AY7 -> 83662 | BB7: =IF(AY7=0,"----",AZ7/AY7*100) -> 126.98774 | BC7: =C7+P7+AC7+AP7 -> 3950000 | BE7: =D7+H7+L7+Q7+U7+Y7+AD7+AH7+AL7+AQ7+AU7+AY7 -> 3950000 | BF7: =E7+I7+M7+R7+V7+Z7+AE7+AI7+AM7+AR7+AV7+AZ7 -> 462956 | BG7: =BF7-BE7 -> -3487044 | BH7: =IF(BE7=0,"----",BF7/BE7*100) -> 11.720405
A8: 5 | B8: ЮРИДИЧЕСКИЙ БЛОК | C8: =D8+H8+L8 -> 485000 | D8: ='[22]Юридический блок'!E4 -> 165000 | E8: ='[22]Юридический блок'!F4 -> 141807 | F8: =E8-D8 -> -23193 | G8: =IF(D8=0,"----",E8/D8*100) -> 85.943636 | H8: ='[22]Юридический блок'!I4 -> 165000 | I8: ='[22]Юридический блок'!J4 -> 73592 | J8: =I8-H8 -> -91408 | K8: =IF(H8=0,"----",I8/H8*100) -> 44.601212 | L8: ='[22]Юридический блок'!M4 -> 155000 | M8: ='[22]Юридический блок'!N4 -> 149359 | N8: =M8-L8 -> -5641 | O8: =IF(L8=0,"----",M8/L8*100) -> 96.360645 | P8: =Q8+U8+Y8 -> 490000 | Q8: ='[22]Юридический блок'!R4 -> 166000 | R8: ='[22]Юридический блок'!S4 -> 938894 | S8: =R8-Q8 -> 772894 | T8: =IF(Q8=0,"----",R8/Q8*100) -> 565.5988 | U8: ='[22]Юридический блок'!V4 -> 166000 | V8: ='[22]Юридический блок'!W4 -> 407083 | W8: =V8-U8 -> 241083 | X8: =IF(U8=0,"----",V8/U8*100) -> 245.23072 | Y8: ='[22]Юридический блок'!Z4 -> 158000 | Z8: ='[22]Юридический блок'!AA4 -> 357512 | AA8: =Z8-Y8 -> 199512 | AB8: =IF(Y8=0,"----",Z8/Y8*100) -> 226.27342 | AC8: =AD8+AH8+AL8 -> 4618000 | AD8: ='[22]Юридический блок'!AE4 -> 156000 | AE8: ='[22]Юридический блок'!AF4 -> 650531 | AF8: =AE8-AD8 -> 494531 | AG8: =IF(AD8=0,"----",AE8/AD8*100) -> 417.00705 | AH8: ='[22]Юридический блок'!AI4 -> 156000 | AI8: ='[22]Юридический блок'!AJ4 -> 1394386 | AJ8: =AI8-AH8 -> 1238386 | AK8: =IF(AH8=0,"----",AI8/AH8*100) -> 893.83718 | AL8: ='[22]Юридический блок'!AM4 -> 4306000 | AM8: ='[22]Юридический блок'!AN4 -> 830811 | AN8: =AM8-AL8 -> -3475189 | AO8: =IF(AL8=0,"----",AM8/AL8*100) -> 19.294264 | AP8: =AQ8+AU8+AY8 -> 1477000 | AQ8: ='[22]Юридический блок'!AR4 -> 1147000 | AR8: ='[22]Юридический блок'!AS4 -> 0 | AS8: =AR8-AQ8 -> -1147000 | AT8: =IF(AQ8=0,"----",AR8/AQ8*100) -> 0 | AU8: ='[22]Юридический блок'!AV4 -> 165000 | AV8: ='[22]Юридический блок'!AW4 -> 563821 | AW8: =AV8-AU8 -> 398821 | AX8: =IF(AU8=0,"----",AV8/AU8*100) -> 341.7097 | AY8: ='[22]Юридический блок'!AZ4 -> 165000 | AZ8: ='[22]Юридический блок'!BA4 -> 748148 | BA8: =AZ8-AY8 -> 583148 | BB8: =IF(AY8=0,"----",AZ8/AY8*100) -> 453.42303 | BC8: =C8+P8+AC8+AP8 -> 7070000 | BE8: =D8+H8+L8+Q8+U8+Y8+AD8+AH8+AL8+AQ8+AU8+AY8 -> 7070000 | BF8: =E8+I8+M8+R8+V8+Z8+AE8+AI8+AM8+AR8+AV8+AZ8 -> 6255944 | BG8: =BF8-BE8 -> -814056 | BH8: =IF(BE8=0,"----",BF8/BE8*100) -> 88.485771
A9: 6 | B9: ФИНАНСОВО-ЭКОНОМИЧЕСКИЙ БЛОК | C9: =D9+H9+L9 -> 2742000 | D9: =[22]ФЭБ!E4 -> 914000 | E9: =[22]ФЭБ!F4 -> 0 | F9: =E9-D9 -> -914000 | G9: =IF(D9=0,"----",E9/D9*100) -> 0 | H9: =[22]ФЭБ!I4 -> 914000 | I9: =[22]ФЭБ!J4 -> 394000 | J9: =I9-H9 -> -520000 | K9: =IF(H9=0,"----",I9/H9*100) -> 43.107221 | L9: =[22]ФЭБ!M4 -> 914000 | M9: =[22]ФЭБ!N4 -> 147858 | N9: =M9-L9 -> -766142 | O9: =IF(L9=0,"----",M9/L9*100) -> 16.177024 | P9: =Q9+U9+Y9 -> 2741000 | Q9: =[22]ФЭБ!R4 -> 914000 | R9: =[22]ФЭБ!S4 -> 7864 | S9: =R9-Q9 -> -906136 | T9: =IF(Q9=0,"----",R9/Q9*100) -> 0.86039387 | U9: =[22]ФЭБ!V4 -> 909000 | V9: =[22]ФЭБ!W4 -> 343416 | W9: =V9-U9 -> -565584 | X9: =IF(U9=0,"----",V9/U9*100) -> 37.779538 | Y9: =[22]ФЭБ!Z4 -> 918000 | Z9: =[22]ФЭБ!AA4 -> 427257 | AA9: =Z9-Y9 -> -490743 | AB9: =IF(Y9=0,"----",Z9/Y9*100) -> 46.542157 | AC9: =AD9+AH9+AL9 -> 5544000 | AD9: =[22]ФЭБ!AE4 -> 978000 | AE9: =[22]ФЭБ!AF4 -> 1302264 | AF9: =AE9-AD9 -> 324264 | AG9: =IF(AD9=0,"----",AE9/AD9*100) -> 133.15583 | AH9: =[22]ФЭБ!AI4 -> 929000 | AI9: =[22]ФЭБ!AJ4 -> 33592 | AJ9: =AI9-AH9 -> -895408 | AK9: =IF(AH9=0,"----",AI9/AH9*100) -> 3.6159311 | AL9: =[22]ФЭБ!AM4 -> 3637000 | AM9: =[22]ФЭБ!AN4 -> 0 | AN9: =AM9-AL9 -> -3637000 | AO9: =IF(AL9=0,"----",AM9/AL9*100) -> 0 | AP9: =AQ9+AU9+AY9 -> 10984081 | AQ9: =[22]ФЭБ!AR4 -> 8779000 | AR9: =[22]ФЭБ!AS4 -> 5681516 | AS9: =AR9-AQ9 -> -3097484 | AT9: =IF(AQ9=0,"----",AR9/AQ9*100) -> 64.71712 | AU9: =[22]ФЭБ!AV4 -> 1291081 | AV9: =[22]ФЭБ!AW4 -> 3715549 | AW9: =AV9-AU9 -> 2424468 | AX9: =IF(AU9=0,"----",AV9/AU9*100) -> 287.78589 | AY9: =[22]ФЭБ!AZ4 -> 914000 | AZ9: =[22]ФЭБ!BA4 -> 0 | BA9: =AZ9-AY9 -> -914000 | BB9: =IF(AY9=0,"----",AZ9/AY9*100) -> 0 | BC9: =C9+P9+AC9+AP9 -> 22011081 | BE9: =D9+H9+L9+Q9+U9+Y9+AD9+AH9+AL9+AQ9+AU9+AY9 -> 22011081 | BF9: =E9+I9+M9+R9+V9+Z9+AE9+AI9+AM9+AR9+AV9+AZ9 -> 12053316 | BG9: =BF9-BE9 -> -9957765 | BH9: =IF(BE9=0,"----",BF9/BE9*100) -> 54.760218
A10: 7 | B10: АДМИНИСТРАТИВНЫЙ БЛОК | C10: =D10+H10+L10 -> 57762008 | D10: ='[22]Адм блок'!E4 -> 19254336 | E10: ='[22]Адм блок'!F4 -> 12214287 | F10: =E10-D10 -> -7040049 | G10: =IF(D10=0,"----",E10/D10*100) -> 63.436553 | H10: ='[22]Адм блок'!I4 -> 19253336 | I10: ='[22]Адм блок'!J4 -> 20871902 | J10: =I10-H10 -> 1618566 | K10: =IF(H10=0,"----",I10/H10*100) -> 108.40668 | L10: ='[22]Адм блок'!M4 -> 19254336 | M10: ='[22]Адм блок'!N4 -> 22906700 | N10: =M10-L10 -> 3652364 | O10: =IF(L10=0,"----",M10/L10*100) -> 118.96905 | P10: =Q10+U10+Y10 -> 63807010 | Q10: ='[22]Адм блок'!R4 -> 19252336 | R10: ='[22]Адм блок'!S4 -> 24402786 | S10: =R10-Q10 -> 5150450 | T10: =IF(Q10=0,"----",R10/Q10*100) -> 126.75234 | U10: ='[22]Адм блок'!V4 -> 28265337 | V10: ='[22]Адм блок'!W4 -> 28926806 | W10: =V10-U10 -> 661469 | X10: =IF(U10=0,"----",V10/U10*100) -> 102.34021 | Y10: ='[22]Адм блок'!Z4 -> 16289337 | Z10: ='[22]Адм блок'!AA4 -> 25961886 | AA10: =Z10-Y10 -> 9672549 | AB10: =IF(Y10=0,"----",Z10/Y10*100) -> 159.37964 | AC10: =AD10+AH10+AL10 -> 57588992 | AD10: ='[22]Адм блок'!AE4 -> 16254336 | AE10: ='[22]Адм блок'!AF4 -> 22540297 | AF10: =AE10-AD10 -> 6285961 | AG10: =IF(AD10=0,"----",AE10/AD10*100) -> 138.67252 | AH10: ='[22]Адм блок'!AI4 -> 16251320 | AI10: ='[22]Адм блок'!AJ4 -> 26983892 | AJ10: =AI10-AH10 -> 10732572 | AK10: =IF(AH10=0,"----",AI10/AH10*100) -> 166.04123 | AL10: ='[22]Адм блок'!AM4 -> 25083336 | AM10: ='[22]Адм блок'!AN4 -> 25777613 | AN10: =AM10-AL10 -> 694277 | AO10: =IF(AL10=0,"----",AM10/AL10*100) -> 102.76788 | AP10: =AQ10+AU10+AY10 -> 92732990 | AQ10: ='[22]Адм блок'!AR4 -> 36465336 | AR10: ='[22]Адм блок'!AS4 -> 28153914 | AS10: =AR10-AQ10 -> -8311422 | AT10: =IF(AQ10=0,"----",AR10/AQ10*100) -> 77.207335 | AU10: ='[22]Адм блок'!AV4 -> 34774336 | AV10: ='[22]Адм блок'!AW4 -> 50235307 | AW10: =AV10-AU10 -> 15460971 | AX10: =IF(AU10=0,"----",AV10/AU10*100) -> 144.46087 | AY10: ='[22]Адм блок'!AZ4 -> 21493318 | AZ10: ='[22]Адм блок'!BA4 -> 35091747 | BA10: =AZ10-AY10 -> 13598429 | BB10: =IF(AY10=0,"----",AZ10/AY10*100) -> 163.26817 | BC10: =C10+P10+AC10+AP10 -> 271891000 | BE10: =D10+H10+L10+Q10+U10+Y10+AD10+AH10+AL10+AQ10+AU10+AY10 -> 271891000 | BF10: =E10+I10+M10+R10+V10+Z10+AE10+AI10+AM10+AR10+AV10+AZ10 -> 324067137 | BG10: =BF10-BE10 -> 52176137 | BH10: =IF(BE10=0,"----",BF10/BE10*100) -> 119.19009
B11: в том числе:
B12: АдмБлок (бэк-офис) | D12: ='[22]Адм блок'!E6 -> 350004 | E12: ='[22]Адм блок'!F6 -> -25974 | F12: =E12-D12 -> -375978 | G12: =IF(D12=0,"----",E12/D12*100) -> -7.421058 | H12: ='[22]Адм блок'!I6 -> 350004 | I12: ='[22]Адм блок'!J6 -> 222176 | J12: =I12-H12 -> -127828 | K12: =IF(H12=0,"----",I12/H12*100) -> 63.478132 | L12: ='[22]Адм блок'!M6 -> 350004 | M12: ='[22]Адм блок'!N6 -> 59592 | N12: =M12-L12 -> -290412 | O12: =IF(L12=0,"----",M12/L12*100) -> 17.026091 | Q12: ='[22]Адм блок'!R6 -> 350004 | R12: ='[22]Адм блок'!S6 -> 332541 | S12: =R12-Q12 -> -17463 | T12: =IF(Q12=0,"----",R12/Q12*100) -> 95.010628 | U12: ='[22]Адм блок'!V6 -> 350003 | V12: ='[22]Адм блок'!W6 -> 502703 | W12: =V12-U12 -> 152700 | X12: =IF(U12=0,"----",V12/U12*100) -> 143.6282 | Y12: ='[22]Адм блок'!Z6 -> 350003 | Z12: ='[22]Адм блок'!AA6 -> 343517 | AA12: =Z12-Y12 -> -6486 | AB12: =IF(Y12=0,"----",Z12/Y12*100) -> 98.146873 | AD12: ='[22]Адм блок'!AE6 -> 350002 | AE12: ='[22]Адм блок'!AF6 -> 0 | AF12: =AE12-AD12 -> -350002 | AG12: =IF(AD12=0,"----",AE12/AD12*100) -> 0 | AH12: ='[22]Адм блок'!AI6 -> 349986 | AI12: ='[22]Адм блок'!AJ6 -> 28767 | AJ12: =AI12-AH12 -> -321219 | AK12: =IF(AH12=0,"----",AI12/AH12*100) -> 8.2194716 | AL12: ='[22]Адм блок'!AM6 -> 350002 | AM12: ='[22]Адм блок'!AN6 -> 34995 | AN12: =AM12-AL12 -> -315007 | AO12: =IF(AL12=0,"----",AM12/AL12*100) -> 9.9985143 | AQ12: ='[22]Адм блок'!AR6 -> 350002 | AR12: ='[22]Адм блок'!AS6 -> 87912 | AS12: =AR12-AQ12 -> -262090 | AT12: =IF(AQ12=0,"----",AR12/AQ12*100) -> 25.117571 | AU12: ='[22]Адм блок'!AV6 -> 350002 | AV12: ='[22]Адм блок'!AW6 -> 228850 | AW12: =AV12-AU12 -> -121152 | AX12: =IF(AU12=0,"----",AV12/AU12*100) -> 65.385341 | AY12: ='[22]Адм блок'!AZ6 -> 349984 | AZ12: ='[22]Адм блок'!BA6 -> 101366 | BA12: =AZ12-AY12 -> -248618 | BB12: =IF(AY12=0,"----",AZ12/AY12*100) -> 28.963038 | BC12: ='[22]Адм блок'!BD6 -> 4200000 | BE12: =D12+H12+L12+Q12+U12+Y12+AD12+AH12+AL12+AQ12+AU12+AY12 -> 4200000 | BF12: =E12+I12+M12+R12+V12+Z12+AE12+AI12+AM12+AR12+AV12+AZ12 -> 1916445 | BG12: =BF12-BE12 -> -2283555 | BH12: =IF(BE12=0,"----",BF12/BE12*100) -> 45.629643
B13: АдмБлок (фронт-офис) | D13: ='[22]Адм блок'!E7+'[22]Адм блок'!E8+'[22]Адм блок'!E9+'[22]Адм блок'!E10+'[22]Адм блок'!E11+'[22]Адм блок'!E12 -> 18904332 | E13: ='[22]Адм блок'!F7+'[22]Адм блок'!F8+'[22]Адм блок'!F9+'[22]Адм блок'!F10+'[22]Адм блок'!F11+'[22]Адм блок'!F12 -> 12240261 | F13: =E13-D13 -> -6664071 | G13: =IF(D13=0,"----",E13/D13*100) -> 64.748445 | H13: =SUM('[22]Адм блок'!I7:I12) -> 18903332 | I13: ='[22]Адм блок'!J7+'[22]Адм блок'!J8+'[22]Адм блок'!J9+'[22]Адм блок'!J10+'[22]Адм блок'!J11+'[22]Адм блок'!J12 -> 20649726 | J13: =I13-H13 -> 1746394 | K13: =IF(H13=0,"----",I13/H13*100) -> 109.23855 | L13: =SUM('[22]Адм блок'!M7:M12) -> 18904332 | M13: ='[22]Адм блок'!N7+'[22]Адм блок'!N8+'[22]Адм блок'!N9+'[22]Адм блок'!N10+'[22]Адм блок'!N11+'[22]Адм блок'!N12 -> 22847108 | N13: =M13-L13 -> 3942776 | O13: =IF(L13=0,"----",M13/L13*100) -> 120.85647 | Q13: ='[22]Адм блок'!R7+'[22]Адм блок'!R8+'[22]Адм блок'!R9+'[22]Адм блок'!R10+'[22]Адм блок'!R11+'[22]Адм блок'!R12 -> 18902332 | R13: ='[22]Адм блок'!S7+'[22]Адм блок'!S8+'[22]Адм блок'!S9+'[22]Адм блок'!S10+'[22]Адм блок'!S11+'[22]Адм блок'!S12 -> 24070245 | S13: =R13-Q13 -> 5167913 | T13: =IF(Q13=0,"----",R13/Q13*100) -> 127.34008 | U13: =SUM('[22]Адм блок'!V7:V12) -> 27915334 | V13: ='[22]Адм блок'!W7+'[22]Адм блок'!W8+'[22]Адм блок'!W9+'[22]Адм блок'!W10+'[22]Адм блок'!W11+'[22]Адм блок'!W12 -> 28424103 | W13: =V13-U13 -> 508769 | X13: =IF(U13=0,"----",V13/U13*100) -> 101.82254 | Y13: =SUM('[22]Адм блок'!Z7:Z12) -> 15939334 | Z13: ='[22]Адм блок'!AA7+'[22]Адм блок'!AA8+'[22]Адм блок'!AA9+'[22]Адм блок'!AA10+'[22]Адм блок'!AA11+'[22]Адм блок'!AA12 -> 25618369 | AA13: =Z13-Y13 -> 9679035 | AB13: =IF(Y13=0,"----",Z13/Y13*100) -> 160.72421 | AD13: =SUM('[22]Адм блок'!AE7:AE12) -> 15904334 | AE13: ='[22]Адм блок'!AF7+'[22]Адм блок'!AF8+'[22]Адм блок'!AF9+'[22]Адм блок'!AF10+'[22]Адм блок'!AF11+'[22]Адм блок'!AF12 -> 22540297 | AF13: =AE13-AD13 -> 6635963 | AG13: =IF(AD13=0,"----",AE13/AD13*100) -> 141.72424 | AH13: =SUM('[22]Адм блок'!AI7:AI12) -> 15901334 | AI13: ='[22]Адм блок'!AJ7+'[22]Адм блок'!AJ8+'[22]Адм блок'!AJ9+'[22]Адм блок'!AJ10+'[22]Адм блок'!AJ11+'[22]Адм блок'!AJ12 -> 26955125 | AJ13: =AI13-AH13 -> 11053791 | AK13: =IF(AH13=0,"----",AI13/AH13*100) -> 169.51487 | AL13: =SUM('[22]Адм блок'!AM7:AM12) -> 24733334 | AM13: ='[22]Адм блок'!AN7+'[22]Адм блок'!AN8+'[22]Адм блок'!AN9+'[22]Адм блок'!AN10+'[22]Адм блок'!AN11+'[22]Адм блок'!AN12 -> 25742618 | AN13: =AM13-AL13 -> 1009284 | AO13: =IF(AL13=0,"----",AM13/AL13*100) -> 104.08066 | AQ13: =SUM('[22]Адм блок'!AR7:AR12) -> 36115334 | AR13: =SUM('[22]Адм блок'!AS7:AS12) -> 28066002 | AS13: =AR13-AQ13 -> -8049332 | AT13: =IF(AQ13=0,"----",AR13/AQ13*100) -> 77.712149 | AU13: =SUM('[22]Адм блок'!AV7:AV12) -> 34424334 | AV13: =SUM('[22]Адм блок'!AW7:AW12) -> 50006457 | AW13: =AV13-AU13 -> 15582123 | AX13: =IF(AU13=0,"----",AV13/AU13*100) -> 145.26485 | AY13: =SUM('[22]Адм блок'!AZ7:AZ12) -> 21143334 | AZ13: =SUM('[22]Адм блок'!BA7:BA12) -> 34990381 | BA13: =AZ13-AY13 -> 13847047 | BB13: =IF(AY13=0,"----",AZ13/AY13*100) -> 165.49131 | BC13: ='[22]Адм блок'!BD7+'[22]Адм блок'!BD8+'[22]Адм блок'!BD9+'[22]Адм блок'!BD10+'[22]Адм блок'!BD11+'[22]Адм блок'!BD12 -> 267691000 | BE13: =D13+H13+L13+Q13+U13+Y13+AD13+AH13+AL13+AQ13+AU13+AY13 -> 267691000 | BF13: =E13+I13+M13+R13+V13+Z13+AE13+AI13+AM13+AR13+AV13+AZ13 -> 322150692 | BG13: =BF13-BE13 -> 54459692 | BH13: =IF(BE13=0,"----",BF13/BE13*100) -> 120.34424
B15: Сервисный сбор | E15: 22322 | F15: =E15-D15 -> 22322 | G15: =IF(D15=0,"----",E15/D15*100) -> ---- | I15: 16071 | J15: =I15-H15 -> 16071 | K15: =IF(H15=0,"----",I15/H15*100) -> ---- | M15: 21428 | N15: =M15-L15 -> 21428 | O15: =IF(L15=0,"----",M15/L15*100) -> ---- | R15: 44286 | S15: =R15-Q15 -> 44286 | T15: =IF(Q15=0,"----",R15/Q15*100) -> ---- | V15: 19643 | W15: =V15-U15 -> 19643 | X15: =IF(U15=0,"----",V15/U15*100) -> ---- | Z15: 31036 | AA15: =Z15-Y15 -> 31036 | AB15: =IF(Y15=0,"----",Z15/Y15*100) -> ---- | AE15: 23750 | AF15: =AE15-AD15 -> 23750 | AG15: =IF(AD15=0,"----",AE15/AD15*100) -> ---- | AI15: 29464 | AJ15: =AI15-AH15 -> 29464 | AK15: =IF(AH15=0,"----",AI15/AH15*100) -> ---- | AM15: 15179 | AN15: =AM15-AL15 -> 15179 | AO15: =IF(AL15=0,"----",AM15/AL15*100) -> ---- | AR15: 0 | AS15: =AR15-AQ15 -> 0 | AT15: =IF(AQ15=0,"----",AR15/AQ15*100) -> ---- | AV15: 0 | AW15: =AV15-AU15 -> 0 | AX15: =IF(AU15=0,"----",AV15/AU15*100) -> ---- | AZ15: 0 | BA15: =AZ15-AY15 -> 0 | BB15: =IF(AY15=0,"----",AZ15/AY15*100) -> ---- | BF15: =E15+I15+M15+R15+V15+Z15+AE15+AI15+AM15+AR15+AV15+AZ15 -> 223179 | BG15: =BF15-BE15 -> 223179 | BH15: =IF(BE15=0,"----",BF15/BE15*100) -> ----
B16: Итого | C16: =D16+H16+L16 -> 69578000 | D16: =SUM(D4:D10) -> 23193000 | E16: =SUM(E4:E10)+E15 -> 13799271 | H16: =SUM(H4:H10) -> 23192000 | I16: =SUM(I4:I10)+I15 -> 24650674 | L16: =SUM(L4:L10) -> 23193000 | M16: =SUM(M4:M10)+M15 -> 24633339 | P16: =Q16+U16+Y16 -> 76417000 | Q16: =SUM(Q4:Q10) -> 23192000 | R16: =SUM(R4:R10)+R15 -> 29329759 | U16: =SUM(U4:U10) -> 32193000 | V16: =SUM(V4:V10)+V15 -> 32803692 | Y16: =SUM(Y4:Y10) -> 21032000 | Z16: =SUM(Z4:Z10)+Z15 -> 30339126 | AC16: =AD16+AH16+AL16 -> 83229000 | AD16: =SUM(AD4:AD10) -> 20862000 | AE16: =SUM(AE4:AE10)+AE15 -> 29470207 | AH16: =SUM(AH4:AH10) -> 20800000 | AI16: =SUM(AI4:AI10)+AI15 -> 31733622 | AL16: =SUM(AL4:AL10) -> 41567000 | AM16: =SUM(AM4:AM10)+AM15 -> 34121535 | AP16: =AQ16+AU16+AY16 -> 120473081 | AQ16: =SUM(AQ4:AQ10) -> 50800000 | AR16: =SUM(AR4:AR10)+AR15 -> 34542184 | AU16: =SUM(AU4:AU10) -> 43660081 | AV16: =SUM(AV4:AV10)+AV15 -> 56361252 | AY16: =SUM(AY4:AY10) -> 26013000 | AZ16: =SUM(AZ4:AZ10)+AZ15 -> 39696832 | BC16: =BC4+BC5+BC7+BC8+BC9+BC10+BC6 -> 349697081 | BE16: =SUM(BE4:BE10) -> 349697081 | BF16: =SUM(BF4:BF10)+BF15 -> 381481493 | BG16: =BF16-BE16 -> 31784412 | BH16: =IF(BE16=0,"----",BF16/BE16*100) -> 109.08913

Sheet Сводная_ком расходы 7 мес 2026
A1: Командировочные расходы служебные, в тг, свод
C2: 1 кв 2026 | D2: в том числе по месяцам: | P2: 2 кв 2026 | Q2: в том числе помесяцам: | AC2: 3 кв 2026 | AD2: в том числе помесяцам: | AJ2: 4 кв 2026 | AK2: в том числе помесяцам: | AN2: Итого 2026 год
A3: № п/п | B3: Подразделения | D3: январь план | E3: Факт январь | F3: откл., к плану, абс | G3: к плану, в % | H3: План февраль | I3: Факт февраль | J3: откл., к плану, абс | K3: к плану, в % | L3: План март | M3: Факт март | N3: откл., к плану, абс | O3: к плану, в % | Q3: План апрель | R3: Факт апрель | S3: откл., к плану, абс | T3: к плану, в % | U3: План май | V3: Факт май | W3: откл., к плану, абс | X3: к плану, в % | Y3: План июнь | Z3: Факт июнь | AA3: откл., к плану, абс | AB3: к плану, в % | AD3: План июль | AE3: Факт июль | AF3: откл., к плану, абс | AG3: к плану, в % | AH3: План август | AI3: План сентябрь | AK3: План октябрь | AL3: ноябрь | AM3: декабрь | AP3: План январь-июль | AQ3: Факт январь-июль | AR3: откл., к плану, абс | AS3: к плану, в %
A4: 1 | B4: Руководство | C4: =D4+H4+L4 -> 4424994 | D4: =[23]Руководство!E4 -> 1474998 | E4: =[23]Руководство!F4 -> 1494615 | F4: =E4-D4 -> 19617 | G4: =IF(D4=0,"----",E4/D4*100) -> 101.32997 | H4: =[23]Руководство!I4 -> 1474998 | I4: =[23]Руководство!J4 -> 2619704 | J4: =I4-H4 -> 1144706 | K4: =IF(H4=0,"----",I4/H4*100) -> 177.60729 | L4: =[23]Руководство!M4 -> 1474998 | M4: =[23]Руководство!N4 -> 1491611 | N4: =M4-L4 -> 16613 | O4: =IF(L4=0,"----",M4/L4*100) -> 101.12631 | P4: =Q4+U4+Y4 -> 4424994 | Q4: =[23]Руководство!R4 -> 1474998 | R4: =[23]Руководство!S4 -> 1146118 | S4: =R4-Q4 -> -328880 | T4: =IF(Q4=0,"----",R4/Q4*100) -> 77.703021 | U4: =[23]Руководство!V4 -> 1474998 | V4: =[23]Руководство!W4 -> 1139123 | W4: =V4-U4 -> -335875 | X4: =IF(U4=0,"----",V4/U4*100) -> 77.228783 | Y4: =[23]Руководство!Z4 -> 1474998 | Z4: =[23]Руководство!AA4 -> 2775512 | AA4: =Z4-Y4 -> 1300514 | AB4: =IF(Y4=0,"----",Z4/Y4*100) -> 188.17056 | AC4: =AD4+AH4+AI4 -> 4424994 | AD4: =[23]Руководство!AE4 -> 1474998 | AE4: =[23]Руководство!AF4 -> 854155 | AF4: =AE4-AD4 -> -620843 | AG4: =IF(AD4=0,"----",AE4/AD4*100) -> 57.908892 | AH4: =[23]Руководство!AI4 -> 1474998 | AI4: =[23]Руководство!AJ4 -> 1474998 | AJ4: =AK4+AL4+AM4 -> 4425018 | AK4: =[23]Руководство!AL4 -> 1475010 | AL4: =[23]Руководство!AM4 -> 1475010 | AM4: =[23]Руководство!AN4 -> 1474998 | AN4: =C4+P4+AC4+AJ4 -> 17700000 | AP4: =D4+H4+L4+Q4+U4+Y4+AD4 -> 10324986 | AQ4: =E4+I4+M4+R4+V4+Z4+AE4 -> 11520838 | AR4: =AQ4-AP4 -> 1195852 | AS4: =IF(AP4=0,"----",AQ4/AP4*100) -> 111.58212
A5: 2 | B5: БЛОК ПРОЧИХ ФУНКЦИЙ | C5: =D5+H5+L5 -> 975002 | D5: ='[23]Блок прочих функции'!E4 -> 325001 | E5: ='[23]Блок прочих функции'!F4 -> 188225 | F5: =E5-D5 -> -136776 | G5: =IF(D5=0,"----",E5/D5*100) -> 57.915206 | H5: ='[23]Блок прочих функции'!I4 -> 325001 | I5: ='[23]Блок прочих функции'!J4 -> 0 | J5: =I5-H5 -> -325001 | K5: =IF(H5=0,"----",I5/H5*100) -> 0 | L5: ='[23]Блок прочих функции'!M4 -> 325000 | M5: ='[23]Блок прочих функции'!N4 -> 0 | N5: =M5-L5 -> -325000 | O5: =IF(L5=0,"----",M5/L5*100) -> 0 | P5: =Q5+U5+Y5 -> 975000 | Q5: ='[23]Блок прочих функции'!R4 -> 325000 | R5: ='[23]Блок прочих функции'!S4 -> 0 | S5: =R5-Q5 -> -325000 | T5: =IF(Q5=0,"----",R5/Q5*100) -> 0 | U5: ='[23]Блок прочих функции'!V4 -> 325000 | V5: ='[23]Блок прочих функции'!W4 -> 0 | W5: =V5-U5 -> -325000 | X5: =IF(U5=0,"----",V5/U5*100) -> 0 | Y5: ='[23]Блок прочих функции'!Z4 -> 325000 | Z5: ='[23]Блок прочих функции'!AA4 -> 560938 | AA5: =Z5-Y5 -> 235938 | AB5: =IF(Y5=0,"----",Z5/Y5*100) -> 172.59631 | AC5: =AD5+AH5+AI5 -> 975000 | AD5: ='[23]Блок прочих функции'!AE4 -> 325000 | AE5: ='[23]Блок прочих функции'!AF4 -> 0 | AF5: =AE5-AD5 -> -325000 | AG5: =IF(AD5=0,"----",AE5/AD5*100) -> 0 | AH5: ='[23]Блок прочих функции'!AI4 -> 325000 | AI5: ='[23]Блок прочих функции'!AJ4 -> 325000 | AJ5: =AK5+AL5+AM5 -> 974998 | AK5: ='[23]Блок прочих функции'!AL4 -> 325000 | AL5: ='[23]Блок прочих функции'!AM4 -> 324999 | AM5: ='[23]Блок прочих функции'!AN4 -> 324999 | AN5: =C5+P5+AC5+AJ5 -> 3900000 | AP5: =D5+H5+L5+Q5+U5+Y5+AD5 -> 2275002 | AQ5: =E5+I5+M5+R5+V5+Z5+AE5 -> 749163 | AR5: =AQ5-AP5 -> -1525839 | AS5: =IF(AP5=0,"----",AQ5/AP5*100) -> 32.930213
A6: 3 | B6: БЛОК ГД | C6: =D6+H6+L6 -> 4206007 | D6: =[23]БГД!E4 -> 1402002 | E6: =[23]БГД!F4 -> 2070682 | F6: =E6-D6 -> 668680 | G6: =IF(D6=0,"----",E6/D6*100) -> 147.69465 | H6: =[23]БГД!I4 -> 1402002 | I6: =[23]БГД!J4 -> 2288709 | J6: =I6-H6 -> 886707 | K6: =IF(H6=0,"----",I6/H6*100) -> 163.24577 | L6: =[23]БГД!M4 -> 1402003 | M6: =[23]БГД!N4 -> 3899681 | N6: =M6-L6 -> 2497678 | O6: =IF(L6=0,"----",M6/L6*100) -> 278.15069 | P6: =Q6+U6+Y6 -> 12309752 | Q6: =[23]БГД!R4 -> 2458573 | R6: =[23]БГД!S4 -> 4959683 | S6: =R6-Q6 -> 2501110 | T6: =IF(Q6=0,"----",R6/Q6*100) -> 201.73015 | U6: =[23]БГД!V4 -> 4777592 | V6: =[23]БГД!W4 -> 9816098 | W6: =V6-U6 -> 5038506 | X6: =IF(U6=0,"----",V6/U6*100) -> 205.4612 | Y6: =[23]БГД!Z4 -> 5073587 | Z6: =[23]БГД!AA4 -> 11458978 | AA6: =Z6-Y6 -> 6385391 | AB6: =IF(Y6=0,"----",Z6/Y6*100) -> 225.85555 | AC6: =AD6+AH6+AI6 -> 18223787 | AD6: =[23]БГД!AE4 -> 6074597 | AE6: =[23]БГД!AF4 -> 5987762 | AF6: =AE6-AD6 -> -86835 | AG6: =IF(AD6=0,"----",AE6/AD6*100) -> 98.570522 | AH6: =[23]БГД!AI4 -> 6074595 | AI6: =[23]БГД!AJ4 -> 6074595 | AJ6: =AK6+AL6+AM6 -> 18218484 | AK6: =[23]БГД!AL4 -> 6071493 | AL6: =[23]БГД!AM4 -> 6070492 | AM6: =[23]БГД!AN4 -> 6076499 | AN6: =C6+P6+AC6+AJ6 -> 52958030 | AP6: =D6+H6+L6+Q6+U6+Y6+AD6 -> 22590356 | AQ6: =E6+I6+M6+R6+V6+Z6+AE6 -> 40481593 | AR6: =AQ6-AP6 -> 17891237 | AS6: =IF(AP6=0,"----",AQ6/AP6*100) -> 179.19856
A7: 4 | B7: БЛОК HR | C7: =D7+H7+L7 -> 879000 | D7: ='[23]Блок HR'!E4 -> 293000 | E7: ='[23]Блок HR'!F4 -> 0 | F7: =E7-D7 -> -293000 | G7: =IF(D7=0,"----",E7/D7*100) -> 0 | H7: ='[23]Блок HR'!I4 -> 293000 | I7: ='[23]Блок HR'!J4 -> 167959 | J7: =I7-H7 -> -125041 | K7: =IF(H7=0,"----",I7/H7*100) -> 57.323891 | L7: ='[23]Блок HR'!M4 -> 293000 | M7: ='[23]Блок HR'!N4 -> 8650 | N7: =M7-L7 -> -284350 | O7: =IF(L7=0,"----",M7/L7*100) -> 2.9522184 | P7: =Q7+U7+Y7 -> 915334 | Q7: ='[23]Блок HR'!R4 -> 305111 | R7: ='[23]Блок HR'!S4 -> 0 | S7: =R7-Q7 -> -305111 | T7: =IF(Q7=0,"----",R7/Q7*100) -> 0 | U7: ='[23]Блок HR'!V4 -> 305111 | V7: ='[23]Блок HR'!W4 -> 309238 | W7: =V7-U7 -> 4127 | X7: =IF(U7=0,"----",V7/U7*100) -> 101.35262 | Y7: ='[23]Блок HR'!Z4 -> 305112 | Z7: ='[23]Блок HR'!AA4 -> 0 | AA7: =Z7-Y7 -> -305112 | AB7: =IF(Y7=0,"----",Z7/Y7*100) -> 0 | AC7: =AD7+AH7+AI7 -> 909666 | AD7: ='[23]Блок HR'!AE4 -> 303222 | AE7: ='[23]Блок HR'!AF4 -> 345330 | AF7: =AE7-AD7 -> 42108 | AG7: =IF(AD7=0,"----",AE7/AD7*100) -> 113.88686 | AH7: ='[23]Блок HR'!AI4 -> 303222 | AI7: ='[23]Блок HR'!AJ4 -> 303222 | AJ7: =AK7+AL7+AM7 -> 896000 | AK7: ='[23]Блок HR'!AL4 -> 300000 | AL7: ='[23]Блок HR'!AM4 -> 301000 | AM7: ='[23]Блок HR'!AN4 -> 295000 | AN7: =C7+P7+AC7+AJ7 -> 3600000 | AP7: =D7+H7+L7+Q7+U7+Y7+AD7 -> 2097556 | AQ7: =E7+I7+M7+R7+V7+Z7+AE7 -> 831177 | AR7: =AQ7-AP7 -> -1266379 | AS7: =IF(AP7=0,"----",AQ7/AP7*100) -> 39.625974
A8: 5 | B8: ЮРИДИЧЕСКИЙ БЛОК | C8: =D8+H8+L8 -> 489000 | D8: ='[23]Юридический блок'!E4 -> 163000 | E8: ='[23]Юридический блок'!F4 -> 0 | F8: =E8-D8 -> -163000 | G8: =IF(D8=0,"----",E8/D8*100) -> 0 | H8: ='[23]Юридический блок'!I4 -> 163000 | I8: ='[23]Юридический блок'!J4 -> 255373 | J8: =I8-H8 -> 92373 | K8: =IF(H8=0,"----",I8/H8*100) -> 156.67055 | L8: ='[23]Юридический блок'!M4 -> 163000 | M8: ='[23]Юридический блок'!N4 -> 28536 | N8: =M8-L8 -> -134464 | O8: =IF(L8=0,"----",M8/L8*100) -> 17.506748 | P8: =Q8+U8+Y8 -> 489000 | Q8: ='[23]Юридический блок'!R4 -> 163000 | R8: ='[23]Юридический блок'!S4 -> 295510 | S8: =R8-Q8 -> 132510 | T8: =IF(Q8=0,"----",R8/Q8*100) -> 181.29448 | U8: ='[23]Юридический блок'!V4 -> 163000 | V8: ='[23]Юридический блок'!W4 -> 558683 | W8: =V8-U8 -> 395683 | X8: =IF(U8=0,"----",V8/U8*100) -> 342.75031 | Y8: ='[23]Юридический блок'!Z4 -> 163000 | Z8: ='[23]Юридический блок'!AA4 -> 0 | AA8: =Z8-Y8 -> -163000 | AB8: =IF(Y8=0,"----",Z8/Y8*100) -> 0 | AC8: =AD8+AH8+AI8 -> 480000 | AD8: ='[23]Юридический блок'!AE4 -> 160000 | AE8: ='[23]Юридический блок'!AF4 -> 1082404 | AF8: =AE8-AD8 -> 922404 | AG8: =IF(AD8=0,"----",AE8/AD8*100) -> 676.5025 | AH8: ='[23]Юридический блок'!AI4 -> 160000 | AI8: ='[23]Юридический блок'!AJ4 -> 160000 | AJ8: =AK8+AL8+AM8 -> 462000 | AK8: ='[23]Юридический блок'!AL4 -> 158000 | AL8: ='[23]Юридический блок'!AM4 -> 157000 | AM8: ='[23]Юридический блок'!AN4 -> 147000 | AN8: =C8+P8+AC8+AJ8 -> 1920000 | AP8: =D8+H8+L8+Q8+U8+Y8+AD8 -> 1138000 | AQ8: =E8+I8+M8+R8+V8+Z8+AE8 -> 2220506 | AR8: =AQ8-AP8 -> 1082506 | AS8: =IF(AP8=0,"----",AQ8/AP8*100) -> 195.12355
A9: 6 | B9: ФИНАНСОВО-ЭКОНОМИЧЕСКИЙ БЛОК | C9: =D9+H9+L9 -> 3043680 | D9: =[23]ФЭБ!E4 -> 916560 | E9: =[23]ФЭБ!F4 -> 0 | F9: =E9-D9 -> -916560 | G9: =IF(D9=0,"----",E9/D9*100) -> 0 | H9: =[23]ФЭБ!I4 -> 916560 | I9: =[23]ФЭБ!J4 -> 742648 | J9: =I9-H9 -> -173912 | K9: =IF(H9=0,"----",I9/H9*100) -> 81.025574 | L9: =[23]ФЭБ!M4 -> 1210560 | M9: =[23]ФЭБ!N4 -> 1187103 | N9: =M9-L9 -> -23457 | O9: =IF(L9=0,"----",M9/L9*100) -> 98.062302 | P9: =Q9+U9+Y9 -> 2746680 | Q9: =[23]ФЭБ!R4 -> 915560 | R9: =[23]ФЭБ!S4 -> 0 | S9: =R9-Q9 -> -915560 | T9: =IF(Q9=0,"----",R9/Q9*100) -> 0 | U9: =[23]ФЭБ!V4 -> 915560 | V9: =[23]ФЭБ!W4 -> 100074 | W9: =V9-U9 -> -815486 | X9: =IF(U9=0,"----",V9/U9*100) -> 10.93036 | Y9: =[23]ФЭБ!Z4 -> 915560 | Z9: =[23]ФЭБ!AA4 -> 0 | AA9: =Z9-Y9 -> -915560 | AB9: =IF(Y9=0,"----",Z9/Y9*100) -> 0 | AC9: =AD9+AH9+AI9 -> 2734680 | AD9: =[23]ФЭБ!AE4 -> 911560 | AE9: =[23]ФЭБ!AF4 -> 371198 | AF9: =AE9-AD9 -> -540362 | AG9: =IF(AD9=0,"----",AE9/AD9*100) -> 40.721181 | AH9: =[23]ФЭБ!AI4 -> 911560 | AI9: =[23]ФЭБ!AJ4 -> 911560 | AJ9: =AK9+AL9+AM9 -> 2723680 | AK9: =[23]ФЭБ!AL4 -> 907560 | AL9: =[23]ФЭБ!AM4 -> 908560 | AM9: =[23]ФЭБ!AN4 -> 907560 | AN9: =C9+P9+AC9+AJ9 -> 11248720 | AP9: =D9+H9+L9+Q9+U9+Y9+AD9 -> 6701920 | AQ9: =E9+I9+M9+R9+V9+Z9+AE9 -> 2401023 | AR9: =AQ9-AP9 -> -4300897 | AS9: =IF(AP9=0,"----",AQ9/AP9*100) -> 35.825898
A10: 7 | B10: АДМИНИСТРАТИВНЫЙ БЛОК | C10: =D10+H10+L10 -> 76213947 | D10: ='[23]Адм блок'!E4 -> 25404649 | E10: ='[23]Адм блок'!F4 -> 17368428 | F10: =E10-D10 -> -8036221 | G10: =IF(D10=0,"----",E10/D10*100) -> 68.367124 | H10: ='[23]Адм блок'!I4 -> 25404649 | I10: ='[23]Адм блок'!J4 -> 25248536 | J10: =I10-H10 -> -156113 | K10: =IF(H10=0,"----",I10/H10*100) -> 99.385494 | L10: ='[23]Адм блок'!M4 -> 25404649 | M10: ='[23]Адм блок'!N4 -> 30612017 | N10: =M10-L10 -> 5207368 | O10: =IF(L10=0,"----",M10/L10*100) -> 120.4977 | P10: =Q10+U10+Y10 -> 103192949 | Q10: ='[23]Адм блок'!R4 -> 25404649 | R10: ='[23]Адм блок'!S4 -> 32875038 | S10: =R10-Q10 -> 7470389 | T10: =IF(Q10=0,"----",R10/Q10*100) -> 129.4056 | U10: ='[23]Адм блок'!V4 -> 25404650 | V10: ='[23]Адм блок'!W4 -> 29981678 | W10: =V10-U10 -> 4577028 | X10: =IF(U10=0,"----",V10/U10*100) -> 118.0165 | Y10: ='[23]Адм блок'!Z4 -> 52383650 | Z10: ='[23]Адм блок'!AA4 -> 39793339 | AA10: =Z10-Y10 -> -12590311 | AB10: =IF(Y10=0,"----",Z10/Y10*100) -> 75.96519 | AC10: =AD10+AH10+AI10 -> 76249950 | AD10: ='[23]Адм блок'!AE4 -> 25416650 | AE10: ='[23]Адм блок'!AF4 -> 32277281 | AF10: =AE10-AD10 -> 6860631 | AG10: =IF(AD10=0,"----",AE10/AD10*100) -> 126.99266 | AH10: ='[23]Адм блок'!AI4 -> 25416650 | AI10: ='[23]Адм блок'!AJ4 -> 25416650 | AJ10: =AK10+AL10+AM10 -> 49318954 | AK10: ='[23]Адм блок'!AL4 -> 16435650 | AL10: ='[23]Адм блок'!AM4 -> 16435652 | AM10: ='[23]Адм блок'!AN4 -> 16447652 | AN10: =C10+P10+AC10+AJ10 -> 304975800 | AP10: =D10+H10+L10+Q10+U10+Y10+AD10 -> 204823546 | AQ10: =E10+I10+M10+R10+V10+Z10+AE10 -> 208156317 | AR10: =AQ10-AP10 -> 3332771 | AS10: =IF(AP10=0,"----",AQ10/AP10*100) -> 101.62714
B11: в том числе:
B12: АдмБлок (бэк-офис) | C12: =D12+H12+L12 -> 1499997 | D12: ='[23]Адм блок'!E6 -> 499999 | E12: ='[23]Адм блок'!F6 -> 133138 | F12: =E12-D12 -> -366861 | G12: =IF(D12=0,"----",E12/D12*100) -> 26.627653 | H12: ='[23]Адм блок'!I6 -> 499999 | I12: ='[23]Адм блок'!J6 -> 711611 | J12: =I12-H12 -> 211612 | K12: =IF(H12=0,"----",I12/H12*100) -> 142.32248 | L12: ='[23]Адм блок'!M6 -> 499999 | M12: ='[23]Адм блок'!N6 -> 26416 | N12: =M12-L12 -> -473583 | O12: =IF(L12=0,"----",M12/L12*100) -> 5.2832106 | P12: =Q12+U12+Y12 -> 1499999 | Q12: ='[23]Адм блок'!R6 -> 499999 | R12: ='[23]Адм блок'!S6 -> 142453 | S12: =R12-Q12 -> -357546 | T12: =IF(Q12=0,"----",R12/Q12*100) -> 28.490657 | U12: ='[23]Адм блок'!V6 -> 500000 | V12: ='[23]Адм блок'!W6 -> 249750 | W12: =V12-U12 -> -250250 | X12: =IF(U12=0,"----",V12/U12*100) -> 49.95 | Y12: ='[23]Адм блок'!Z6 -> 500000 | Z12: ='[23]Адм блок'!AA6 -> 320616 | AA12: =Z12-Y12 -> -179384 | AB12: =IF(Y12=0,"----",Z12/Y12*100) -> 64.1232 | AC12: =AD12+AH12+AI12 -> 1500000 | AD12: ='[23]Адм блок'!AE6 -> 500000 | AE12: ='[23]Адм блок'!AF6 -> 155724 | AF12: =AE12-AD12 -> -344276 | AG12: =IF(AD12=0,"----",AE12/AD12*100) -> 31.1448 | AH12: ='[23]Адм блок'!AI6 -> 500000 | AI12: ='[23]Адм блок'!AJ6 -> 500000 | AJ12: =AK12+AL12+AM12 -> 1500004 | AK12: ='[23]Адм блок'!AL6 -> 500000 | AL12: ='[23]Адм блок'!AM6 -> 500002 | AM12: ='[23]Адм блок'!AN6 -> 500002 | AN12: =C12+P12+AC12+AJ12 -> 6000000 | AP12: =D12+H12+L12+Q12+U12+Y12+AD12 -> 3499996 | AQ12: =E12+I12+M12+R12+V12+Z12+AE12 -> 1739708 | AR12: =AQ12-AP12 -> -1760288 | AS12: =IF(AP12=0,"----",AQ12/AP12*100) -> 49.706
B13: АдмБлок (фронт-офис) | C13: =D13+H13+L13 -> 74713950 | D13: =SUM('[23]Адм блок'!E7:E12) -> 24904650 | E13: =SUM('[23]Адм блок'!F7:F12) -> 17235290 | F13: =E13-D13 -> -7669360 | G13: =IF(D13=0,"----",E13/D13*100) -> 69.205108 | H13: ='[23]Адм блок'!I7+'[23]Адм блок'!I8+'[23]Адм блок'!I9+'[23]Адм блок'!I10+'[23]Адм блок'!I11+'[23]Адм блок'!I12 -> 24904650 | I13: =SUM('[23]Адм блок'!J7:J12) -> 24536925 | J13: =I13-H13 -> -367725 | K13: =IF(H13=0,"----",I13/H13*100) -> 98.523469 | L13: ='[23]Адм блок'!M7+'[23]Адм блок'!M8+'[23]Адм блок'!M9+'[23]Адм блок'!M10+'[23]Адм блок'!M11+'[23]Адм блок'!M12 -> 24904650 | M13: ='[23]Адм блок'!N7+'[23]Адм блок'!N8+'[23]Адм блок'!N9+'[23]Адм блок'!N10+'[23]Адм блок'!N11+'[23]Адм блок'!N12 -> 30585601 | N13: =M13-L13 -> 5680951 | O13: =IF(L13=0,"----",M13/L13*100) -> 122.8108 | P13: =Q13+U13+Y13 -> 101692950 | Q13: ='[23]Адм блок'!R7+'[23]Адм блок'!R8+'[23]Адм блок'!R9+'[23]Адм блок'!R10+'[23]Адм блок'!R11+'[23]Адм блок'!R12 -> 24904650 | R13: ='[23]Адм блок'!S7+'[23]Адм блок'!S8+'[23]Адм блок'!S9+'[23]Адм блок'!S10+'[23]Адм блок'!S11+'[23]Адм блок'!S12 -> 32732585 | S13: =R13-Q13 -> 7827935 | T13: =IF(Q13=0,"----",R13/Q13*100) -> 131.43162 | U13: =SUM('[23]Адм блок'!V7:V12) -> 24904650 | V13: ='[23]Адм блок'!W7+'[23]Адм блок'!W8+'[23]Адм блок'!W9+'[23]Адм блок'!W10+'[23]Адм блок'!W11+'[23]Адм блок'!W12 -> 29731928 | W13: =V13-U13 -> 4827278 | X13: =IF(U13=0,"----",V13/U13*100) -> 119.38304 | Y13: ='[23]Адм блок'!Z7+'[23]Адм блок'!Z8+'[23]Адм блок'!Z9+'[23]Адм блок'!Z10+'[23]Адм блок'!Z11+'[23]Адм блок'!Z12 -> 51883650 | Z13: ='[23]Адм блок'!AA7+'[23]Адм блок'!AA8+'[23]Адм блок'!AA9+'[23]Адм блок'!AA10+'[23]Адм блок'!AA11+'[23]Адм блок'!AA12 -> 39472723 | AA13: =Z13-Y13 -> -12410927 | AB13: =IF(Y13=0,"----",Z13/Y13*100) -> 76.07931 | AC13: =AD13+AH13+AI13 -> 74749950 | AD13: ='[23]Адм блок'!AE7+'[23]Адм блок'!AE8+'[23]Адм блок'!AE9+'[23]Адм блок'!AE10+'[23]Адм блок'!AE11+'[23]Адм блок'!AE12 -> 24916650 | AE13: ='[23]Адм блок'!AF7+'[23]Адм блок'!AF8+'[23]Адм блок'!AF9+'[23]Адм блок'!AF10+'[23]Адм блок'!AF11+'[23]Адм блок'!AF12 -> 32121557 | AF13: =AE13-AD13 -> 7204907 | AG13: =IF(AD13=0,"----",AE13/AD13*100) -> 128.91603 | AH13: ='[23]Адм блок'!AI7+'[23]Адм блок'!AI8+'[23]Адм блок'!AI9+'[23]Адм блок'!AI10+'[23]Адм блок'!AI11+'[23]Адм блок'!AI12 -> 24916650 | AI13: ='[23]Адм блок'!AJ7+'[23]Адм блок'!AJ8+'[23]Адм блок'!AJ9+'[23]Адм блок'!AJ10+'[23]Адм блок'!AJ11+'[23]Адм блок'!AJ12 -> 24916650 | AJ13: =AK13+AL13+AM13 -> 47818950 | AK13: ='[23]Адм блок'!AL7+'[23]Адм блок'!AL8+'[23]Адм блок'!AL9+'[23]Адм блок'!AL10+'[23]Адм блок'!AL11+'[23]Адм блок'!AL12 -> 15935650 | AL13: ='[23]Адм блок'!AM7+'[23]Адм блок'!AM8+'[23]Адм блок'!AM9+'[23]Адм блок'!AM10+'[23]Адм блок'!AM11+'[23]Адм блок'!AM12 -> 15935650 | AM13: ='[23]Адм блок'!AN7+'[23]Адм блок'!AN8+'[23]Адм блок'!AN9+'[23]Адм блок'!AN10+'[23]Адм блок'!AN11+'[23]Адм блок'!AN12 -> 15947650 | AN13: =C13+P13+AC13+AJ13 -> 298975800 | AP13: =D13+H13+L13+Q13+U13+Y13+AD13 -> 201323550 | AQ13: =E13+I13+M13+R13+V13+Z13+AE13 -> 206416609 | AR13: =AQ13-AP13 -> 5093059 | AS13: =IF(AP13=0,"----",AQ13/AP13*100) -> 102.52979
B15: Сервисный сбор | R15: 50638 | V15: 109396 | Z15: 80862 | AE15: 65948 | AQ15: =E15+I15+M15+R15+V15+Z15+AE15 -> 306844
B16: Итого | C16: =D16+H16+L16 -> 90231630 | D16: =SUM(D4:D10) -> 29979210 | E16: =SUM(E4:E10)+E15 -> 21121950 | F16: =E16-D16 -> -8857260 | G16: =IF(D16=0,"----",E16/D16*100) -> 70.455326 | H16: =SUM(H4:H10) -> 29979210 | I16: =SUM(I4:I10)+I15 -> 31322929 | J16: =I16-H16 -> 1343719 | K16: =IF(H16=0,"----",I16/H16*100) -> 104.48217 | L16: =SUM(L4:L10) -> 30273210 | M16: =SUM(M4:M10)+M15 -> 37227598 | N16: =M16-L16 -> 6954388 | O16: =IF(L16=0,"----",M16/L16*100) -> 122.97209 | P16: =Q16+U16+Y16 -> 125053709 | Q16: =SUM(Q4:Q10) -> 31046891 | R16: =SUM(R4:R10)+R15 -> 39326987 | S16: =R16-Q16 -> 8280096 | T16: =IF(Q16=0,"----",R16/Q16*100) -> 126.66965 | U16: =SUM(U4:U10) -> 33365911 | V16: =SUM(V4:V10)+V15 -> 42014290 | W16: =V16-U16 -> 8648379 | X16: =IF(U16=0,"----",V16/U16*100) -> 125.9198 | Y16: =SUM(Y4:Y10) -> 60640907 | Z16: =SUM(Z4:Z10)+Z15 -> 54669629 | AA16: =Z16-Y16 -> -5971278 | AB16: =IF(Y16=0,"----",Z16/Y16*100) -> 90.153053 | AC16: =AD16+AH16+AI16 -> 103998077 | AD16: =SUM(AD4:AD10) -> 34666027 | AE16: =SUM(AE4:AE10)+AE15 -> 40984078 | AF16: =AE16-AD16 -> 6318051 | AG16: =IF(AD16=0,"----",AE16/AD16*100) -> 118.22548 | AH16: =SUM(AH4:AH10) -> 34666025 | AI16: =SUM(AI4:AI10) -> 34666025 | AJ16: =AK16+AL16+AM16 -> 77019134 | AK16: =SUM(AK4:AK10) -> 25672713 | AL16: =SUM(AL4:AL10) -> 25672713 | AM16: =SUM(AM4:AM10) -> 25673708 | AN16: =AN4+AN5+AN7+AN8+AN9+AN10+AN6 -> 396302550 | AP16: =SUM(AP4:AP10) -> 249951366 | AQ16: =SUM(AQ4:AQ10)+AQ15 -> 266667461 | AR16: =AQ16-AP16 -> 16716095 | AS16: =IF(AP16=0,"----",AQ16/AP16*100) -> 106.68774

Sheet аморт 2026-2027
A2: Ежемесячный отчет по капитальным вложениям, курируемым СФ за январь-июль 2026 года | H2: 2026
F3: тыс.тенге | H3: Наименование проекта | I3: Оставшаяся сумма в 2026 году | J3: Срок амортизации | K3: Амортизационные отчисления в месяц | L3: Амортизационные отчисления в год
A4: № п/п | B4: Наименование категории/проекта | C4: План 2026, скорр. на май 2026 | D4: Факт январь-июль | E4: Отклонение | F4: Пояснения | H4: Капитальный ремонт защитных сооружений гражданской обороны Общества | I4: =C9-D9 -> 616870 | J4: 50 | K4: =I4/J4/12 -> 1028.1167 | L4: =K4*12 -> 12337.4
A5: I | B5: ОПТИМИЗАЦИЯ ЗАТРАТ | C5: =C6+C7 -> 813860.58 | D5: =D6 -> 0 | E5: =D5-C5 -> -813860.58 | H5: Пожарная безопасность | I5: =C11-D11 -> 299215.92 | J5: 10 | K5: =I5/J5/12 -> 2493.466 | L5: =K5*12 -> 29921.592
B6: Обесп-е передисл-ции сотрудн-в из БЦ Кайсар Плаза | C6: 652821 | D6: 0 | E6: =D6-C6 -> -652821 | G6: На амортизацию не влияет | H6: Капитализируемый ремонт ГС АН | I6: =C13-D13 -> 4642441.2 | J6: 50 | K6: =I6/J6/12 -> 7737.402 | L6: =K6*12 -> 92848.824
B7: Перевод об. Юж и Алм рег.с дизеля на газ | C7: 161039.58 | D7: 0 | E7: =D7-C7 -> -161039.58 | G7: На амортизацию не влияет | H7: Прочее строительство ГС АН | I7: =C14-D14 -> 6071 | J7: 50 | K7: =I7/J7/12 -> 10.118333 | L7: =K7*12 -> 121.42
A8: II | B8: ПРОЕКТЫ КАТЕГОРИИ LTO | C8: =C9 -> 616870 | D8: =D9 -> 0 | E8: =D8-C8 -> -616870 | H8: Приобретение ОС (ОЭЗиС) | I8: =C16-D16 -> 178271.07 | J8: 5 | K8: =I8/J8/12 -> 2971.1844 | L8: =K8*12 -> 35654.213
A9: 1. | B9: Капитальный ремонт защитных сооружений гражданской обороны Общества | C9: 616870 | D9: 0 | E9: =D9-C9 -> -616870 | L9: =SUM(L4:L8) -> 170883.45
A10: III | B10: ВСПОМОГАТЕЛЬНЫЕ ИНВЕСТИЦИИ | C10: =C11+C12 -> 5214421 | D10: =D11+D12 -> 88421.817 | E10: =D10-C10 -> -5125999.2
A11: 1 | B11: Пожарная безопасность | C11: 300000 | D11: =[24]zims9_07!D67/1000 -> 784.08 | E11: =D11-C11 -> -299215.92
A12: 2 | B12: Поддержание АХД активов 2026 | C12: =C13+C14+C15 -> 4914421 | D12: =D13+D14+D15 -> 87637.736 | E12: =D12-C12 -> -4826783.3
A13: 2.1 | B13: Капитализируемый ремонт ГС АН | C13: =1543929+3164421 -> 4708350 | D13: =[24]zims9_07!D128/1000 -> 65908.802 | E13: =D13-C13 -> -4642441.2 | H13: 2027
A14: 2.2 | B14: Прочее строительство ГС АН | C14: 6071 | D14: 0 | E14: =D14-C14 -> -6071 | H14: Наименование проекта | I14: Оставшаяся сумма в 2026 году | J14: Срок амортизации | K14: Амортизационные отчисления в месяц | L14: Амортизационные отчисления на 4 кв
A15: 2.3 | B15: Приобретение ОС | C15: =C16 -> 200000 | D15: =D16 -> 21728.935 | E15: =D15-C15 -> -178271.07 | H15: Замена ТС технического назначения | I15: 168137.93 | J15: 3 | K15: =I15/J15/12 -> 4670.4981 | L15: =K15*3 -> 14011.494
B16: ОЭЗиС | C16: 200000 | D16: =[24]zims9_06!H71/1000+[24]zims9_07!D73/1000 -> 21728.935 | E16: =D16-C16 -> -178271.07 | F16: см.расшифровку | H16: Замена ТС технического назначения | I16: 78489.656 | J16: 5 | K16: =I16/J16/12 -> 1308.1609 | L16: =K16*3 -> 3924.4828
B17: АХО | C17: 0 | D17: 0 | E17: =D17-C17 -> 0 | H17: Замена ТС технического назначения | I17: 4038156.2 | J17: 7 | K17: =I17/J17/12 -> 48073.288 | L17: =K17*3 -> 144219.86
B18: ИТОГО | C18: =C5+C8+C10 -> 6645151.6 | D18: =D10+D8 -> 88421.817 | E18: =D18-C18 -> -6556729.8 | H18: Замена ТС технического назначения | I18: 4466718.2 | J18: 10 | K18: =I18/J18/12 -> 37222.652 | L18: =K18*3 -> 111667.95
H19: Приобретение ОС (ОЭЗиС) | I19: =C27-D27 -> -1097 | J19: 5 | K19: =I19/J19/12 -> -18.283333 | L19: =K19*12 -> -219.4
A20: отчет zims9 + оценка | L20: =SUM(L15:L19) -> 273604.4
B21: Проекты | C21: Факт по проектам БКВ 2024
A22: 1 | B22: КР ПСС 2023 | C22: 229550.92
A23: 2 | B23: Капитализируемый ремонт и прочее стр-во ГС АН | C23: 279053.53
B24: По проектам прошлых лет | C24: план | D24: факт янв-июль | E24: откл | F24: Примечание
A25: IV | B25: КР ГС АН - РазрабПСД КРсан-быт здАТС7 ул.Турысова 5 | C25: 0 | D25: -410 | E25: =D25-C25 -> -410 | F25: уменьшение ЭСФ за декабрь 2025 | G25: В факте июля
B26: ДЦ приобр ОС (кроме мебели) | C26: 0 | D26: 5201 | E26: =D26-C26 -> 5201 | F26: см. расшифровку | G26: В факте июля
B27: Кресла для сотрудников | C27: 0 | D27: 1097 | E27: =D27-C27 -> 1097 | F27: Стоимость транспортных услуг по доставке ОС, передача из ДТК ТОО "Маккам" | G27: В факте июля
B28: КР ПСС 2023 - г.Уральск пр. Н.Назарбаева 186, ПСС г.Атырау ул.Абая, 6 | C28: 0 | D28: 15898 | E28: =D28-C28 -> 15898 | F28: По договору с ТОО "KazDorStroy LTD" от 16.01.2024 года. АВР от 31.12.2024. КР ПСС г. Уральск | G28: В факте июля
B29: Объемы АГПТ передаваемые СФ | C29: 0 | D29: =[24]zims9_05!F11/1000 -> 91275.689 | E29: =D29-C29 -> 91275.689 | F29: Переданы от ОДС по распоряжению ОДС №53 от 02.04.2026, см.приложения | G29: В факте июля
B30: Объемы АГПТ передаваемые СФ | C30: 0 | D30: =[24]zims9_05!F12/1000 -> 253038.41 | E30: =D30-C30 -> 253038.41 | G30: В факте июля
B31: Итого | C31: =SUM(C25:C30) -> 0 | D31: =SUM(D25:D30) -> 366100.1 | E31: =D31-C31 -> 366100.1
A33: отчет zims9 + оценка
A34: V | B34: Проекты | C34: Оценка 2025 | D34: Факт янв-июль 2026 | E34: Отклонение
A35: 1 | B35: Пожарная безопасность | C35: 72973 | D35: =[24]zims9_06!E13/1000 -> 72972.681 | E35: =D35-C35 -> -0.3187
A36: 2 | B36: Капитализируемый ремонт ГС АН | C36: 1079500 | D36: =[24]Оценка_2025!J62/1000 -> 900287.11 | E36: =D36-C36 -> -179212.89
A37: 3 | B37: Прочее стр-во ГС АН | C37: 8680 | D37: =[24]zims9_05!I15/1000 -> 3300 | E37: =D37-C37 -> -5380
A38: 4 | B38: Капитализируемый ремонт ГС ТН | C38: 47742.25 | D38: =[24]zims9_05!I28/1000 -> 47742.25 | E38: =D38-C38 -> 0
B39: Итого | C39: =SUM(C35:C38) -> 1208895.2 | D39: =SUM(D35:D38) -> 1024302 | E39: =SUM(E35:E38) -> -184593.21
E42: =E43-E44 -> 0.30923
E43: =D18++D31+D39 -> 1478824
D44: проверка | E44: =[24]zims9_07!H10/1000 -> 1478823.6
A45: Информация к отклонению оценки 2024
A47: По четырем проектам, при оценке в 2024 году в сумме 78 207 тыс. тенге фактические расходы, по состоянию на 31.05.2025 сложились на 9 657 тыс. тенге меньше
B48: Проект | C48: Оценка 2024
A49: 1 | B49: 1024143/2024/1 21.10.2024 КР Кровли Фасад Сауран 1 | C49: 47500
A50: 2 | B50: КР Панфиловского ЛТЦ Жаркент, АР | C50: 7809
A51: 3 | B51: КРАДМ Здание КПП УТО (АР) | C51: 16107
A52: 4 | B52: КР Сарканд-Аксуского ЛТЦ (АР) | C52: 6791
B53: ИТОГО | C53: =SUM(C49:C52) -> 78207
A55: По двум проектам при оценке в 2024 в сумме 31 325 тыс. тенге фактические затраты, по состоянию на 31.07.2025, составили на 3 783 тыс. тенге больше
B56: Проект | C56: Оценка 2024
A57: 1 | B57: 935691/2024/1 12.01.2024 КР СервисБюро Букетова 36 (СР) | C57: =[25]оценка_2024!G32/1000 -> 23832.65
A58: 2 | B58: КР складов г.Талдыкорган, ул.Акын Сара, ( АР) | C58: =[25]оценка_2024!G38/1000 -> 7492.4464
B59: Итого | C59: =SUM(C57:C58) -> 31325.096
A62: По одному проекту при оценке в 2024 в сумме 21 355 тыс. тенге фактические затраты, по состоянию на 31.08.2025, составили на 3 141 тыс. тенге меньше
B63: Проект | C63: Оценка 2024
A64: 1 | B64: КР СБ и санбыт пом в с. Жансугурова ул. (АР) | C64: =[25]оценка_2024!G39/1000 -> 21355.089
B65: Итого | C65: =SUM(C64:C64) -> 21355.089
A67: По четырем проектам при оценке в 2024 в сумме 33 769 тыс. тенге фактические затраты, по состоянию на 31.12.2025, составили 0 тыс. тенге
B68: Проект | C68: Оценка 2024 | D68: Примечание
A69: 1 | B69: КР ПСС г.Атырау, Абая 6 | C69: 8216 | D69: Договора с ТОО «KazDorStroy LTD» были расторгнуты 22.09.2025 из-за недобросовестности подрядчика . Сумма оценки по объекту г.Уральск пр Назарбаева,186- 7 682 т.тн., за фактически выполненные работы, на которые ТОО "KazDorStroy LTD" не предоставлены документы.
A70: 2 | B70: КР ПСС Кульсары Махамбет 211 | C70: 13871
A71: 3 | B71: КР ПСС г. Уральск Назарбаева 186 | C71: 7682
A72: 4 | B72: КР ПСС г.Риддер, ул.М.Ауэзова | C72: 4000 | D72: Договор о закупке услуг №927568/2024/1 от 18.01.2024 с подрядчиком ТОО «KazDorStroy LTD» был расторгнут СФ в одностороннем порядке, из-за нарушения сроков исполнения работ. Срок завершения работ по капитальному ремонту пункта сети сервиса в городе Риддер установлен по 16 июля 2024 года. 1 апреля 2025 года АО «Казахтелеком» направило в адрес ТОО «KazDorStroy LTD» уведомление об одностороннем отказе от договора наосновании подпункта 8.3.2. договора. В течение 2025 тянутся судебные тяжбы.
B73: Итого | C73: =SUM(C69:C72) -> 33769
B76: Проверка
C77: Итого
B81: Пояснения к проектам, по которым факт сложился меньше, чем оценка 2025
A82: V | B82: Проекты | C82: Оценка 2025 | D82: Факт янв 2026 | E82: Отклонение | F82: Примечание
A83: 1 | B83: КР ГС АН, Талгарский р-н с. Нура Инкарбека ЧС | C83: 3578 | D83: 3455 | E83: =D83-C83 -> -123 | F83: уменьшение СМР
A84: 2 | B84: КР ГС АН г. Кзылорда, ЦТО, водоснабжение Айтекиби 36 | C84: 12204 | D84: 8790 | E84: =D84-C84 -> -3414 | F84: уменьшение СМР
B85: Итого | C85: =SUM(C83:C84) -> 15782 | D85: =SUM(D83:D84) -> 12245 | E85: =SUM(E83:E84) -> -3537
L87: =L15+L16+L17+L18 -> 273823.8
K88: ИТОГО рост | L88: =L9+L87 -> 444707.25
K89: По существующим ОС и НМА | L89: 3870360
K90: ВСЕГО | L90: =L88+L89 -> 4315067.2

Sheet аморт Динамика
F2: 2025 | O2: 2026
B4: ОС | L4: ОС | U4: Оценка ОС 2026 | V4: =2450658+331152*4 -> 3775266
U5: Оценка НМА 2026 | V5: =30203+3775*4 -> 45303
U6: Итого | V6: =SUM(V4:V5) -> 3820569
U7: Оценка ОС 2027 по существующим ОС и НМА | V7: =332153*12+3775*12 -> 4031136
U8: Амортизация по проектам 2026 года, переходящая на 2027 | V8: 170883.45
U9: Амортизация по проектам 2027 года | V9: 273823.8
U10: Итого потребность на 2027 год | V10: =SUM(V7:V9) -> 4475843.2
B23: НМА | L23: НМА

Sheet ПНР
A1: тыс. тенге | B1: ='Форма ОБ 10092026'!$B$1 -> Сервисная фабрика
A9: № п/п | B9: Наименование показателей | C9: "з" - значения "ф" - формула | D9: 2026 | E9: =$D$9 -> 2026 | F9: =$D$9 -> 2026 | G9: =$D$9 -> 2026 | H9: =$D$9 -> 2026 | I9: =$D$9 -> 2026 | J9: =$D$9 -> 2026 | K9: =$D$9 -> 2026 | L9: =$D$9 -> 2026 | ... O9: =$D$9 -> 2026 | P9: 2027 | Q9: =$P$9 -> 2027 | R9: =$P$9 -> 2027 | S9: =$P$9 -> 2027 | T9: =$P$9 -> 2027 | U9: =$P$9 -> 2027 | V9: =$P$9 -> 2027 | W9: =$P$9 -> 2027 | X9: =$P$9 -> 2027 | ... AA9: =$P$9 -> 2027 | AB9: =AC9-1 -> 2025 | AC9: =$D$9 -> 2026 | AD9: =$P$9 -> 2027 | AE9: 2027 план к 2026 оценка | AF9: =AD9+1 -> 2028 | AG9: =AF9+1 -> 2029 | AH9: =AG9+1 -> 2030 | AI9: =AH9+1 -> 2031 | AJ9: Комментарии к помесячному тренду янв2026-дек2027 | AK9: Комментарии к годовому тренду 2025-2031
D10: факт | E10: факт | F10: факт | G10: факт | H10: факт | I10: факт | J10: факт | K10: оценка | L10: оценка | M10: оценка | N10: оценка | O10: оценка | P10: план | Q10: план | R10: план | S10: план | T10: план | U10: план | V10: план | W10: план | X10: план | Y10: план | Z10: план | AA10: план | AB10: факт | AC10: оценка | AD10: план | AF10: план | AG10: план | AH10: план | AI10: план
D11: январь | E11: февраль | F11: март | G11: апрель | H11: май | I11: июнь | J11: июль | K11: август | L11: сентябрь | M11: октябрь | N11: ноябрь | O11: декабрь | P11: январь | Q11: февраль | R11: март | S11: апрель | T11: май | U11: июнь | V11: июль | W11: август | X11: сентябрь | Y11: октябрь | Z11: ноябрь | AA11: декабрь | AB11: год | AC11: год | AD11: год | AF11: год | AG11: год | AH11: год | AI11: год
A12: 2.4.22 | B12: Прочие накладные расходы (расшифровать) | C12: ф | D12: =SUM(D13:D18) -> 9191 | E12: =SUM(E13:E18) -> 7334 | F12: =SUM(F13:F18) -> 16343 | G12: =SUM(G13:G18) -> 14415 | H12: =SUM(H13:H18) -> 20520 | I12: =SUM(I13:I18) -> 50394 | J12: =SUM(J13:J18) -> 35307 | K12: =SUM(K13:K18) -> 88844 | ... AD12: =SUM(AD13:AD18) -> 701862 | AE12: =AD12/AC12 -> 1.2804196 | AF12: =SUM(AF13:AF18) -> 736955.1 | AG12: =SUM(AG13:AG18) -> 773802.85 | AH12: =SUM(AH13:AH18) -> 812493 | AI12: =SUM(AI13:AI18) -> 853117.65
A13: 1. | B13: Регистрация, оформление, производственного автотранспорта | C13: з | F13: 1692 | G13: 1439 | H13: 142 | I13: 14 | K13: 114 | L13: 1148 | M13: 84 | N13: 234 | O13: 112 | P13: 195 | Q13: 0 | R13: 1972 | S13: 0 | T13: 939 | U13: 17 | V13: 0 | W13: 115 | X13: 0 | Y13: 134 | Z13: 0 | AA13: 1159 | AB13: 3554 | AC13: =SUM(D13:O13) -> 4979 | AD13: =SUM(P13:AA13) -> 4531 | AE13: =AD13/AC13 -> 0.91002209 | AF13: =AD13*1.05 -> 4757.55 | AG13: =AF13*1.05 -> 4995.4275 | AH13: =AG13*1.05 -> 5245.1989 | AI13: =AH13*1.05 -> 5507.4588
A14: 2. | B14: Доставка производственного персонала к месту производства работ, оформление пропусков для проезда в зоны ограниченного въезда, оплата проезда по мосту | C14: з | D14: 3844 | E14: 4234 | F14: 5150 | G14: 6026 | H14: 5407 | I14: 5138 | J14: 4545 | K14: 7337 | L14: 10129 | M14: 9536 | N14: 9265 | O14: 8645 | P14: 6080 | Q14: 6473 | R14: 6591 | S14: 6606 | T14: 6602 | U14: 6601 | V14: 6603 | W14: 6632 | X14: 6674 | Y14: 6716 | Z14: 6736 | AA14: 6942 | AB14: 51785 | AC14: =SUM(D14:O14) -> 79256 | AD14: =SUM(P14:AA14) -> 79256 | AE14: =AD14/AC14 -> 1 | AF14: =AD14*1.05 -> 83218.8 | AG14: =AF14*1.05 -> 87379.74 | AH14: =AG14*1.05 -> 91748.727 | AI14: =AH14*1.05 -> 96336.163
A15: 3. | B15: Бланки, канц.товары, хоз. Расходы и подписка для производства | C15: з | F15: 4319 | G15: 384 | H15: 11323 | I15: 12470 | J15: 20502 | K15: 57869 | L15: 20795 | M15: 17752 | N15: 19048 | O15: 17526 | P15: 0 | Q15: 252 | R15: 1694.2 | S15: 5986.2 | T15: 11126.825 | U15: 18469.325 | V15: 19474.825 | W15: 54612.325 | X15: 41005.825 | Y15: 21647.325 | Z15: 33216.825 | AA15: 30753.325 | AB15: 124498 | AC15: =SUM(D15:O15) -> 181988 | AD15: =SUM(P15:AA15) -> 238239 | AE15: =AD15/AC15 -> 1.3090918 | AF15: =AD15*1.05 -> 250150.95 | AG15: =AF15*1.05 -> 262658.5 | AH15: =AG15*1.05 -> 275791.42 | AI15: =AH15*1.05 -> 289580.99
A16: 4. | B16: Отчисления в пенсионные медецинские фонды страхования другим государствам (Киргизия, Россия) | C16: з | K16: 0 | L16: 0 | M16: 0 | N16: 0 | O16: 0 | AC16: =SUM(D16:O16) -> 0 | AD16: =SUM(P16:AA16) -> 0
A17: 5. | B17: Начисленные обязательства социального характера | C17: з | AC17: =SUM(D17:O17) -> 0 | AD17: =SUM(P17:AA17) -> 0
A18: 6. | B18: Другие производственные расходы (расшифровать) | C18: ф | D18: =SUM(D19:D116) -> 5347 | E18: =SUM(E19:E116) -> 3100 | F18: =SUM(F19:F116) -> 5182 | G18: =SUM(G19:G116) -> 6566 | H18: =SUM(H19:H116) -> 3648 | I18: =SUM(I19:I116) -> 32772 | J18: =SUM(J19:J116) -> 10260 | K18: =SUM(K19:K116) -> 23524 | ... AD18: =SUM(AD19:AD116) -> 379836 | AE18: =AD18/AC18 -> 1.3472849 | AF18: =SUM(AF19:AF116) -> 398827.8 | AG18: =SUM(AG19:AG116) -> 418769.19 | AH18: =SUM(AH19:AH116) -> 439707.65 | AI18: =SUM(AI19:AI116) -> 461693.03
A19: 6.1 | B19: Техосмотр транспортных средств | C19: з | D19: -1 | E19: 31 | F19: 1409 | G19: 1239 | H19: 85 | I19: 749 | J19: 1036 | K19: 329 | L19: =707+1000+1588 -> 3295 | M19: =2140+1000+201 -> 3341 | N19: =783+1000 -> 1783 | O19: 1512 | P19: 1071 | Q19: 4159 | R19: 3317 | S19: 1634 | T19: 585 | U19: 1993 | V19: 2770 | W19: 350 | X19: 140 | Y19: 402 | Z19: 693 | AA19: 1534 | AB19: 8690 | AC19: =SUM(D19:O19) -> 14808 | AD19: =SUM(P19:AA19) -> 18648 | AE19: =AD19/AC19 -> 1.2593193 | AF19: =AD19*1.05 -> 19580.4 | AG19: =AF19*1.05 -> 20559.42 | AH19: =AG19*1.05 -> 21587.391 | AI19: =AH19*1.05 -> 22666.761
A20: 6.2 | B20: GPS-мониторинг | C20: з | D20: -44 | E20: 0 | F20: 0 | G20: 0 | H20: 0 | I20: 0 | J20: 0 | P20: 720 | Q20: 722 | R20: 729 | S20: 720 | T20: 720 | U20: 721 | V20: 722 | W20: 722 | X20: 725 | Y20: 726 | Z20: 729 | AA20: 732 | AB20: 27455 | AC20: =SUM(D20:O20) -> -44 | AD20: =SUM(P20:AA20) -> 8688 | AE20: =AD20/AC20 -> -197.45455 | AF20: =AD20*1.05 -> 9122.4 | AG20: =AF20*1.05 -> 9578.52 | AH20: =AG20*1.05 -> 10057.446 | AI20: =AH20*1.05 -> 10560.318
A21: 6.3 | B21: Услуга платной дороги | C21: з | D21: 1747 | E21: 720 | F21: 660 | G21: 519 | H21: 680 | I21: 603 | J21: 683 | K21: 1719 | L21: =628+900 -> 1528 | M21: 628 | N21: =628+954 -> 1582 | O21: 804 | P21: 1360 | Q21: 1719 | R21: 1059 | S21: 819 | T21: 819 | U21: 854 | V21: 854 | W21: 824 | X21: 820 | Y21: 820 | Z21: 820 | AA21: 820 | AB21: 6026 | AC21: =SUM(D21:O21) -> 11873 | AD21: =SUM(P21:AA21) -> 11588 | AE21: =AD21/AC21 -> 0.97599596 | AF21: =AD21*1.05 -> 12167.4 | AG21: =AF21*1.05 -> 12775.77 | AH21: =AG21*1.05 -> 13414.559 | AI21: =AH21*1.05 -> 14085.286
A22: 6.4 | B22: Услуга по мойке автотранспорта/спецтехники | C22: з | D22: 0 | E22: -3 | F22: 0 | G22: 491 | H22: 385 | I22: 496 | J22: 693 | K22: 1287 | L22: =975+1000 -> 1975 | M22: =879+1000 -> 1879 | N22: =879+2331 -> 3210 | O22: 879 | P22: 692 | Q22: 1754 | R22: 1478 | S22: 931 | T22: 919 | U22: 931 | V22: 991 | W22: 1291 | X22: 980 | Y22: 884 | Z22: 884 | AA22: 884 | AB22: 1040 | AC22: =SUM(D22:O22) -> 11292 | AD22: =SUM(P22:AA22) -> 12619 | AE22: =AD22/AC22 -> 1.1175168 | AF22: =AD22*1.05 -> 13249.95 | AG22: =AF22*1.05 -> 13912.448 | AH22: =AG22*1.05 -> 14608.07 | AI22: =AH22*1.05 -> 15338.473
A23: 6.5 | B23: Обследование грузоподьемных механизмов | C23: з | D23: 0 | E23: 0 | F23: -62 | G23: 355 | H23: 500 | I23: 1015 | J23: 805 | K23: 2909 | L23: 0 | M23: 0 | N23: =0+697 -> 697 | O23: 1338 | P23: 0 | Q23: 0 | R23: 648 | S23: 900 | T23: 2040 | U23: 1100 | V23: 1980 | W23: 2250 | X23: 660 | Y23: 0 | Z23: 0 | AA23: 264 | AB23: 4380 | AC23: =SUM(D23:O23) -> 7557 | AD23: =SUM(P23:AA23) -> 9842 | AE23: =AD23/AC23 -> 1.3023687 | AF23: =AD23*1.05 -> 10334.1 | AG23: =AF23*1.05 -> 10850.805 | AH23: =AG23*1.05 -> 11393.345 | AI23: =AH23*1.05 -> 11963.013
A24: 6.6 | B24: Изгот.визит.,конвер.,табл.,печат.и пр. | C24: з | D24: 61 | E24: 0 | F24: 0 | G24: 0 | H24: 0 | I24: 102 | J24: -51 | K24: 0 | L24: 1188 | M24: 240 | N24: =1182+883 -> 2065 | O24: 3274 | P24: 0 | Q24: 5 | R24: 264 | S24: 605 | T24: 665 | U24: 2925 | V24: 692 | W24: 695 | X24: 695 | Y24: 696 | Z24: 637 | AA24: 638 | AB24: 3959 | AC24: =SUM(D24:O24) -> 6879 | AD24: =SUM(P24:AA24) -> 8517 | AE24: =AD24/AC24 -> 1.238116 | AF24: =AD24*1.05 -> 8942.85 | AG24: =AF24*1.05 -> 9389.9925 | AH24: =AG24*1.05 -> 9859.4921 | AI24: =AH24*1.05 -> 10352.467
A25: 6.7 | B25: Работы по изготовлению жалюзи/занавесок | C25: з | D25: 357 | E25: 2162 | F25: 0 | G25: 259 | H25: 325 | I25: 3216 | J25: 4773 | K25: =1226+2392 -> 3618 | L25: =1926+2448 -> 4374 | M25: 260 | N25: 668 | O25: 1726 | P25: 0 | Q25: 53 | R25: 117 | S25: 123 | T25: 4422 | U25: 8972 | V25: 4642 | W25: 4639 | X25: 4662 | Y25: 1028 | Z25: 10893 | AA25: 883 | AB25: 11211 | AC25: =SUM(D25:O25) -> 21738 | AD25: =SUM(P25:AA25) -> 40434 | AE25: =AD25/AC25 -> 1.8600607 | AF25: =AD25*1.05 -> 42455.7 | AG25: =AF25*1.05 -> 44578.485 | AH25: =AG25*1.05 -> 46807.409 | AI25: =AH25*1.05 -> 49147.78
A26: 6.8 | B26: Ремонт мебели | C26: з | D26: 3237 | E26: -1976 | F26: 0 | G26: 0 | H26: 0 | I26: 0 | J26: 0 | K26: -1 | L26: 0 | M26: 0 | N26: 0 | O26: 0 | AB26: 6619 | AC26: =SUM(D26:O26) -> 1260 | AD26: =SUM(P26:AA26) -> 0 | AE26: =AD26/AC26 -> 0 | AF26: =AD26*1.05 -> 0 | AG26: =AF26*1.05 -> 0 | AH26: =AG26*1.05 -> 0 | AI26: =AH26*1.05 -> 0
A27: 6.9 | B27: Усл.по взаим-ию посредством SMS-тех. | C27: з | D27: -860 | E27: 860 | F27: 659 | G27: 473 | H27: 473 | I27: 473 | J27: 252 | K27: =833+700 -> 1533 | L27: =833+700 -> 1533 | M27: =833+700 -> 1533 | N27: =833+700 -> 1533 | O27: =833+700 -> 1533 | AB27: 2606 | AC27: =SUM(D27:O27) -> 9995 | AD27: =SUM(P27:AA27) -> 0 | AE27: =AD27/AC27 -> 0 | AF27: =AD27*1.05 -> 0 | AG27: =AF27*1.05 -> 0 | AH27: =AG27*1.05 -> 0 | AI27: =AH27*1.05 -> 0
A28: 6.10 | B28: Переплет документов | C28: з | D28: 0 | E28: 0 | F28: 0 | G28: 0 | H28: 0 | I28: 0 | J28: 0 | K28: 0 | L28: 847 | M28: 100 | N28: =0+776 -> 776 | O28: 677 | P28: 0 | Q28: 0 | R28: 0 | S28: 0 | T28: 200 | U28: 2730 | V28: 0 | W28: 0 | X28: 0 | Y28: 0 | Z28: 0 | AA28: 0 | AB28: 308 | AC28: =SUM(D28:O28) -> 2400 | AD28: =SUM(P28:AA28) -> 2930 | AE28: =AD28/AC28 -> 1.2208333 | AF28: =AD28*1.05 -> 3076.5 | AG28: =AF28*1.05 -> 3230.325 | AH28: =AG28*1.05 -> 3391.8413 | AI28: =AH28*1.05 -> 3561.4333
A29: 6.11 | B29: Экспертное обследование | C29: з | D29: 0 | E29: 0 | F29: 0 | G29: 0 | H29: 0 | I29: 0 | J29: 0 | K29: =7500+4782 -> 12282 | L29: 0 | M29: =0+4781 -> 4781 | N29: 0 | O29: 0 | P29: 0 | Q29: 0 | R29: 0 | S29: 0 | T29: 0 | U29: 1350 | V29: 5400 | W29: 10800 | X29: 5400 | Y29: 1350 | Z29: 1350 | AA29: 0 | AB29: =4035+1 -> 4036 | AC29: =SUM(D29:O29) -> 17063 | AD29: =SUM(P29:AA29) -> 25650 | AE29: =AD29/AC29 -> 1.5032527 | AF29: =AD29*1.05 -> 26932.5 | AG29: =AF29*1.05 -> 28279.125 | AH29: =AG29*1.05 -> 29693.081 | AI29: =AH29*1.05 -> 31177.735
A30: 6.13 | B30: Информационно - консультационные услуги (ДВОУ) | C30: з | D30: 850 | E30: 450 | F30: 3372 | G30: 2400 | H30: 1200 | I30: 26025 | J30: 1690 | K30: 796 | L30: 796 | M30: =796+1789 -> 2585 | N30: =796+2128 -> 2924 | O30: 796 | AC30: =SUM(D30:O30) -> 43884 | AD30: =SUM(P30:AA30) -> 0 | AE30: =AD30/AC30 -> 0 | AF30: =AD30*1.05 -> 0 | AG30: =AF30*1.05 -> 0 | AH30: =AG30*1.05 -> 0 | AI30: =AH30*1.05 -> 0
A31: 6.14 | B31: Усл.по чистке промышленного обор-ния | C31: з | D31: 0 | E31: 0 | F31: 0 | G31: 0 | H31: 0 | I31: 0 | J31: 0 | L31: 3710 | AC31: =SUM(D31:O31) -> 3710 | AD31: =SUM(P31:AA31) -> 0 | AE31: =AD31/AC31 -> 0 | AF31: =AD31*1.05 -> 0 | AG31: =AF31*1.05 -> 0 | AH31: =AG31*1.05 -> 0 | AI31: =AH31*1.05 -> 0
A32: 6.15 | B32: Услуги информационные | C32: з | D32: 0 | E32: 0 | F32: 0 | G32: 0 | H32: 0 | I32: 0 | J32: 0 | K32: 0 | L32: 0 | M32: 0 | N32: 0 | O32: =160000-1789-2128-27071 -> 129012 | P32: 0 | Q32: 0 | R32: 0 | S32: 0 | T32: 0 | U32: 0 | V32: 0 | W32: 0 | X32: 0 | Y32: 0 | Z32: 0 | AA32: 160000 | AC32: =SUM(D32:O32) -> 129012 | AD32: =SUM(P32:AA32) -> 160000 | AE32: =AD32/AC32 -> 1.2401947 | AF32: =AD32*1.05 -> 168000 | AG32: =AF32*1.05 -> 176400 | AH32: =AG32*1.05 -> 185220 | AI32: =AH32*1.05 -> 194481
A33: 6.16 | B33: Усл.по изготовлению эскизного проекта | C33: з | D33: 0 | E33: 0 | F33: 0 | G33: 830 | H33: 0 | I33: 0 | J33: 0 | K33: -830 | AC33: =SUM(D33:O33) -> 0 | AD33: =SUM(P33:AA33) -> 0 | AF33: =AD33*1.05 -> 0 | AG33: =AF33*1.05 -> 0 | AH33: =AG33*1.05 -> 0 | AI33: =AH33*1.05 -> 0
A34: 6.17 | B34: Оценка автотранспортных средств | C34: з | D34: 0 | E34: 0 | F34: 0 | G34: 0 | H34: 0 | I34: 93 | J34: 379 | K34: -472 | AC34: =SUM(D34:O34) -> 0 | AD34: =SUM(P34:AA34) -> 0 | AF34: =AD34*1.05 -> 0 | AG34: =AF34*1.05 -> 0 | AH34: =AG34*1.05 -> 0 | AI34: =AH34*1.05 -> 0
A35: 6.18 | B35: Услуги по разработке документов | C35: з | D35: 0 | E35: 0 | F35: 0 | G35: 0 | H35: 0 | I35: 0 | J35: 0 | K35: 354 | L35: 23 | M35: 0 | N35: 0 | O35: 123 | P35: 0 | Q35: 0 | R35: 0 | S35: 0 | T35: 0 | U35: 0 | V35: 68760 | W35: 0 | X35: 0 | Y35: 0 | Z35: 0 | AA35: 0 | AC35: =SUM(D35:O35) -> 500 | AD35: =SUM(P35:AA35) -> 68760 | AE35: =AD35/AC35 -> 137.52 | AF35: =AD35*1.05 -> 72198 | AG35: =AF35*1.05 -> 75807.9 | AH35: =AG35*1.05 -> 79598.295 | AI35: =AH35*1.05 -> 83578.21
A36: 6.19 | B36: Проездные билеты | C36: з | D36: 0 | E36: 856 | F36: -856 | G36: 0 | H36: 0 | I36: 0 | J36: 0 | AC36: =SUM(D36:O36) -> 0 | AD36: =SUM(P36:AA36) -> 0 | AF36: =AD36*1.05 -> 0 | AG36: =AF36*1.05 -> 0 | AH36: =AG36*1.05 -> 0 | AI36: =AH36*1.05 -> 0
A37: 6.20 | B37: Обслуживание и ремонт авто | C37: з | AB37: -572 | AC37: =SUM(D37:O37) -> 0 | AD37: =SUM(P37:AA37) -> 0 | AF37: =AD37*1.05 -> 0 | AG37: =AF37*1.05 -> 0 | AH37: =AG37*1.05 -> 0 | AI37: =AH37*1.05 -> 0
A38: 6.21 | B38: Услуги по калибровке емкостей | C38: з | P38: 0 | Q38: 0 | R38: 0 | S38: 0 | T38: 0 | U38: 0 | V38: 160 | W38: 0 | X38: 0 | Y38: 0 | Z38: 0 | AA38: 0 | AC38: =SUM(D38:O38) -> 0 | AD38: =SUM(P38:AA38) -> 160 | AF38: =AD38*1.05 -> 168 | AG38: =AF38*1.05 -> 176.4 | AH38: =AG38*1.05 -> 185.22 | AI38: =AH38*1.05 -> 194.481
A39: 6.22 | B39: Услуги по сухой чистке жалюзи | C39: з | P39: 0 | Q39: 0 | R39: 0 | S39: 1200 | T39: 1200 | U39: 1200 | V39: 1200 | W39: 1200 | X39: 1200 | Y39: 1200 | Z39: 1200 | AA39: 2400 | AC39: =SUM(D39:O39) -> 0 | AD39: =SUM(P39:AA39) -> 12000 | AF39: =AD39*1.05 -> 12600 | AG39: =AF39*1.05 -> 13230 | AH39: =AG39*1.05 -> 13891.5 | AI39: =AH39*1.05 -> 14586.075
A40: 6.23 | C40: з | AC40: =SUM(D40:O40) -> 0 | AD40: =SUM(P40:AA40) -> 0
A41: 6.24 | C41: з | AC41: =SUM(D41:O41) -> 0 | AD41: =SUM(P41:AA41) -> 0
A42: 6.25 | C42: з | AC42: =SUM(D42:O42) -> 0 | AD42: =SUM(P42:AA42) -> 0
A43: 6.26 | C43: з | AC43: =SUM(D43:O43) -> 0 | AD43: =SUM(P43:AA43) -> 0
A44: 6.27 | C44: з | AC44: =SUM(D44:O44) -> 0 | AD44: =SUM(P44:AA44) -> 0
A45: 6.28 | C45: з | AC45: =SUM(D45:O45) -> 0 | AD45: =SUM(P45:AA45) -> 0
A46: 6.29 | C46: з | AC46: =SUM(D46:O46) -> 0 | AD46: =SUM(P46:AA46) -> 0
A47: 6.30 | C47: з | AC47: =SUM(D47:O47) -> 0 | AD47: =SUM(P47:AA47) -> 0
A48: 6.31 | C48: з | AC48: =SUM(D48:O48) -> 0 | AD48: =SUM(P48:AA48) -> 0
A49: 6.32 | C49: з | AC49: =SUM(D49:O49) -> 0 | AD49: =SUM(P49:AA49) -> 0
A50: 6.33 | C50: з | AC50: =SUM(D50:O50) -> 0 | AD50: =SUM(P50:AA50) -> 0
A51: 6.34 | C51: з | AC51: =SUM(D51:O51) -> 0 | AD51: =SUM(P51:AA51) -> 0
... A116: 6.99 | C116: з | AC116: =SUM(D116:O116) -> 0 | AD116: =SUM(P116:AA116) -> 0

Sheet ДОАР
A1: тыс. тенге | B1: ='Форма ОБ 10092026'!$B$1 -> Сервисная фабрика
A9: № п/п | B9: Наименование показателей | C9: "з" - значения "ф" - формула | D9: 2026 | E9: =$D$9 -> 2026 | F9: =$D$9 -> 2026 | G9: =$D$9 -> 2026 | H9: =$D$9 -> 2026 | I9: =$D$9 -> 2026 | J9: =$D$9 -> 2026 | K9: =$D$9 -> 2026 | L9: =$D$9 -> 2026 | ... O9: =$D$9 -> 2026 | P9: 2027 | Q9: =$P$9 -> 2027 | R9: =$P$9 -> 2027 | S9: =$P$9 -> 2027 | T9: =$P$9 -> 2027 | U9: =$P$9 -> 2027 | V9: =$P$9 -> 2027 | W9: =$P$9 -> 2027 | X9: =$P$9 -> 2027 | ... AA9: =$P$9 -> 2027 | AB9: =AC9-1 -> 2025 | AC9: =$D$9 -> 2026 | AD9: =$P$9 -> 2027 | AF9: =AD9+1 -> 2028 | AG9: =AF9+1 -> 2029 | AH9: =AG9+1 -> 2030 | AI9: =AH9+1 -> 2031 | AJ9: Комментарии к помесячному тренду янв2026-дек2027 | AK9: Комментарии к годовому тренду 2025-2031
D10: факт | E10: факт | F10: факт | G10: факт | H10: факт | I10: факт | J10: факт | K10: оценка | L10: оценка | M10: оценка | N10: оценка | O10: оценка | P10: план | Q10: план | R10: план | S10: план | T10: план | U10: план | V10: план | W10: план | X10: план | Y10: план | Z10: план | AA10: план | AB10: факт | AC10: оценка | AD10: план | AF10: план | AG10: план | AH10: план | AI10: план
D11: январь | E11: февраль | F11: март | G11: апрель | H11: май | I11: июнь | J11: июль | K11: август | L11: сентябрь | M11: октябрь | N11: ноябрь | O11: декабрь | P11: январь | Q11: февраль | R11: март | S11: апрель | T11: май | U11: июнь | V11: июль | W11: август | X11: сентябрь | Y11: октябрь | Z11: ноябрь | AA11: декабрь | AB11: год | AC11: год | AD11: год | AF11: год | AG11: год | AH11: год | AI11: год
A12: 4.1.21 | B12: Другие общие и административные расходы (расшифровать) | C12: ф | D12: =SUM(D13:D14,D28,D37:D56) -> 10331 | E12: =SUM(E13:E14,E28,E37:E56) -> 43944 | F12: =SUM(F13:F14,F28,F37:F56) -> 70623 | G12: =SUM(G13:G14,G28,G37:G56) -> 29517 | H12: =SUM(H13:H14,H28,H37:H56) -> 23470 | I12: =SUM(I13:I14,I28,I37:I56) -> 82373 | J12: =SUM(J13:J14,J28,J37:J56) -> 62839 | K12: =SUM(K13:K14,K28,K37:K56) -> 61637 | ... AD12: =SUM(AD13:AD14,AD28,AD37:AD56) -> 1113099 | AE12: =AD12-AC12 -> 355189.27 | AF12: =SUM(AF13:AF14,AF28,AF37:AF56) -> 1143726.1 | AG12: =SUM(AG13:AG14,AG28,AG37:AG56) -> 1175272 | AH12: =SUM(AH13:AH14,AH28,AH37:AH56) -> 1207764.4 | AI12: =SUM(AI13:AI14,AI28,AI37:AI56) -> 1241231.4
A13: 1 | B13: Регистрация, оформление, служебного легкового автотранспорта | C13: з | J13: 2 | AB13: 1 | AC13: =SUM(D13:O13) -> 2 | AD13: =SUM(P13:AA13) -> 0 | AE13: =AD13-AC13 -> -2
A14: 2 | B14: Консультационные услуги, в т.ч. | C14: ф | D14: =SUM(D15:D27) -> 0 | E14: =SUM(E15:E27) -> 0 | F14: =SUM(F15:F27) -> 0 | G14: =SUM(G15:G27) -> 0 | H14: =SUM(H15:H27) -> 0 | I14: =SUM(I15:I27) -> 0 | J14: =SUM(J15:J27) -> 0 | K14: =SUM(K15:K27) -> 0 | ... AB14: =SUM(AB15:AB27) -> 0 | AC14: =SUM(D14:O14) -> 0 | AD14: =SUM(P14:AA14) -> 0 | AE14: =AD14-AC14 -> 0 | AF14: =SUM(AF15:AF27) -> 0 | AG14: =SUM(AG15:AG27) -> 0 | AH14: =SUM(AH15:AH27) -> 0 | AI14: =SUM(AI15:AI27) -> 0
A15: 2.1. | B15: налоговые консультационные услуги, в т.ч. налоговый аудит | C15: з | AC15: =SUM(D15:O15) -> 0 | AD15: =SUM(P15:AA15) -> 0 | AE15: =AD15-AC15 -> 0
